Workbook

Sheet ppt-a-pct-b-pct
A1: A%及B%
B3: A% | C3: B%
B4: 12月 | C4: 2022年12月 | D4: 2021年12月
A5: 總體 | B5: 0.02 | C5: =O9 -> 0 | D5: 0.88
A6: A | B6: 0.02 | C6: =INDEX($O$120:$O$124,MATCH(F6,$L$120:$L$124,0)) -> #N/A | D6: 0.99
A7: B | B7: 0.04 | C7: =INDEX($O$120:$O$124,MATCH(F7,$L$120:$L$124,0)) -> #N/A | D7: 0.88
A8: C | B8: 0.03 | C8: =INDEX($O$120:$O$124,MATCH(F8,$L$120:$L$124,0)) -> #N/A | D8: 0.96
A9: D | B9: 0.02 | C9: =INDEX($O$120:$O$124,MATCH(F9,$L$120:$L$124,0)) -> #N/A | D9: 0.59
A10: E | B10: 0.02 | C10: =O10 -> 0 | D10: 0.94

Sheet ppt-mth-bal-cont
A1: 2022年12月個人收入及支出(續)
A3: (HK$’000) | C3: 與上月比較 | E3: +/(-)
C4: 2022年12月 | D4: 2022年11月 | E4: %
A5: Private Exp K | C5: \K103 | D5: \L103 | E5: \M103
A6: \J96 | C6: \K104 | D6: \L104 | E6: \M104
A7: \J97 | C7: \K105 | D7: \L105 | E7: \M105
A8: Others | C8: \K106 | D8: \L106 | E8: \M106
C9: \SUM(B83:B93)+SUM(C102:C106) | D9: \SUM(C83:C93)+SUM(D102:D106) | E9: \M107

Sheet ppt-mth-bal
A1: 2022年12月個人收入及支出
A3: (HK$’000) | B3: 與上月比較 | D3: +/(-)
B4: 2022年12月 | C4: 2022年11月 | D4: %
A5: \J81 | B5: 8 | C5: 8 | D5: -
A7: \J83 | B7: \K83 | C7: \L83 | D7: \M83
A8: \J84 | B8: \K84 | C8: \L84 | D8: \M84
A9: \J85 | B9: \K85 | C9: \L85 | D9: \M85
A10: \J86 | B10: \K86 | C10: \L86 | D10: \M86
A11: \J87 | B11: \K87 | C11: \L87 | D11: \M87
A12: \J88 | B12: \K88 | C12: \L88 | D12: \M88
A13: \J89 | B13: \K89 | C13: \L89 | D13: \M89
A14: \J90 | B14: \K90 | C14: \L90 | D14: \M90
A15: \J91 | B15: \K91 | C15: \L91 | D15: \M91
A16: \J94 | B16: \K94 | C16: \L94 | D16: \M94

Sheet ppt-spent-cont
A1: 營運支出(續)
A3: (HK$’000) | B3: 與上月比較 | D3: +/(-)
B4: 2022年12月 | C4: 2022年11月 | D4: %
A5: Exp A | B5: \K50 | C5: \L50 | D5: \M50
A6: Exp B | B6: \K51 | C6: \L51 | D6: \M51
A7: Exp C | B7: \K52 | C7: \L52 | D7: \M52
A8: Exp D | B8: \K53 | C8: \L53 | D8: \M53
A9: Exp E | B9: \K54 | C9: \L54 | D9: \M54
A10: Exp F | B10: \K55 | C10: \L55 | D10: \M55
A11: Exp G | B11: \K56 | C11: \L56 | D11: \M56
A12: Exp H | B12: \K57 | C12: \L57 | D12: \M57
A13: Exp I | B13: \K58 | C13: \L58 | D13: \M58

Sheet ppt-spent
A1: 營運支出
A3: (HK$’000) | B3: 與上月比較 | D3: +/(-)
B4: 2022年12月 | C4: 2022年11月 | D4: %
A5: Exp A | B5: \K50 | C5: \L50 | D5: \M50
A6: Exp B | B6: \K51 | C6: \L51 | D6: \M51
A7: Exp C | B7: \K52 | C7: \L52 | D7: \M52
A8: Exp D | B8: \K53 | C8: \L53 | D8: \M53
A9: Exp E | B9: \K54 | C9: \L54 | D9: \M54
A10: Exp F | B10: \K55 | C10: \L55 | D10: \M55
A11: Exp G | B11: \K56 | C11: \L56 | D11: \M56
A12: Exp H | B12: \K57 | C12: \L57 | D12: \M57
A13: Exp I | B13: \K58 | C13: \L58 | D13: \M58

Sheet ppt-mth-income
A1: 2022年12月份收入
A3: (HK$’000) | C3: 與上月比較 | E3: +/(-) | G3: 年度止 | I3: +/(-)
C4: 2022年 | D4: 2022年 | E4: % | G4: 2022年 | H4: 2021年 | I4: %
C5: 12月 | D5: 11月 | G5: 4-12月 | H5: 4-12月
A6: \'Exp_Co (YTD)'!B8 | C6: \'Exp_Co (MTM)'!O8 | D6: \'Exp_Co (MTM)'!R8 | E6: \ROUND('Exp_Co (MTM)'!AS8,2) | G6: \'Exp_Co (YTD)'!R9 | H6: \'Exp_Co (YTD)'!AG9 | I6: \ROUND('Exp_Co (YTD)'!AK9,2)
A7: \'Exp_Co (YTD)'!B9 | C7: \'Exp_Co (MTM)'!O7 | D7: \'Exp_Co (MTM)'!R7 | E7: \ROUND('Exp_Co (MTM)'!AS7,2) | G7: \'Exp_Co (YTD)'!R8 | H7: \'Exp_Co (YTD)'!AG8 | I7: \ROUND('Exp_Co (YTD)'!AK8,2)
A8: \'Exp_Co (YTD)'!B10 | C8: \'Exp_Co (MTM)'!O9 | D8: \'Exp_Co (MTM)'!R9 | E8: \ROUND('Exp_Co (MTM)'!AS9,2) | G8: \'Exp_Co (YTD)'!R10 | H8: \'Exp_Co (YTD)'!AG10 | I8: \ROUND('Exp_Co (YTD)'!AK10,2)
A9: \'Exp_Co (YTD)'!B11 | C9: \'Exp_Co (MTM)'!O11 | D9: \'Exp_Co (MTM)'!R11 | E9: \ROUND('Exp_Co (MTM)'!AS11,2) | G9: \'Exp_Co (YTD)'!R12 | H9: \'Exp_Co (YTD)'!AG12 | I9: \ROUND('Exp_Co (YTD)'!AK12,2)
A10: \'Exp_Co (YTD)'!B12 | C10: \'Exp_Co (MTM)'!O10 | D10: \'Exp_Co (MTM)'!R10 | E10: \ROUND('Exp_Co (MTM)'!AS10,2) | G10: \'Exp_Co (YTD)'!R11 | H10: \'Exp_Co (YTD)'!AG11 | I10: \ROUND('Exp_Co (YTD)'!AK11,2)
C11: \'Exp_Co (MTM)'!O12 | D11: \'Exp_Co (MTM)'!R12 | E11: \ROUND('Exp_Co (MTM)'!AS12,2) | G11: \SUM(G31:G35) | H11: \SUM(H31:H35) | I11: \ROUND('Exp_Co (YTD)'!AK13,2)
A12: 其他收入(註4) | C12: \'Exp_Co (MTM)'!O16 | D12: \'Exp_Co (MTM)'!R16 | E12: \ROUND('Exp_Co (MTM)'!AS16,2) | G12: \'Exp_Co (YTD)'!R17 | H12: \'Exp_Co (YTD)'!AG17 | I12: \ROUND('Exp_Co (YTD)'!AK17,2)
C13: \C36+C37 | D13: \D36+D37 | E13: \ROUND('Exp_Co (MTM)'!AS17,2) | G13: \G36+G37 | H13: \H36+H37 | I13: \ROUND('Exp_Co (YTD)'!AK18,2)
A14: Nov'22
A15: 註1:
A16: 註2:
A17: 註3:

Sheet ppt-mth-oper-balance
A1: 2022年12月份營運收支表
A3: (HK$’000) | C3: 與上月比較 | E3: +/(-) | G3: 年度止 | I3: +/(-)
C4: 2022年 | D4: 2022年 | E4: % | G4: 2022年 | H4: 2021年 | I4: %
C5: 12月 | D5: 11月 | G5: 4-12月 | H5: 4-12月
A6: 收入 | C6: ='Exp_Co (MTM)'!O17 -> 7 | D6: ='Exp_Co (MTM)'!R17 -> 7 | E6: =ROUND('Exp_Co (MTM)'!AS17,2) -> 0 | G6: ='Exp_Co (YTD)'!R18 -> 63 | H6: ='Exp_Co (YTD)'!AG18 -> 62 | I6: =ROUND('Exp_Co (YTD)'!AK18,2) -> 0.02
A7: 其他收入 | C7: ='Exp_Co (MTM)'!O22 -> 3 | D7: ='Exp_Co (MTM)'!R22 -> 3 | E7: =ROUND('Exp_Co (MTM)'!AS22,2) -> 0 | G7: ='Exp_Co (YTD)'!R23 -> 27 | H7: ='Exp_Co (YTD)'!AG23 -> 21 | I7: =ROUND('Exp_Co (YTD)'!AK23,2) -> 0.29
A8: 總營運收入 | C8: =C11+C12 -> -1 | D8: =D11+D12 -> -1 | E8: =ROUND('Exp_Co (MTM)'!AS24,2) -> 0 | G8: ='Exp_Co (YTD)'!R25 -> 90 | H8: ='Exp_Co (YTD)'!AG25 -> 83 | I8: =ROUND('Exp_Co (YTD)'!AK25,2) -> 0.08
A9: 營運支出(註2) | C9: =-'Exp_Co (MTM)'!O39 -> -127 | D9: =-'Exp_Co (MTM)'!R39 -> -20 | E9: =ROUND('Exp_Co (MTM)'!AS39,2) -> 5.35 | G9: =-'Exp_Co (YTD)'!R39 -> -196 | H9: =-'Exp_Co (YTD)'!AG39 -> -108 | I9: =ROUND('Exp_Co (YTD)'!AK39,2) -> 0.81
A10: 營運盈餘 | C10: =C13+C14 -> 0 | D10: =D13+D14 -> 0 | E10: =ROUND('Exp_Co (MTM)'!AS41,2) -> 10.7 | G10: ='Exp_Co (YTD)'!R41 -> -106 | H10: ='Exp_Co (YTD)'!AG41 -> -25 | I10: =ROUND('Exp_Co (YTD)'!AK41,2) -> 3.24
A12: ='Exp_Co (YTD)'!B37 -> Exp K | C12: =-'Exp_Co (MTM)'!O43 -> -1 | D12: =-'Exp_Co (MTM)'!R43 -> -1 | E12: =ROUND('Exp_Co (MTM)'!AS43,2) -> 0 | G12: =-'Exp_Co (YTD)'!R43 -> -9 | H12: =-'Exp_Co (YTD)'!AG43 -> -9 | I12: =ROUND('Exp_Co (YTD)'!AK43,2) -> 0
A14: 註1:
A16: 註2:

Sheet Power point
K1: B | L1: C | M1: D | N1: E | O1: F | P1: G | Q1: H | V1: B | W1: C | X1: D | Y1: E | Z1: F | AA1: G | AB1: H
C5: ='Exp_Co (MTM)'!O5 -> 12月 | D5: ='Exp_Co (MTM)'!R5 -> 11月 | L5: ='Exp_Co (MTM)'!O5 -> 12月 | M5: ='Exp_Co (MTM)'!R5 -> 11月
A6: PP2 | C6: V>S>O | D6: Y>V>R | L6: V>S>O | M6: Y>V>R | P6: column unchange | Q6: column unchange
A7: 2022年12月份營運收支表 | G7: column unchange | H7: OK
A8: (HK$’000) | C8: 與上月比較 | E8: +/(-) | G8: 年度止 | I8: +/(-)
C9: 2022年 | D9: 2022年 | E9: % | G9: 2022年 | H9: 2021年 | I9: %
C10: 12月 | D10: 11月 | G10: 4-12月 | H10: 4-12月
A11: 收入 | C11: ='Exp_Co (MTM)'!O17 -> 7 | D11: ='Exp_Co (MTM)'!R17 -> 7 | E11: =ROUND('Exp_Co (MTM)'!AS17,2) -> 0 | G11: ='Exp_Co (YTD)'!R18 -> 63 | H11: ='Exp_Co (YTD)'!AG18 -> 62 | I11: =ROUND('Exp_Co (YTD)'!AK18,2) -> 0.02 | L11: ='Exp_Co (MTM)'!O17 -> 7 | M11: ='Exp_Co (MTM)'!R17 -> 7 | N11: =ROUND((L11-M11)/M11,2) -> 0 | P11: =G11 -> 63 | Q11: =H11 -> 62 | R11: =ROUND((P11-Q11)/Q11,2) -> 0.02 | W11: =IF(IF(L11="-",0,L11)=IF(C11="-",0,C11),"OK","CHECK") -> OK | X11: =IF(IF(M11="-",0,M11)=IF(D11="-",0,D11),"OK","CHECK") -> OK | Y11: =IF(IF(N11="-",0,N11)=IF(E11="-",0,E11),"OK","CHECK") -> OK | Z11: =IF(IF(O11="-",0,O11)=IF(F11="-",0,F11),"OK","CHECK") -> OK | AA11: =IF(IF(P11="-",0,P11)=IF(G11="-",0,G11),"OK","CHECK") -> OK | AB11: =IF(IF(Q11="-",0,Q11)=IF(H11="-",0,H11),"OK","CHECK") -> OK | AC11: =IF(IF(R11="-",0,R11)=IF(I11="-",0,I11),"OK","CHECK") -> OK
A12: 其他收入 | C12: ='Exp_Co (MTM)'!O22 -> 3 | D12: ='Exp_Co (MTM)'!R22 -> 3 | E12: =ROUND('Exp_Co (MTM)'!AS22,2) -> 0 | G12: ='Exp_Co (YTD)'!R23 -> 27 | H12: ='Exp_Co (YTD)'!AG23 -> 21 | I12: =ROUND('Exp_Co (YTD)'!AK23,2) -> 0.29 | L12: ='Exp_Co (MTM)'!O22 -> 3 | M12: ='Exp_Co (MTM)'!R22 -> 3 | N12: =ROUND((L12-M12)/M12,2) -> 0 | P12: =G12 -> 27 | Q12: =H12 -> 21 | R12: =ROUND((P12-Q12)/Q12,2) -> 0.29 | W12: =IF(IF(L12="-",0,L12)=IF(C12="-",0,C12),"OK","CHECK") -> OK | X12: =IF(IF(M12="-",0,M12)=IF(D12="-",0,D12),"OK","CHECK") -> OK | Y12: =IF(IF(N12="-",0,N12)=IF(E12="-",0,E12),"OK","CHECK") -> OK | Z12: =IF(IF(O12="-",0,O12)=IF(F12="-",0,F12),"OK","CHECK") -> OK | AA12: =IF(IF(P12="-",0,P12)=IF(G12="-",0,G12),"OK","CHECK") -> OK | AB12: =IF(IF(Q12="-",0,Q12)=IF(H12="-",0,H12),"OK","CHECK") -> OK | AC12: =IF(IF(R12="-",0,R12)=IF(I12="-",0,I12),"OK","CHECK") -> OK
A13: 總營運收入 | C13: =C11+C12 -> 10 | D13: =D11+D12 -> 10 | E13: =ROUND('Exp_Co (MTM)'!AS24,2) -> 0 | G13: ='Exp_Co (YTD)'!R25 -> 90 | H13: ='Exp_Co (YTD)'!AG25 -> 83 | I13: =ROUND('Exp_Co (YTD)'!AK25,2) -> 0.08 | L13: ='Exp_Co (MTM)'!O24 -> 10 | M13: ='Exp_Co (MTM)'!R24 -> 10 | N13: =ROUND((L13-M13)/M13,2) -> 0 | P13: =G11+G12 -> 90 | Q13: =H11+H12 -> 83 | R13: =ROUND((P13-Q13)/Q13,2) -> 0.08 | W13: =IF(IF(L13="-",0,L13)=IF(C13="-",0,C13),"OK","CHECK") -> OK | X13: =IF(IF(M13="-",0,M13)=IF(D13="-",0,D13),"OK","CHECK") -> OK | Y13: =IF(IF(N13="-",0,N13)=IF(E13="-",0,E13),"OK","CHECK") -> OK | Z13: =IF(IF(O13="-",0,O13)=IF(F13="-",0,F13),"OK","CHECK") -> OK | AA13: =IF(IF(P13="-",0,P13)=IF(G13="-",0,G13),"OK","CHECK") -> OK | AB13: =IF(IF(Q13="-",0,Q13)=IF(H13="-",0,H13),"OK","CHECK") -> OK | AC13: =IF(IF(R13="-",0,R13)=IF(I13="-",0,I13),"OK","CHECK") -> OK
A14: 營運支出(註2) | C14: =-'Exp_Co (MTM)'!O39 -> -127 | D14: =-'Exp_Co (MTM)'!R39 -> -20 | E14: =ROUND('Exp_Co (MTM)'!AS39,2) -> 5.35 | G14: =-'Exp_Co (YTD)'!R39 -> -196 | H14: =-'Exp_Co (YTD)'!AG39 -> -108 | I14: =ROUND('Exp_Co (YTD)'!AK39,2) -> 0.81 | L14: =-'Exp_Co (MTM)'!O39 -> -127 | M14: =-'Exp_Co (MTM)'!R39 -> -20 | N14: =ROUND((L14-M14)/M14,2) -> 5.35 | P14: =G14 -> -196 | Q14: =H14 -> -108 | R14: =ROUND((P14-Q14)/Q14,2) -> 0.81 | W14: =IF(IF(L14="-",0,L14)=IF(C14="-",0,C14),"OK","CHECK") -> OK | X14: =IF(IF(M14="-",0,M14)=IF(D14="-",0,D14),"OK","CHECK") -> OK | Y14: =IF(IF(N14="-",0,N14)=IF(E14="-",0,E14),"OK","CHECK") -> OK | Z14: =IF(IF(O14="-",0,O14)=IF(F14="-",0,F14),"OK","CHECK") -> OK | AA14: =IF(IF(P14="-",0,P14)=IF(G14="-",0,G14),"OK","CHECK") -> OK | AB14: =IF(IF(Q14="-",0,Q14)=IF(H14="-",0,H14),"OK","CHECK") -> OK | AC14: =IF(IF(R14="-",0,R14)=IF(I14="-",0,I14),"OK","CHECK") -> OK
A15: 營運盈餘 | C15: =C13+C14 -> -117 | D15: =D13+D14 -> -10 | E15: =ROUND('Exp_Co (MTM)'!AS41,2) -> 10.7 | G15: ='Exp_Co (YTD)'!R41 -> -106 | H15: ='Exp_Co (YTD)'!AG41 -> -25 | I15: =ROUND('Exp_Co (YTD)'!AK41,2) -> 3.24 | L15: ='Exp_Co (MTM)'!O41 -> -117 | M15: ='Exp_Co (MTM)'!R41 -> -10 | N15: =ROUND((L15-M15)/M15,2) -> 10.7 | P15: =G13+G14 -> -106 | Q15: =H13+H14 -> -25 | R15: =ROUND((P15-Q15)/Q15,2) -> 3.24 | W15: =IF(IF(L15="-",0,L15)=IF(C15="-",0,C15),"OK","CHECK") -> OK | X15: =IF(IF(M15="-",0,M15)=IF(D15="-",0,D15),"OK","CHECK") -> OK | Y15: =IF(IF(N15="-",0,N15)=IF(E15="-",0,E15),"OK","CHECK") -> OK | Z15: =IF(IF(O15="-",0,O15)=IF(F15="-",0,F15),"OK","CHECK") -> OK | AA15: =IF(IF(P15="-",0,P15)=IF(G15="-",0,G15),"OK","CHECK") -> OK | AB15: =IF(IF(Q15="-",0,Q15)=IF(H15="-",0,H15),"OK","CHECK") -> OK | AC15: =IF(IF(R15="-",0,R15)=IF(I15="-",0,I15),"OK","CHECK") -> OK
A17: ='Exp_Co (YTD)'!B43 -> 還本金 | C17: =-'Exp_Co (MTM)'!O43 -> -1 | D17: =-'Exp_Co (MTM)'!R43 -> -1 | E17: =ROUND('Exp_Co (MTM)'!AS43,2) -> 0 | G17: =-'Exp_Co (YTD)'!R43 -> -9 | H17: =-'Exp_Co (YTD)'!AG43 -> -9 | I17: =ROUND('Exp_Co (YTD)'!AK43,2) -> 0 | L17: =-'Exp_Co (MTM)'!O43 -> -1 | M17: =-'Exp_Co (MTM)'!R43 -> -1 | N17: =ROUND((L17-M17)/M17,2) -> 0 | P17: =G17 -> -9 | Q17: =H17 -> -9 | R17: =ROUND((P17-Q17)/Q17,2) -> 0 | W17: =IF(IF(L17="-",0,L17)=IF(C17="-",0,C17),"OK","CHECK") -> OK | X17: =IF(IF(M17="-",0,M17)=IF(D17="-",0,D17),"OK","CHECK") -> OK | Y17: =IF(IF(N17="-",0,N17)=IF(E17="-",0,E17),"OK","CHECK") -> OK | Z17: =IF(IF(O17="-",0,O17)=IF(F17="-",0,F17),"OK","CHECK") -> OK | AA17: =IF(IF(P17="-",0,P17)=IF(G17="-",0,G17),"OK","CHECK") -> OK | AB17: =IF(IF(Q17="-",0,Q17)=IF(H17="-",0,H17),"OK","CHECK") -> OK | AC17: =IF(IF(R17="-",0,R17)=IF(I17="-",0,I17),"OK","CHECK") -> OK
A18: Nov'22
A19: 註1: | L19: =#REF! -> #REF! | M19: =#REF! -> #REF! | O19: =#REF! -> #REF!
J20: Change amount, check the row height | L20: =#REF! -> #REF! | M20: =#REF! -> #REF! | O20: =#REF! -> #REF!
A21: 註2: | J21: Refer Aug'22
D25: OK
A26: PP3 | B26: OK | C26: !V>!S | D26: !Y>!V>!R
A27: 2022年12月份收入 | G27: column unchange | H27: OK | AD27: =A26 -> PP3
A28: (HK$’000) | C28: 與上月比較 | E28: +/(-) | G28: 年度止 | I28: +/(-)
C29: 2022年 | D29: 2022年 | E29: % | G29: 2022年 | H29: 2021年 | I29: %
C30: 12月 | D30: 11月 | G30: 4-12月 | H30: 4-12月
A31: \'Exp_Co (YTD)'!B8 | C31: \'Exp_Co (MTM)'!O8 | D31: \'Exp_Co (MTM)'!R8 | E31: \ROUND('Exp_Co (MTM)'!AS8,2) | G31: \'Exp_Co (YTD)'!R9 | H31: \'Exp_Co (YTD)'!AG9 | I31: \ROUND('Exp_Co (YTD)'!AK9,2) | J31: 註1: | L31: =C31 -> \'Exp_Co (MTM)'!O8 | M31: =D31 -> \'Exp_Co (MTM)'!R8 | N31: =ROUND((L31-M31)/M31,2) -> #VALUE! | P31: =G31 -> \'Exp_Co (YTD)'!R9 | Q31: =H31 -> \'Exp_Co (YTD)'!AG9 | R31: =ROUND((P31-Q31)/Q31,2) -> #VALUE! | W31: =IF(IF(L31="-",0,L31)=IF(C31="-",0,C31),"OK","CHECK") -> OK | X31: =IF(IF(M31="-",0,M31)=IF(D31="-",0,D31),"OK","CHECK") -> OK | Y31: =IF(IF(N31="-",0,N31)=IF(E31="-",0,E31),"OK","CHECK") -> #VALUE! | Z31: =IF(IF(O31="-",0,O31)=IF(F31="-",0,F31),"OK","CHECK") -> OK | AA31: =IF(IF(P31="-",0,P31)=IF(G31="-",0,G31),"OK","CHECK") -> OK | AB31: =IF(IF(Q31="-",0,Q31)=IF(H31="-",0,H31),"OK","CHECK") -> OK | AC31: =IF(IF(R31="-",0,R31)=IF(I31="-",0,I31),"OK","CHECK") -> #VALUE!
A32: \'Exp_Co (YTD)'!B9 | C32: \'Exp_Co (MTM)'!O7 | D32: \'Exp_Co (MTM)'!R7 | E32: \ROUND('Exp_Co (MTM)'!AS7,2) | G32: \'Exp_Co (YTD)'!R8 | H32: \'Exp_Co (YTD)'!AG8 | I32: \ROUND('Exp_Co (YTD)'!AK8,2) | L32: =C32 -> \'Exp_Co (MTM)'!O7 | M32: =D32 -> \'Exp_Co (MTM)'!R7 | N32: =ROUND((L32-M32)/M32,2) -> #VALUE! | P32: =G32 -> \'Exp_Co (YTD)'!R8 | Q32: =H32 -> \'Exp_Co (YTD)'!AG8 | R32: =ROUND((P32-Q32)/Q32,2) -> #VALUE! | W32: =IF(IF(L32="-",0,L32)=IF(C32="-",0,C32),"OK","CHECK") -> OK | X32: =IF(IF(M32="-",0,M32)=IF(D32="-",0,D32),"OK","CHECK") -> OK | Y32: =IF(IF(N32="-",0,N32)=IF(E32="-",0,E32),"OK","CHECK") -> #VALUE! | Z32: =IF(IF(O32="-",0,O32)=IF(F32="-",0,F32),"OK","CHECK") -> OK | AA32: =IF(IF(P32="-",0,P32)=IF(G32="-",0,G32),"OK","CHECK") -> OK | AB32: =IF(IF(Q32="-",0,Q32)=IF(H32="-",0,H32),"OK","CHECK") -> OK | AC32: =IF(IF(R32="-",0,R32)=IF(I32="-",0,I32),"OK","CHECK") -> #VALUE!
A33: \'Exp_Co (YTD)'!B10 | C33: \'Exp_Co (MTM)'!O9 | D33: \'Exp_Co (MTM)'!R9 | E33: \ROUND('Exp_Co (MTM)'!AS9,2) | G33: \'Exp_Co (YTD)'!R10 | H33: \'Exp_Co (YTD)'!AG10 | I33: \ROUND('Exp_Co (YTD)'!AK10,2) | L33: =C33 -> \'Exp_Co (MTM)'!O9 | M33: =D33 -> \'Exp_Co (MTM)'!R9 | N33: =ROUND((L33-M33)/M33,2) -> #VALUE! | P33: =G33 -> \'Exp_Co (YTD)'!R10 | Q33: =H33 -> \'Exp_Co (YTD)'!AG10 | R33: =ROUND((P33-Q33)/Q33,2) -> #VALUE! | W33: =IF(IF(L33="-",0,L33)=IF(C33="-",0,C33),"OK","CHECK") -> OK | X33: =IF(IF(M33="-",0,M33)=IF(D33="-",0,D33),"OK","CHECK") -> OK | Y33: =IF(IF(N33="-",0,N33)=IF(E33="-",0,E33),"OK","CHECK") -> #VALUE! | Z33: =IF(IF(O33="-",0,O33)=IF(F33="-",0,F33),"OK","CHECK") -> OK | AA33: =IF(IF(P33="-",0,P33)=IF(G33="-",0,G33),"OK","CHECK") -> OK | AB33: =IF(IF(Q33="-",0,Q33)=IF(H33="-",0,H33),"OK","CHECK") -> OK | AC33: =IF(IF(R33="-",0,R33)=IF(I33="-",0,I33),"OK","CHECK") -> #VALUE!
A34: \'Exp_Co (YTD)'!B11 | C34: \'Exp_Co (MTM)'!O11 | D34: \'Exp_Co (MTM)'!R11 | E34: \ROUND('Exp_Co (MTM)'!AS11,2) | G34: \'Exp_Co (YTD)'!R12 | H34: \'Exp_Co (YTD)'!AG12 | I34: \ROUND('Exp_Co (YTD)'!AK12,2) | L34: =C34 -> \'Exp_Co (MTM)'!O11 | M34: =D34 -> \'Exp_Co (MTM)'!R11 | N34: =ROUND((L34-M34)/M34,2) -> #VALUE! | O34: (0%) | P34: =G34 -> \'Exp_Co (YTD)'!R12 | Q34: =H34 -> \'Exp_Co (YTD)'!AG12 | R34: =ROUND((P34-Q34)/Q34,2) -> #VALUE! | W34: =IF(IF(L34="-",0,L34)=IF(C34="-",0,C34),"OK","CHECK") -> OK | X34: =IF(IF(M34="-",0,M34)=IF(D34="-",0,D34),"OK","CHECK") -> OK | Y34: =IF(IF(N34="-",0,N34)=IF(E34="-",0,E34),"OK","CHECK") -> #VALUE! | Z34: =IF(IF(O34="-",0,O34)=IF(F34="-",0,F34),"OK","CHECK") -> CHECK | AA34: =IF(IF(P34="-",0,P34)=IF(G34="-",0,G34),"OK","CHECK") -> OK | AB34: =IF(IF(Q34="-",0,Q34)=IF(H34="-",0,H34),"OK","CHECK") -> OK | AC34: =IF(IF(R34="-",0,R34)=IF(I34="-",0,I34),"OK","CHECK") -> #VALUE!
A35: \'Exp_Co (YTD)'!B12 | C35: \'Exp_Co (MTM)'!O10 | D35: \'Exp_Co (MTM)'!R10 | E35: \ROUND('Exp_Co (MTM)'!AS10,2) | G35: \'Exp_Co (YTD)'!R11 | H35: \'Exp_Co (YTD)'!AG11 | I35: \ROUND('Exp_Co (YTD)'!AK11,2) | L35: =C35 -> \'Exp_Co (MTM)'!O10 | M35: =D35 -> \'Exp_Co (MTM)'!R10 | N35: =ROUND((L35-M35)/M35,2) -> #VALUE! | P35: =G35 -> \'Exp_Co (YTD)'!R11 | Q35: =H35 -> \'Exp_Co (YTD)'!AG11 | R35: =ROUND((P35-Q35)/Q35,2) -> #VALUE! | W35: =IF(IF(L35="-",0,L35)=IF(C35="-",0,C35),"OK","CHECK") -> OK | X35: =IF(IF(M35="-",0,M35)=IF(D35="-",0,D35),"OK","CHECK") -> OK | Y35: =IF(IF(N35="-",0,N35)=IF(E35="-",0,E35),"OK","CHECK") -> #VALUE! | Z35: =IF(IF(O35="-",0,O35)=IF(F35="-",0,F35),"OK","CHECK") -> OK | AA35: =IF(IF(P35="-",0,P35)=IF(G35="-",0,G35),"OK","CHECK") -> OK | AB35: =IF(IF(Q35="-",0,Q35)=IF(H35="-",0,H35),"OK","CHECK") -> OK | AC35: =IF(IF(R35="-",0,R35)=IF(I35="-",0,I35),"OK","CHECK") -> #VALUE!
C36: \'Exp_Co (MTM)'!O12 | D36: \'Exp_Co (MTM)'!R12 | E36: \ROUND('Exp_Co (MTM)'!AS12,2) | G36: \SUM(G31:G35) | H36: \SUM(H31:H35) | I36: \ROUND('Exp_Co (YTD)'!AK13,2) | L36: =SUM(C31:C35) -> 0 | M36: =SUM(D31:D35) -> 0 | N36: =ROUND((L36-M36)/M36,2) -> #DIV/0! | P36: =SUM(G31:G35) -> 0 | Q36: =SUM(H31:H35) -> 0 | R36: =ROUND((P36-Q36)/Q36,2) -> #DIV/0! | W36: =IF(IF(L36="-",0,L36)=IF(C36="-",0,C36),"OK","CHECK") -> CHECK | X36: =IF(IF(M36="-",0,M36)=IF(D36="-",0,D36),"OK","CHECK") -> CHECK | Y36: =IF(IF(N36="-",0,N36)=IF(E36="-",0,E36),"OK","CHECK") -> #DIV/0! | Z36: =IF(IF(O36="-",0,O36)=IF(F36="-",0,F36),"OK","CHECK") -> OK | AA36: =IF(IF(P36="-",0,P36)=IF(G36="-",0,G36),"OK","CHECK") -> CHECK | AB36: =IF(IF(Q36="-",0,Q36)=IF(H36="-",0,H36),"OK","CHECK") -> CHECK | AC36: =IF(IF(R36="-",0,R36)=IF(I36="-",0,I36),"OK","CHECK") -> #DIV/0!
A37: 其他收入(註4) | C37: \'Exp_Co (MTM)'!O16 | D37: \'Exp_Co (MTM)'!R16 | E37: \ROUND('Exp_Co (MTM)'!AS16,2) | G37: \'Exp_Co (YTD)'!R17 | H37: \'Exp_Co (YTD)'!AG17 | I37: \ROUND('Exp_Co (YTD)'!AK17,2) | L37: =C37 -> \'Exp_Co (MTM)'!O16 | M37: =D37 -> \'Exp_Co (MTM)'!R16 | N37: =ROUND((L37-M37)/M37,2) -> #VALUE! | P37: =G37 -> \'Exp_Co (YTD)'!R17 | Q37: =H37 -> \'Exp_Co (YTD)'!AG17 | R37: =ROUND((P37-Q37)/Q37,2) -> #VALUE! | W37: =IF(IF(L37="-",0,L37)=IF(C37="-",0,C37),"OK","CHECK") -> OK | X37: =IF(IF(M37="-",0,M37)=IF(D37="-",0,D37),"OK","CHECK") -> OK | Y37: =IF(IF(N37="-",0,N37)=IF(E37="-",0,E37),"OK","CHECK") -> #VALUE! | Z37: =IF(IF(O37="-",0,O37)=IF(F37="-",0,F37),"OK","CHECK") -> OK | AA37: =IF(IF(P37="-",0,P37)=IF(G37="-",0,G37),"OK","CHECK") -> OK | AB37: =IF(IF(Q37="-",0,Q37)=IF(H37="-",0,H37),"OK","CHECK") -> OK | AC37: =IF(IF(R37="-",0,R37)=IF(I37="-",0,I37),"OK","CHECK") -> #VALUE!
C38: \C36+C37 | D38: \D36+D37 | E38: \ROUND('Exp_Co (MTM)'!AS17,2) | G38: \G36+G37 | H38: \H36+H37 | I38: \ROUND('Exp_Co (YTD)'!AK18,2) | L38: =C36+C37 -> #VALUE! | M38: =D36+D37 -> #VALUE! | N38: =ROUND((L38-M38)/M38,2) -> #VALUE! | P38: =G36+G37 -> #VALUE! | Q38: =H36+H37 -> #VALUE! | R38: =ROUND((P38-Q38)/Q38,2) -> #VALUE! | W38: =IF(IF(L38="-",0,L38)=IF(C38="-",0,C38),"OK","CHECK") -> #VALUE! | X38: =IF(IF(M38="-",0,M38)=IF(D38="-",0,D38),"OK","CHECK") -> #VALUE! | Y38: =IF(IF(N38="-",0,N38)=IF(E38="-",0,E38),"OK","CHECK") -> #VALUE! | Z38: =IF(IF(O38="-",0,O38)=IF(F38="-",0,F38),"OK","CHECK") -> OK | AA38: =IF(IF(P38="-",0,P38)=IF(G38="-",0,G38),"OK","CHECK") -> #VALUE! | AB38: =IF(IF(Q38="-",0,Q38)=IF(H38="-",0,H38),"OK","CHECK") -> #VALUE! | AC38: =IF(IF(R38="-",0,R38)=IF(I38="-",0,I38),"OK","CHECK") -> #VALUE!
A39: Nov'22
A40: 註1:
A41: 註2:
A42: 註3:
A46: PP4 | B46: Exp_Co | C46: OK
A47: 營運支出 | B47: ,21,>,18, | C47: ,24,>,21, | AD47: =A46 -> PP4
A48: (HK$’000) | B48: 與上月比較 | D48: +/(-) | K48: ,20,>,17,14 | L48: ,23,>,20,17
B49: 2022年12月 | C49: 2022年11月 | D49: % | J49: MONTH | K49: =VLOOKUP(J49,'Exp_Co (MTM)'!$B$1:$AA$38,14,0) -> 12月 | L49: =VLOOKUP(J49,'Exp_Co (MTM)'!$B$1:$AA$38,17,0) -> 11月
A50: Exp A | B50: \K50 | C50: \L50 | D50: \M50 | J50: Exp A | K50: =VLOOKUP(J50,'Exp_Co (MTM)'!$B$1:$AA$38,14,0) -> 0 | L50: =VLOOKUP(J50,'Exp_Co (MTM)'!$B$1:$AA$38,17,0) -> 0 | M50: =IF(L50=0,IF(K50=0,"N/A","100%"),((K50-L50)/L50)) -> N/A | V50: =IF(IF(K50="-",0,K50)=IF(B50="-",0,B50),"OK","CHECK") -> CHECK | W50: =IF(IF(L50="-",0,L50)=IF(C50="-",0,C50),"OK","CHECK") -> CHECK | X50: =IF(IF(M50="-",0,M50)=IF(D50="-",0,D50),"OK","CHECK") -> CHECK
A51: Exp B | B51: \K51 | C51: \L51 | D51: \M51 | E51: (100%) | J51: Exp B | K51: =VLOOKUP(J51,'Exp_Co (MTM)'!$B$1:$AA$38,14,0) -> 0 | L51: =VLOOKUP(J51,'Exp_Co (MTM)'!$B$1:$AA$38,17,0) -> 1 | M51: =IF(L51=0,IF(K51=0,"N/A","100%"),((K51-L51)/L51)) -> -1 | V51: =IF(IF(K51="-",0,K51)=IF(B51="-",0,B51),"OK","CHECK") -> CHECK | W51: =IF(IF(L51="-",0,L51)=IF(C51="-",0,C51),"OK","CHECK") -> CHECK | X51: =IF(IF(M51="-",0,M51)=IF(D51="-",0,D51),"OK","CHECK") -> CHECK
A52: Exp C | B52: \K52 | C52: \L52 | D52: \M52 | J52: Exp C | K52: =VLOOKUP(J52,'Exp_Co (MTM)'!$B$1:$AA$38,14,0) -> 1 | L52: =VLOOKUP(J52,'Exp_Co (MTM)'!$B$1:$AA$38,17,0) -> 0 | M52: =IF(L52=0,IF(K52=0,"N/A","100%"),((K52-L52)/L52)) -> 100% | V52: =IF(IF(K52="-",0,K52)=IF(B52="-",0,B52),"OK","CHECK") -> CHECK | W52: =IF(IF(L52="-",0,L52)=IF(C52="-",0,C52),"OK","CHECK") -> CHECK | X52: =IF(IF(M52="-",0,M52)=IF(D52="-",0,D52),"OK","CHECK") -> CHECK
A53: Exp D | B53: \K53 | C53: \L53 | D53: \M53 | E53: - | J53: Exp D | K53: =VLOOKUP(J53,'Exp_Co (MTM)'!$B$1:$AA$38,14,0) -> 1 | L53: =VLOOKUP(J53,'Exp_Co (MTM)'!$B$1:$AA$38,17,0) -> 1 | M53: =IF(L53=0,IF(K53=0,"N/A","100%"),((K53-L53)/L53)) -> 0 | V53: =IF(IF(K53="-",0,K53)=IF(B53="-",0,B53),"OK","CHECK") -> CHECK | W53: =IF(IF(L53="-",0,L53)=IF(C53="-",0,C53),"OK","CHECK") -> CHECK | X53: =IF(IF(M53="-",0,M53)=IF(D53="-",0,D53),"OK","CHECK") -> CHECK
A54: Exp E | B54: \K54 | C54: \L54 | D54: \M54 | E54: >100% | J54: Exp E | K54: =VLOOKUP(J54,'Exp_Co (MTM)'!$B$1:$AA$38,14,0) -> 9 | L54: =VLOOKUP(J54,'Exp_Co (MTM)'!$B$1:$AA$38,17,0) -> 1 | M54: =IF(L54=0,IF(K54=0,"N/A","100%"),((K54-L54)/L54)) -> 8 | V54: =IF(IF(K54="-",0,K54)=IF(B54="-",0,B54),"OK","CHECK") -> CHECK | W54: =IF(IF(L54="-",0,L54)=IF(C54="-",0,C54),"OK","CHECK") -> CHECK | X54: =IF(IF(M54="-",0,M54)=IF(D54="-",0,D54),"OK","CHECK") -> CHECK
A55: Exp F | B55: \K55 | C55: \L55 | D55: \M55 | E55: - | J55: Exp F | K55: =VLOOKUP(J55,'Exp_Co (MTM)'!$B$1:$AA$38,14,0) -> 1 | L55: =VLOOKUP(J55,'Exp_Co (MTM)'!$B$1:$AA$38,17,0) -> 1 | M55: =IF(L55=0,IF(K55=0,"N/A","100%"),((K55-L55)/L55)) -> 0 | V55: =IF(IF(K55="-",0,K55)=IF(B55="-",0,B55),"OK","CHECK") -> CHECK | W55: =IF(IF(L55="-",0,L55)=IF(C55="-",0,C55),"OK","CHECK") -> CHECK | X55: =IF(IF(M55="-",0,M55)=IF(D55="-",0,D55),"OK","CHECK") -> CHECK
A56: Exp G | B56: \K56 | C56: \L56 | D56: \M56 | E56: - | J56: Exp G | K56: =VLOOKUP(J56,'Exp_Co (MTM)'!$B$1:$AA$38,14,0) -> 1 | L56: =VLOOKUP(J56,'Exp_Co (MTM)'!$B$1:$AA$38,17,0) -> 1 | M56: =IF(L56=0,IF(K56=0,"N/A","100%"),((K56-L56)/L56)) -> 0 | V56: =IF(IF(K56="-",0,K56)=IF(B56="-",0,B56),"OK","CHECK") -> CHECK | W56: =IF(IF(L56="-",0,L56)=IF(C56="-",0,C56),"OK","CHECK") -> CHECK | X56: =IF(IF(M56="-",0,M56)=IF(D56="-",0,D56),"OK","CHECK") -> CHECK
A57: Exp H | B57: \K57 | C57: \L57 | D57: \M57 | E57: - | J57: Exp H | K57: =VLOOKUP(J57,'Exp_Co (MTM)'!$B$1:$AA$38,14,0) -> 1 | L57: =VLOOKUP(J57,'Exp_Co (MTM)'!$B$1:$AA$38,17,0) -> 1 | M57: =IF(L57=0,IF(K57=0,"N/A","100%"),((K57-L57)/L57)) -> 0 | N57: >100% | V57: =IF(IF(K57="-",0,K57)=IF(B57="-",0,B57),"OK","CHECK") -> CHECK | W57: =IF(IF(L57="-",0,L57)=IF(C57="-",0,C57),"OK","CHECK") -> CHECK | X57: =IF(IF(M57="-",0,M57)=IF(D57="-",0,D57),"OK","CHECK") -> CHECK
A58: Exp I | B58: \K58 | C58: \L58 | D58: \M58 | E58: - | J58: Exp I | K58: =VLOOKUP(J58,'Exp_Co (MTM)'!$B$1:$AA$38,14,0) -> 1 | L58: =VLOOKUP(J58,'Exp_Co (MTM)'!$B$1:$AA$38,17,0) -> 1 | M58: =IF(L58=0,IF(K58=0,"N/A","100%"),((K58-L58)/L58)) -> 0 | V58: =IF(IF(K58="-",0,K58)=IF(B58="-",0,B58),"OK","CHECK") -> CHECK | W58: =IF(IF(L58="-",0,L58)=IF(C58="-",0,C58),"OK","CHECK") -> CHECK | X58: =IF(IF(M58="-",0,M58)=IF(D58="-",0,D58),"OK","CHECK") -> CHECK
J59: Exp J | K59: =VLOOKUP(J59,'Exp_Co (MTM)'!$B$1:$AA$38,14,0) -> 1 | L59: =VLOOKUP(J59,'Exp_Co (MTM)'!$B$1:$AA$38,17,0) -> 1 | M59: =IF(L59=0,IF(K59=0,"N/A","100%"),((K59-L59)/L59)) -> 0 | V59: =IF(IF(K59="-",0,K59)=IF(B59="-",0,B59),"OK","CHECK") -> CHECK | W59: =IF(IF(L59="-",0,L59)=IF(C59="-",0,C59),"OK","CHECK") -> CHECK | X59: =IF(IF(M59="-",0,M59)=IF(D59="-",0,D59),"OK","CHECK") -> OK
I60: s | M60: =IF(L60=0,IF(K60=0,"N/A","100%"),((K60-L60)/L60)) -> N/A | V60: =IF(IF(K60="-",0,K60)=IF(B60="-",0,B60),"OK","CHECK") -> OK | W60: =IF(IF(L60="-",0,L60)=IF(C60="-",0,C60),"OK","CHECK") -> OK
I61: s | J61: Exp K | K61: =VLOOKUP(J61,'Exp_Co (MTM)'!$B$1:$AA$38,14,0) -> 1 | L61: =VLOOKUP(J61,'Exp_Co (MTM)'!$B$1:$AA$38,17,0) -> 1 | M61: =IF(L61=0,IF(K61=0,"N/A","100%"),((K61-L61)/L61)) -> 0 | V61: =IF(IF(#REF!="-",0,#REF!)=IF(C61="-",0,C61),"OK","CHECK") -> #REF! | W61: =IF(IF(#REF!="-",0,#REF!)=IF(D61="-",0,D61),"OK","CHECK") -> #REF!
I62: S
I63: S
I64: S
I65: S
A69: PP5 | J69: PP5
A70: 營運支出(續) | D70: OK | AD70: =A69 -> PP5
A71: (HK$’000) | C71: 與上月比較 | E71: +/(-)
C72: 2022年12月 | D72: 2022年11月 | E72: %
A73: Others | C73: \K73 | D73: \L73 | E73: \M73 | J73: Others | K73: =VLOOKUP(J73,'Exp_Co (MTM)'!$B$26:$AA$38,14,0)+SUM(K60:K64) -> 2 | L73: =VLOOKUP(J73,'Exp_Co (MTM)'!$B$26:$AA$38,17,0)+SUM(L60:L64) -> 2 | M73: =IF(L73=0,IF(K73=0,"N/A","100%"),((K73-L73)/L73)) -> 0 | N73: >100% | V73: =IF(IF(K73="-",0,K73)=IF(C73="-",0,C73),"OK","CHECK") -> CHECK | W73: =IF(IF(L73="-",0,L73)=IF(D73="-",0,D73),"OK","CHECK") -> CHECK | X73: =IF(IF(M73="-",0,M73)=IF(E73="-",0,E73),"OK","CHECK") -> CHECK
C74: \SUM(B50:B61)+SUM(C62:C73) | D74: \SUM(C50:C61)+SUM(D62:D73) | E74: \M74 | K74: =SUM(K50:K59)+SUM(K66:K73) -> 18 | L74: =SUM(L50:L59)+SUM(L66:L73) -> 10 | M74: =IF(L74=0,IF(K74=0,"N/A","100%"),((K74-L74)/L74)) -> 0.8 | V74: =IF(IF(K74="-",0,K74)=IF(C74="-",0,C74),"OK","CHECK") -> CHECK | W74: =IF(IF(L74="-",0,L74)=IF(D74="-",0,D74),"OK","CHECK") -> CHECK | X74: =IF(IF(M74="-",0,M74)=IF(E74="-",0,E74),"OK","CHECK") -> CHECK
K75: ='Exp_Co (MTM)'!O39-'Power point'!K74 -> 109 | L75: ='Exp_Co (MTM)'!R39-'Power point'!L74 -> 10 | V75: =IF(IF(K75="-",0,K75)=IF(C75="-",0,C75),"OK","CHECK") -> CHECK | W75: =IF(IF(L75="-",0,L75)=IF(D75="-",0,D75),"OK","CHECK") -> CHECK
B76: ='Exp_private (MTM)'!O5 -> 12月 | C76: ='Exp_private (MTM)'!R5 -> 11月
A77: PP6 | B77: O | C77: R
A78: 2022年12月個人收入及支出 | E78: Sorting | AD78: =A77 -> PP6
A79: (HK$’000) | B79: 與上月比較 | D79: +/(-) | K79: ,20,>,17,14 | L79: ,23,>,20,17
B80: 2022年12月 | C80: 2022年11月 | D80: % | J80: MONTH | K80: =VLOOKUP(J80,'Exp_private (MTM)'!$B$1:$AB$33,14,0) -> 12月 | L80: =VLOOKUP(J80,'Exp_private (MTM)'!$B$1:$AB$33,17,0) -> 11月
A81: \J81 | B81: 8 | C81: 8 | D81: - | J81: ='Exp_private (YTD)'!B14 -> Private income | K81: =VLOOKUP(J81,'Exp_private (MTM)'!$B$1:$AB$33,14,0) -> 3 | L81: =VLOOKUP(J81,'Exp_private (MTM)'!$B$1:$AB$33,17,0) -> 3 | M81: =IF(L81=0,IF(K81=0,"N/A","100%"),((K81-L81)/L81)) -> 0 | V81: =IF(IF(K81="-",0,K81)=IF(B81="-",0,B81),"OK","CHECK") -> CHECK | W81: =IF(IF(L81="-",0,L81)=IF(C81="-",0,C81),"OK","CHECK") -> CHECK | X81: =IF(IF(M81="-",0,M81)=IF(D81="-",0,D81),"OK","CHECK") -> OK
A83: \J83 | B83: \K83 | C83: \L83 | D83: \M83 | E83: Show (0%) for -0.4% | J83: Private Exp A | K83: =VLOOKUP(J83,'Exp_private (MTM)'!$B$1:$AB$33,14,0) -> 1 | L83: =VLOOKUP(J83,'Exp_private (MTM)'!$B$1:$AB$33,17,0) -> 1 | M83: =IF(L83=0,IF(K83=0,"N/A","100%"),((K83-L83)/L83)) -> 0 | N83: =(+K83-L83)/L83 -> 0 | O83: Show (0%) | V83: =IF(IF(K83="-",0,K83)=IF(B83="-",0,B83),"OK","CHECK") -> CHECK | W83: =IF(IF(L83="-",0,L83)=IF(C83="-",0,C83),"OK","CHECK") -> CHECK | X83: =IF(IF(M83="-",0,M83)=IF(D83="-",0,D83),"OK","CHECK") -> CHECK
A84: \J84 | B84: \K84 | C84: \L84 | D84: \M84 | E84: >100% | J84: Private Exp B | K84: =VLOOKUP(J84,'Exp_private (MTM)'!$B$1:$AB$33,14,0) -> 1 | L84: =VLOOKUP(J84,'Exp_private (MTM)'!$B$1:$AB$33,17,0) -> 1 | M84: =IF(L84=0,IF(K84=0,"N/A","100%"),((K84-L84)/L84)) -> 0 | V84: =IF(IF(K84="-",0,K84)=IF(B84="-",0,B84),"OK","CHECK") -> CHECK | W84: =IF(IF(L84="-",0,L84)=IF(C84="-",0,C84),"OK","CHECK") -> CHECK | X84: =IF(IF(M84="-",0,M84)=IF(D84="-",0,D84),"OK","CHECK") -> CHECK
A85: \J85 | B85: \K85 | C85: \L85 | D85: \M85 | I85: MV | J85: Private Exp C | K85: =SUMIF($I$94:$L$100,I85,K$94:K$100) -> 2 | L85: =SUMIF($I$94:$L$100,I85,L$94:L$100) -> 2 | M85: =IF(L85=0,IF(K85=0,"N/A","100%"),((K85-L85)/L85)) -> 0 | V85: =IF(IF(K85="-",0,K85)=IF(B85="-",0,B85),"OK","CHECK") -> CHECK | W85: =IF(IF(L85="-",0,L85)=IF(C85="-",0,C85),"OK","CHECK") -> CHECK | X85: =IF(IF(M85="-",0,M85)=IF(D85="-",0,D85),"OK","CHECK") -> CHECK
A86: \J86 | B86: \K86 | C86: \L86 | D86: \M86 | J86: Private Exp D | K86: =VLOOKUP(J86,'Exp_private (MTM)'!$B$1:$AB$33,14,0) -> 1 | L86: =VLOOKUP(J86,'Exp_private (MTM)'!$B$1:$AB$33,17,0) -> 1 | M86: =IF(L86=0,IF(K86=0,"N/A","100%"),((K86-L86)/L86)) -> 0 | V86: =IF(IF(K86="-",0,K86)=IF(B86="-",0,B86),"OK","CHECK") -> CHECK | W86: =IF(IF(L86="-",0,L86)=IF(C86="-",0,C86),"OK","CHECK") -> CHECK | X86: =IF(IF(M86="-",0,M86)=IF(D86="-",0,D86),"OK","CHECK") -> CHECK
A87: \J87 | B87: \K87 | C87: \L87 | D87: \M87 | E87: (100%) | J87: Private Exp E | K87: =VLOOKUP(J87,'Exp_private (MTM)'!$B$1:$AB$33,14,0) -> 0 | L87: =VLOOKUP(J87,'Exp_private (MTM)'!$B$1:$AB$33,17,0) -> 1 | M87: =IF(L87=0,IF(K87=0,"N/A","100%"),((K87-L87)/L87)) -> -1 | V87: =IF(IF(K87="-",0,K87)=IF(B87="-",0,B87),"OK","CHECK") -> CHECK | W87: =IF(IF(L87="-",0,L87)=IF(C87="-",0,C87),"OK","CHECK") -> CHECK | X87: =IF(IF(M87="-",0,M87)=IF(D87="-",0,D87),"OK","CHECK") -> CHECK
A88: \J88 | B88: \K88 | C88: \L88 | D88: \M88 | J88: Private Exp F | K88: =VLOOKUP(J88,'Exp_private (MTM)'!$B$1:$AB$33,14,0) -> 0 | L88: =VLOOKUP(J88,'Exp_private (MTM)'!$B$1:$AB$33,17,0) -> 0 | M88: =IF(L88=0,IF(K88=0,"N/A","100%"),((K88-L88)/L88)) -> N/A | V88: =IF(IF(K88="-",0,K88)=IF(B88="-",0,B88),"OK","CHECK") -> CHECK | W88: =IF(IF(L88="-",0,L88)=IF(C88="-",0,C88),"OK","CHECK") -> CHECK | X88: =IF(IF(M88="-",0,M88)=IF(D88="-",0,D88),"OK","CHECK") -> CHECK
A89: \J89 | B89: \K89 | C89: \L89 | D89: \M89 | I89: U | J89: Private Exp G | K89: =SUMIF($I$94:$L$100,I89,K$94:K$100) -> 2 | L89: =SUMIF($I$94:$L$100,I89,L$94:L$100) -> 2 | M89: =IF(L89=0,IF(K89=0,"N/A","100%"),((K89-L89)/L89)) -> 0 | V89: =IF(IF(K89="-",0,K89)=IF(B89="-",0,B89),"OK","CHECK") -> CHECK | W89: =IF(IF(L89="-",0,L89)=IF(C89="-",0,C89),"OK","CHECK") -> CHECK | X89: =IF(IF(M89="-",0,M89)=IF(D89="-",0,D89),"OK","CHECK") -> CHECK
A90: \J90 | B90: \K90 | C90: \L90 | D90: \M90 | E90: >100% | J90: Private Exp H | K90: =VLOOKUP(J90,'Exp_private (MTM)'!$B$1:$AB$33,14,0) -> 1 | L90: =VLOOKUP(J90,'Exp_private (MTM)'!$B$1:$AB$33,17,0) -> 1 | M90: =IF(L90=0,IF(K90=0,"N/A","100%"),((K90-L90)/L90)) -> 0 | V90: =IF(IF(K90="-",0,K90)=IF(B90="-",0,B90),"OK","CHECK") -> CHECK | W90: =IF(IF(L90="-",0,L90)=IF(C90="-",0,C90),"OK","CHECK") -> CHECK | X90: =IF(IF(M90="-",0,M90)=IF(D90="-",0,D90),"OK","CHECK") -> CHECK
A91: \J91 | B91: \K91 | C91: \L91 | D91: \M91 | J91: Private Exp I | K91: =VLOOKUP(J91,'Exp_private (MTM)'!$B$1:$AB$33,14,0) -> 1 | L91: =VLOOKUP(J91,'Exp_private (MTM)'!$B$1:$AB$33,17,0) -> 1 | M91: =IF(L91=0,IF(K91=0,"N/A","100%"),((K91-L91)/L91)) -> 0 | V91: =IF(IF(K91="-",0,K91)=IF(B91="-",0,B91),"OK","CHECK") -> CHECK | W91: =IF(IF(L91="-",0,L91)=IF(C91="-",0,C91),"OK","CHECK") -> CHECK | X91: =IF(IF(M91="-",0,M91)=IF(D91="-",0,D91),"OK","CHECK") -> CHECK
A92: \J94 | B92: \K94 | C92: \L94 | D92: \M94 | E92: Group into Sundry | V92: =IF(IF(K92="-",0,K92)=IF(B92="-",0,B92),"OK","CHECK") -> CHECK | W92: =IF(IF(L92="-",0,L92)=IF(C92="-",0,C92),"OK","CHECK") -> CHECK | X92: =IF(IF(M92="-",0,M92)=IF(D92="-",0,D92),"OK","CHECK") -> CHECK
I94: U | J94: Private Exp J | K94: =VLOOKUP(J94,'Exp_private (MTM)'!$B$1:$AB$33,14,0) -> 1 | L94: =VLOOKUP(J94,'Exp_private (MTM)'!$B$1:$AB$33,17,0) -> 1 | M94: =IF(L94=0,IF(K94=0,"N/A","100%"),((K94-L94)/L94)) -> 0
I95: U | J95: Private Exp K | K95: =VLOOKUP(J95,'Exp_private (MTM)'!$B$1:$AB$33,14,0) -> 1 | L95: =VLOOKUP(J95,'Exp_private (MTM)'!$B$1:$AB$33,17,0) -> 1 | M95: =IF(L95=0,IF(K95=0,"N/A","100%"),((K95-L95)/L95)) -> 0
I96: MV | J96: Private Exp L | K96: =VLOOKUP(J96,'Exp_private (MTM)'!$B$1:$AB$33,14,0) -> 1 | L96: =VLOOKUP(J96,'Exp_private (MTM)'!$B$1:$AB$33,17,0) -> 1 | M96: =IF(L96=0,IF(K96=0,"N/A","100%"),((K96-L96)/L96)) -> 0
I97: MV | J97: Private Exp M | K97: =VLOOKUP(J97,'Exp_private (MTM)'!$B$1:$AB$33,14,0) -> 1 | L97: =VLOOKUP(J97,'Exp_private (MTM)'!$B$1:$AB$33,17,0) -> 1 | M97: =IF(L97=0,IF(K97=0,"N/A","100%"),((K97-L97)/L97)) -> 0
I98: S | J98: Private Exp N | K98: =VLOOKUP(J98,'Exp_private (MTM)'!$B$1:$AB$33,14,0) -> 1 | L98: =VLOOKUP(J98,'Exp_private (MTM)'!$B$1:$AB$33,17,0) -> 1 | M98: =IF(L98=0,IF(K98=0,"N/A","100%"),((K98-L98)/L98)) -> 0
A99: PP7 | D99: OK
A100: 2022年12月個人收入及支出(續) | AD100: =A99 -> PP7
A101: (HK$’000) | C101: 與上月比較 | E101: +/(-)
C102: 2022年12月 | D102: 2022年11月 | E102: %
A103: Private Exp K | C103: \K103 | D103: \L103 | E103: \M103 | J103: Private Exp K | K103: =VLOOKUP(J103,'Exp_private (MTM)'!$B$1:$AB$33,14,0) -> 1 | L103: =VLOOKUP(J103,'Exp_private (MTM)'!$B$1:$AB$33,17,0) -> 1
A104: \J96 | C104: \K104 | D104: \L104 | E104: \M104 | J104: Private Exp L | K104: =VLOOKUP(J104,'Exp_private (MTM)'!$B$1:$AB$33,14,0) -> 1 | L104: =VLOOKUP(J104,'Exp_private (MTM)'!$B$1:$AB$33,17,0) -> 1 | M104: =IF(L104=0,IF(K104=0,"N/A","100%"),((K104-L104)/L104)) -> 0 | N104: DELETE
A105: \J97 | C105: \K105 | D105: \L105 | E105: \M105 | F105: (100%) | J105: Private Exp M | K105: =VLOOKUP(J105,'Exp_private (MTM)'!$B$1:$AB$33,14,0) -> 1 | L105: =VLOOKUP(J105,'Exp_private (MTM)'!$B$1:$AB$33,17,0) -> 1 | M105: =IF(L105=0,IF(K105=0,"N/A","100%"),((K105-L105)/L105)) -> 0 | N105: DELETE
A106: Others | C106: \K106 | D106: \L106 | E106: \M106 | I106: S | J106: Others | K106: =VLOOKUP(J106,'Exp_private (MTM)'!$B$1:$AB$33,14,0)+SUM(K98:K100) -> 2 | L106: =VLOOKUP(J106,'Exp_private (MTM)'!$B$1:$AB$33,17,0)+SUM(L98:L100) -> 2 | M106: =IF(L106=0,IF(K106=0,"N/A","100%"),((K106-L106)/L106)) -> 0 | N106: >100% | V106: =IF(IF(K106="-",0,K106)=IF(C106="-",0,C106),"OK","CHECK") -> CHECK | W106: =IF(IF(L106="-",0,L106)=IF(D106="-",0,D106),"OK","CHECK") -> CHECK | X106: =IF(IF(M106="-",0,M106)=IF(E106="-",0,E106),"OK","CHECK") -> CHECK
C107: \SUM(B83:B93)+SUM(C102:C106) | D107: \SUM(C83:C93)+SUM(D102:D106) | E107: \M107 | F107: ok | K107: =SUM(K83:K92)+SUM(K101:K106) -> 14 | L107: =SUM(L83:L92)+SUM(L101:L106) -> 15 | M107: =IF(L107=0,IF(K107=0,"N/A","100%"),((K107-L107)/L107)) -> -0.066666667 | V107: =IF(IF(K107="-",0,K107)=IF(C107="-",0,C107),"OK","CHECK") -> CHECK | W107: =IF(IF(L107="-",0,L107)=IF(D107="-",0,D107),"OK","CHECK") -> CHECK | X107: =IF(IF(M107="-",0,M107)=IF(E107="-",0,E107),"OK","CHECK") -> CHECK
J108: Diff | K108: ='Exp_private (MTM)'!O31-K107 -> -1 | L108: ='Exp_private (MTM)'!R31-L107 -> -2
K109: U>R>O | L109: X>U>R
A116: PP8>PP9
A117: A%及B%
B118: A% | C118: B%
B119: 12月 | C119: 2022年12月 | D119: 2021年12月 | G119: 2021年11月 | H119: 2021年12月 | O119: NOV'22 | Q119: 44774 | R119: SEP'22 | S119: OCT'22
A120: 總體 | B120: 0.02 | C120: =O124 -> 0.85330414 | D120: 0.88 | E120: ok | G120: 0.88 | L120: B | M120: 742601 | N120: 631025 | O120: 0.84974973 | P120: E29 | Q120: 0.86611653 | R120: 0.87044591 | S120: 0.84948175
A121: A | B121: 0.02 | C121: =INDEX($O$120:$O$124,MATCH(F121,$L$120:$L$124,0)) -> 0.99537812 | D121: 0.99 | E121: ok | F121: A | G121: 0.99 | H121: 0.99 | L121: A | M121: 108181 | N121: 107681 | O121: 0.99537812 | P121: E30 | Q121: 0.9879831 | R121: 0.99537812 | S121: 0.99537812
...

Sheet Exp_Co (YTD)
A1: 2022年12月份營運支出 - 公司
A2: 與上年比較
R4: 4/2022-3/2023 | AG4: 4/2021-3/2022
R5: YTD | AG5: YTD
E6: 44652 | F6: 44682 | G6: 44713 | H6: 44743 | I6: 44774 | J6: 44805 | K6: 44835 | L6: 44866 | M6: 44896 | N6: 44927 | O6: 44958 | P6: 44986 | R6: 44896 | T6: 44287 | U6: 44317 | V6: 44348 | W6: 44378 | X6: 44409 | Y6: 44440 | Z6: 44470 | AA6: 44501 | AB6: 44531 | AC6: 44562 | AD6: 44593 | AE6: 44621 | AG6: 44531 | AJ6: 增/(減) | AL6: 附錄
C7: 附註 | R7: HK$'000 | AG7: HK$'000 | AJ7: HK$'000 | AK7: %
B8: Income A | E8: 1000 | F8: 1000 | G8: 1000 | H8: 1000 | I8: 1000 | J8: 1000 | K8: 1000 | L8: 1000 | M8: 1000 | R8: =ROUND(SUM(E8:Q8)/1000,0) -> 9 | T8: 1000 | U8: 1000 | V8: 1000 | W8: 1000 | X8: 1000 | Y8: 1000 | Z8: 1000 | AA8: 1000 | AB8: 1000 | AC8: 1000 | AD8: 1000 | AE8: 1000 | AG8: =ROUND(SUM(T8:AB8)/1000,0) -> 9 | AJ8: =R8-AG8 -> 0 | AK8: =IF(AG8=0,IF(R8=0,"N/A","100%"),AJ8/AG8) -> 0
B9: Income B | E9: 1000 | F9: 1000 | G9: 1000 | H9: 1000 | I9: 1000 | J9: 1000 | K9: 1000 | L9: 1000 | M9: 1000 | R9: =ROUND(SUM(E9:Q9)/1000,0) -> 9 | T9: 1000 | U9: 1000 | V9: 1000 | W9: 1000 | X9: 1000 | Y9: 1000 | Z9: 1000 | AA9: 1000 | AB9: 1000 | AC9: 1000 | AD9: 1000 | AE9: 1000 | AG9: =ROUND(SUM(T9:AB9)/1000,0) -> 9 | AJ9: =R9-AG9 -> 0 | AK9: =IF(AG9=0,IF(R9=0,"N/A","100%"),AJ9/AG9) -> 0
B10: Income C | E10: 1000 | F10: 1000 | G10: 1000 | H10: 1000 | I10: 1000 | J10: 1000 | K10: 1000 | L10: 1000 | M10: 1000 | R10: =ROUND(SUM(E10:Q10)/1000,0) -> 9 | T10: 1000 | U10: 1000 | V10: 1000 | W10: 1000 | X10: 1000 | Y10: 1000 | Z10: 1000 | AA10: 1000 | AB10: 1000 | AC10: 1000 | AD10: 1000 | AE10: 1000 | AG10: =ROUND(SUM(T10:AB10)/1000,0) -> 9 | AJ10: =R10-AG10 -> 0 | AK10: =IF(AG10=0,IF(R10=0,"N/A","100%"),AJ10/AG10) -> 0
B11: Income D | E11: 1000 | F11: 1000 | G11: 1000 | H11: 1000 | I11: 1000 | J11: 1000 | K11: 1000 | L11: 1000 | M11: 1000 | R11: =ROUND(SUM(E11:Q11)/1000,0) -> 9 | T11: 1000 | U11: 1000 | V11: 1000 | W11: 1000 | X11: 1000 | Y11: 1000 | Z11: 1000 | AA11: 1000 | AB11: 1000 | AC11: 1000 | AD11: 1000 | AE11: 1000 | AG11: =ROUND(SUM(T11:AB11)/1000,0) -> 9 | AJ11: =R11-AG11 -> 0 | AK11: =IF(AG11=0,IF(R11=0,"N/A","100%"),AJ11/AG11) -> 0
B12: Income E | E12: 1000 | F12: 1000 | G12: 1000 | H12: 1000 | I12: 1000 | J12: 1000 | K12: 1000 | L12: 1000 | M12: 1000 | R12: =ROUND(SUM(E12:Q12)/1000,0) -> 9 | T12: 1000 | U12: 1000 | V12: 1000 | W12: 1000 | X12: 1000 | Y12: 1000 | Z12: 1000 | AA12: 1000 | AB12: 1000 | AC12: 1000 | AD12: 1000 | AE12: 1000 | AG12: =ROUND(SUM(T12:AB12)/1000,0) -> 9 | AJ12: =R12-AG12 -> 0 | AK12: =IF(AG12=0,IF(R12=0,"N/A","100%"),AJ12/AG12) -> 0
B13: 收入 | C13: 1 | E13: =SUM(E8:E12) -> 5000 | F13: =SUM(F8:F12) -> 5000 | G13: =SUM(G8:G12) -> 5000 | H13: =SUM(H8:H12) -> 5000 | I13: =SUM(I8:I12) -> 5000 | J13: =SUM(J8:J12) -> 5000 | K13: =SUM(K8:K12) -> 5000 | L13: =SUM(L8:L12) -> 5000 | ... P13: =SUM(P8:P12) -> 0 | R13: =SUM(R8:R12) -> 45 | T13: =SUM(T8:T12) -> 5000 | U13: =SUM(U8:U12) -> 5000 | V13: =SUM(V8:V12) -> 5000 | W13: =SUM(W8:W12) -> 5000 | X13: =SUM(X8:X12) -> 5000 | Y13: =SUM(Y8:Y12) -> 5000 | Z13: =SUM(Z8:Z12) -> 5000 | AA13: =SUM(AA8:AA12) -> 5000 | ... AE13: =SUM(AE8:AE12) -> 5000 | AG13: =SUM(AG8:AG12) -> 45 | AJ13: =R13-AG13 -> 0 | AK13: =IF(AG13=0,IF(R13=0,"N/A","100%"),AJ13/AG13) -> 0
B15: Income A1 | E15: 1000 | F15: 1000 | G15: 1000 | H15: 1000 | I15: 1000 | J15: 1000 | K15: 1000 | L15: 1000 | M15: 1000 | R15: =ROUND(SUM(E15:Q15)/1000,0) -> 9 | T15: 0 | U15: 1000 | V15: 1000 | W15: 1000 | X15: 1000 | Y15: 1000 | Z15: 1000 | AA15: 1000 | AB15: 1000 | AC15: 1000 | AD15: 1000 | AE15: 1000 | AG15: =ROUND(SUM(T15:AB15)/1000,0) -> 8 | AJ15: =R15-AG15 -> 1 | AK15: =IF(AG15=0,IF(R15=0,"N/A","100%"),AJ15/AG15) -> 0.125
B16: Income B1 | E16: 1000 | F16: 1000 | G16: 1000 | H16: 1000 | I16: 1000 | J16: 1000 | K16: 1000 | L16: 1000 | M16: 1000 | R16: =ROUND(SUM(E16:Q16)/1000,0) -> 9 | T16: 1000 | U16: 1000 | V16: 1000 | W16: 1000 | X16: 1000 | Y16: 1000 | Z16: 1000 | AA16: 1000 | AB16: 1000 | AC16: 1000 | AD16: 1000 | AE16: 1000 | AG16: =ROUND(SUM(T16:AB16)/1000,0) -> 9 | AJ16: =R16-AG16 -> 0 | AK16: =IF(AG16=0,IF(R16=0,"N/A","100%"),AJ16/AG16) -> 0
B17: 其他收入 | C17: 2 | E17: =SUM(E15:E16) -> 2000 | F17: =SUM(F15:F16) -> 2000 | G17: =SUM(G15:G16) -> 2000 | H17: =SUM(H15:H16) -> 2000 | I17: =SUM(I15:I16) -> 2000 | J17: =SUM(J15:J16) -> 2000 | K17: =SUM(K15:K16) -> 2000 | L17: =SUM(L15:L16) -> 2000 | ... P17: =SUM(P15:P16) -> 0 | R17: =SUM(R15:R16) -> 18 | T17: =SUM(T15:T16) -> 1000 | U17: =SUM(U15:U16) -> 2000 | V17: =SUM(V15:V16) -> 2000 | W17: =SUM(W15:W16) -> 2000 | X17: =SUM(X15:X16) -> 2000 | Y17: =SUM(Y15:Y16) -> 2000 | Z17: =SUM(Z15:Z16) -> 2000 | AA17: =SUM(AA15:AA16) -> 2000 | ... AE17: =SUM(AE15:AE16) -> 2000 | AG17: =ROUND(SUM(T17:AB17)/1000,0) -> 17 | AJ17: =R17-AG17 -> 1 | AK17: =IF(AG17=0,IF(R17=0,"N/A","100%"),AJ17/AG17) -> 0.058823529
E18: =SUM(E13,E17) -> 7000 | F18: =SUM(F13,F17) -> 7000 | G18: =SUM(G13,G17) -> 7000 | H18: =SUM(H13,H17) -> 7000 | I18: =SUM(I13,I17) -> 7000 | J18: =SUM(J13,J17) -> 7000 | K18: =SUM(K13,K17) -> 7000 | L18: =SUM(L13,L17) -> 7000 | ... P18: =SUM(P13,P17) -> 0 | R18: =SUM(R17,R13) -> 63 | T18: =SUM(T13,T17) -> 6000 | U18: =SUM(U13,U17) -> 7000 | V18: =SUM(V13,V17) -> 7000 | W18: =SUM(W13,W17) -> 7000 | X18: =SUM(X13,X17) -> 7000 | Y18: =SUM(Y13,Y17) -> 7000 | Z18: =SUM(Z13,Z17) -> 7000 | AA18: =SUM(AA13,AA17) -> 7000 | ... AE18: =SUM(AE13,AE17) -> 7000 | AG18: =SUM(AG17,AG13) -> 62 | AJ18: =R18-AG18 -> 1 | AK18: =IF(AG18=0,IF(R18=0,"N/A","100%"),AJ18/AG18) -> 0.016129032
B20: D1 | E20: 1000 | F20: 1000 | G20: 1000 | H20: 1000 | I20: 1000 | J20: 1000 | K20: 1000 | L20: 1000 | M20: 1000 | R20: =ROUND(SUM(E20:Q20)/1000,0) -> 9 | T20: 1000 | U20: 1000 | V20: 1000 | W20: 0 | X20: 0 | Y20: 0 | Z20: 0 | AA20: 0 | AB20: 0 | AC20: 0 | AD20: 0 | AE20: 0 | AG20: =ROUND(SUM(T20:V20)/1000,0) -> 3 | AJ20: =R20-AG20 -> 6 | AK20: =IF(AG20=0,IF(R20=0,"N/A","100%"),AJ20/AG20) -> 2
B21: E1 | E21: 1000 | F21: 1000 | G21: 1000 | H21: 1000 | I21: 1000 | J21: 1000 | K21: 1000 | L21: 1000 | M21: 1000 | R21: =ROUND(SUM(E21:Q21)/1000,0) -> 9 | T21: 1000 | U21: 1000 | V21: 1000 | W21: 1000 | X21: 1000 | Y21: 1000 | Z21: 1000 | AA21: 1000 | AB21: 1000 | AC21: 1000 | AD21: 1000 | AE21: 1000 | AG21: =ROUND(SUM(T21:AB21)/1000,0) -> 9 | AJ21: =R21-AG21 -> 0 | AK21: =IF(AG21=0,IF(R21=0,"N/A","100%"),AJ21/AG21) -> 0
B22: F1 | E22: 1000 | F22: 1000 | G22: 1000 | H22: 1000 | I22: 1000 | J22: 1000 | K22: 1000 | L22: 1000 | M22: 1000 | R22: =ROUND(SUM(E22:Q22)/1000,0) -> 9 | T22: 1000 | U22: 1000 | V22: 1000 | W22: 1000 | X22: 1000 | Y22: 1000 | Z22: 1000 | AA22: 1000 | AB22: 1000 | AC22: 1000 | AD22: 1000 | AE22: 1000 | AG22: =ROUND(SUM(T22:AB22)/1000,0) -> 9 | AJ22: =R22-AG22 -> 0 | AK22: =IF(AG22=0,IF(R22=0,"N/A","100%"),AJ22/AG22) -> 0
E23: =SUM(E20:E22) -> 3000 | F23: =SUM(F20:F22) -> 3000 | G23: =SUM(G20:G22) -> 3000 | H23: =SUM(H20:H22) -> 3000 | I23: =SUM(I20:I22) -> 3000 | J23: =SUM(J20:J22) -> 3000 | K23: =SUM(K20:K22) -> 3000 | L23: =SUM(L20:L22) -> 3000 | ... P23: =SUM(P20:P22) -> 0 | R23: =SUM(R20:R22) -> 27 | T23: =SUM(T20:T22) -> 3000 | U23: =SUM(U20:U22) -> 3000 | V23: =SUM(V20:V22) -> 3000 | W23: =SUM(W20:W22) -> 2000 | X23: =SUM(X20:X22) -> 2000 | Y23: =SUM(Y20:Y22) -> 2000 | Z23: =SUM(Z20:Z22) -> 2000 | AA23: =SUM(AA20:AA22) -> 2000 | ... AE23: =SUM(AE20:AE22) -> 2000 | AG23: =SUM(AG20:AG22) -> 21 | AJ23: =R23-AG23 -> 6 | AK23: =IF(AG23=0,IF(R23=0,"N/A","100%"),AJ23/AG23) -> 0.28571429
E25: =SUM(E18,E23) -> 10000 | F25: =SUM(F18,F23) -> 10000 | G25: =SUM(G18,G23) -> 10000 | H25: =SUM(H18,H23) -> 10000 | I25: =SUM(I18,I23) -> 10000 | J25: =SUM(J18,J23) -> 10000 | K25: =SUM(K18,K23) -> 10000 | L25: =SUM(L18,L23) -> 10000 | ... P25: =SUM(P18,P23) -> 0 | R25: =SUM(R18,R23) -> 90 | T25: =SUM(T18,T23) -> 9000 | U25: =SUM(U18,U23) -> 10000 | V25: =SUM(V18,V23) -> 10000 | W25: =SUM(W18,W23) -> 9000 | X25: =SUM(X18,X23) -> 9000 | Y25: =SUM(Y18,Y23) -> 9000 | Z25: =SUM(Z18,Z23) -> 9000 | AA25: =SUM(AA18,AA23) -> 9000 | ... AE25: =SUM(AE18,AE23) -> 9000 | AG25: =SUM(AG18,AG23) -> 83 | AJ25: =R25-AG25 -> 7 | AK25: =IF(AG25=0,IF(R25=0,"N/A","100%"),AJ25/AG25) -> 0.084337349
B27: Exp A | C27: 3 | E27: 0 | F27: 0 | G27: 0 | H27: 0 | I27: 0 | J27: 0 | K27: 0 | L27: 0 | M27: 0 | R27: =ROUND(SUM(E27:Q27)/1000,0) -> 0 | T27: 1000 | U27: 1000 | V27: 1000 | W27: 1000 | X27: 1000 | Y27: 1000 | Z27: 1000 | AA27: 1000 | AB27: 1000 | AC27: 1000 | AD27: 1000 | AE27: 1000 | AG27: =ROUND(SUM(T27:AB27)/1000,0) -> 9 | AJ27: =R27-AG27 -> -9 | AK27: =IF(AG27=0,IF(R27=0,"N/A","100%"),AJ27/AG27) -> -1
B28: Exp B | E28: 1000 | F28: 1000 | G28: 1000 | H28: 1000 | I28: 1000 | J28: 1000 | K28: 1000 | L28: 1000 | M28: 0 | R28: =ROUND(SUM(E28:Q28)/1000,0) -> 8 | T28: 1000 | U28: 1000 | V28: 1000 | W28: 1000 | X28: 1000 | Y28: 1000 | Z28: 1000 | AA28: 1000 | AB28: 1000 | AC28: 1000 | AD28: 1000 | AE28: 1000 | AG28: =ROUND(SUM(T28:AB28)/1000,0) -> 9 | AJ28: =R28-AG28 -> -1 | AK28: =IF(AG28=0,IF(R28=0,"N/A","100%"),AJ28/AG28) -> -0.11111111
B29: Exp C | E29: 1000 | F29: 1000 | G29: 1000 | H29: 1000 | I29: 1000 | J29: 1000 | K29: 1000 | L29: 0 | M29: 1000 | R29: =ROUND(SUM(E29:Q29)/1000,0) -> 8 | T29: 1000 | U29: 1000 | V29: 1000 | W29: 1000 | X29: 1000 | Y29: 1000 | Z29: 1000 | AA29: 1000 | AB29: 1000 | AC29: 1000 | AD29: 1000 | AE29: 1000 | AG29: =ROUND(SUM(T29:AB29)/1000,0) -> 9 | AJ29: =R29-AG29 -> -1 | AK29: =IF(AG29=0,IF(R29=0,"N/A","100%"),AJ29/AG29) -> -0.11111111
B30: Exp D | E30: 1000 | F30: 1000 | G30: 1000 | H30: 1000 | I30: 1000 | J30: 1000 | K30: 1000 | L30: 1000 | M30: 1000 | R30: =ROUND(SUM(E30:Q30)/1000,0) -> 9 | T30: 1000 | U30: 1000 | V30: 1000 | W30: 1000 | X30: 1000 | Y30: 1000 | Z30: 1000 | AA30: 1000 | AB30: 1000 | AC30: 1000 | AD30: 1000 | AE30: 1000 | AG30: =ROUND(SUM(T30:AB30)/1000,0) -> 9 | AJ30: =R30-AG30 -> 0 | AK30: =IF(AG30=0,IF(R30=0,"N/A","100%"),AJ30/AG30) -> 0
B31: Exp E | E31: 1000 | F31: 1000 | G31: 1000 | H31: 1000 | I31: 1000 | J31: 1000 | K31: 1000 | L31: 1000 | M31: 100000 | R31: =ROUND(SUM(E31:Q31)/1000,0) -> 108 | T31: 1000 | U31: 1000 | V31: 1000 | W31: 1000 | X31: 1000 | Y31: 1000 | Z31: 1000 | AA31: 1000 | AB31: 1000 | AC31: 1000 | AD31: 1000 | AE31: 1000 | AG31: =ROUND(SUM(T31:AB31)/1000,0) -> 9 | AJ31: =R31-AG31 -> 99 | AK31: =IF(AG31=0,IF(R31=0,"N/A","100%"),AJ31/AG31) -> 11
B32: Exp F | E32: 1000 | F32: 1000 | G32: 1000 | H32: 1000 | I32: 1000 | J32: 1000 | K32: 1000 | L32: 1000 | M32: 1000 | R32: =ROUND(SUM(E32:Q32)/1000,0) -> 9 | T32: 1000 | U32: 1000 | V32: 1000 | W32: 1000 | X32: 1000 | Y32: 1000 | Z32: 1000 | AA32: 1000 | AB32: 1000 | AC32: 1000 | AD32: 1000 | AE32: 1000 | AG32: =ROUND(SUM(T32:AB32)/1000,0) -> 9 | AJ32: =R32-AG32 -> 0 | AK32: =IF(AG32=0,IF(R32=0,"N/A","100%"),AJ32/AG32) -> 0
B33: Exp G | E33: 1000 | F33: 1000 | G33: 1000 | H33: 1000 | I33: 1000 | J33: 1000 | K33: 1000 | L33: 1000 | M33: 1000 | R33: =ROUND(SUM(E33:Q33)/1000,0) -> 9 | T33: 1000 | U33: 1000 | V33: 1000 | W33: 1000 | X33: 1000 | Y33: 1000 | Z33: 1000 | AA33: 1000 | AB33: 1000 | AC33: 1000 | AD33: 1000 | AE33: 1000 | AG33: =ROUND(SUM(T33:AB33)/1000,0) -> 9 | AJ33: =R33-AG33 -> 0 | AK33: =IF(AG33=0,IF(R33=0,"N/A","100%"),AJ33/AG33) -> 0
B34: Exp H | E34: 1000 | F34: 1000 | G34: 1000 | H34: 1000 | I34: 1000 | J34: 1000 | K34: 1000 | L34: 1000 | M34: 1000 | R34: =ROUND(SUM(E34:Q34)/1000,0) -> 9 | T34: 1000 | U34: 1000 | V34: 1000 | W34: 1000 | X34: 1000 | Y34: 1000 | Z34: 1000 | AA34: 1000 | AB34: 1000 | AC34: 1000 | AD34: 1000 | AE34: 1000 | AG34: =ROUND(SUM(T34:AB34)/1000,0) -> 9 | AJ34: =R34-AG34 -> 0 | AK34: =IF(AG34=0,IF(R34=0,"N/A","100%"),AJ34/AG34) -> 0
B35: Exp I | E35: 1000 | F35: 1000 | G35: 1000 | H35: 1000 | I35: 1000 | J35: 1000 | K35: 1000 | L35: 1000 | M35: 1000 | R35: =ROUND(SUM(E35:Q35)/1000,0) -> 9 | T35: 1000 | U35: 1000 | V35: 1000 | W35: 1000 | X35: 1000 | Y35: 1000 | Z35: 1000 | AA35: 1000 | AB35: 1000 | AC35: 1000 | AD35: 1000 | AE35: 1000 | AG35: =ROUND(SUM(T35:AB35)/1000,0) -> 9 | AJ35: =R35-AG35 -> 0 | AK35: =IF(AG35=0,IF(R35=0,"N/A","100%"),AJ35/AG35) -> 0
B36: Exp J | E36: 1000 | F36: 1000 | G36: 1000 | H36: 1000 | I36: 1000 | J36: 1000 | K36: 1000 | L36: 1000 | M36: 1000 | R36: =ROUND(SUM(E36:Q36)/1000,0) -> 9 | T36: 1000 | U36: 1000 | V36: 1000 | W36: 1000 | X36: 1000 | Y36: 1000 | Z36: 1000 | AA36: 1000 | AB36: 1000 | AC36: 1000 | AD36: 1000 | AE36: 1000 | AG36: =ROUND(SUM(T36:AB36)/1000,0) -> 9 | AJ36: =R36-AG36 -> 0 | AK36: =IF(AG36=0,IF(R36=0,"N/A","100%"),AJ36/AG36) -> 0
B37: Exp K | E37: 1000 | F37: 1000 | G37: 1000 | H37: 1000 | I37: 1000 | J37: 1000 | K37: 1000 | L37: 1000 | M37: 1000 | R37: =ROUND(SUM(E37:Q37)/1000,0) -> 9 | T37: 1000 | U37: 1000 | V37: 1000 | W37: 1000 | X37: 1000 | Y37: 1000 | Z37: 1000 | AA37: 1000 | AB37: 1000 | AC37: 1000 | AD37: 1000 | AE37: 1000 | AG37: =ROUND(SUM(T37:AB37)/1000,0) -> 9 | AJ37: =R37-AG37 -> 0 | AK37: =IF(AG37=0,IF(R37=0,"N/A","100%"),AJ37/AG37) -> 0
B38: Others | E38: 1000 | F38: 1000 | G38: 1000 | H38: 1000 | I38: 1000 | J38: 1000 | K38: 1000 | L38: 1000 | M38: 1000 | R38: =ROUND(SUM(E38:Q38)/1000,0) -> 9 | T38: 1000 | U38: 1000 | V38: 1000 | W38: 1000 | X38: 1000 | Y38: 1000 | Z38: 1000 | AA38: 1000 | AB38: 1000 | AC38: 1000 | AD38: 1000 | AE38: 1000 | AG38: =ROUND(SUM(T38:AB38)/1000,0) -> 9 | AJ38: =R38-AG38 -> 0 | AK38: =IF(AG38=0,IF(R38=0,"N/A","100%"),AJ38/AG38) -> 0 | AL38: A3-1
B39: Total Exp | E39: =SUM(E27:E38) -> 11000 | F39: =SUM(F27:F38) -> 11000 | G39: =SUM(G27:G38) -> 11000 | H39: =SUM(H27:H38) -> 11000 | I39: =SUM(I27:I38) -> 11000 | J39: =SUM(J27:J38) -> 11000 | K39: =SUM(K27:K38) -> 11000 | L39: =SUM(L27:L38) -> 10000 | ... R39: =SUM(R27:R38) -> 196 | T39: =SUM(T27:T38) -> 12000 | U39: =SUM(U27:U38) -> 12000 | V39: =SUM(V27:V38) -> 12000 | W39: =SUM(W27:W38) -> 12000 | X39: =SUM(X27:X38) -> 12000 | Y39: =SUM(Y27:Y38) -> 12000 | Z39: =SUM(Z27:Z38) -> 12000 | AA39: =SUM(AA27:AA38) -> 12000 | ... AG39: =SUM(AG27:AG38) -> 108 | AJ39: =R39-AG39 -> 88 | AK39: =IF(AG39=0,IF(R39=0,"N/A","100%"),AJ39/AG39) -> 0.81481481 | AL39: A3
B41: 營運盈餘 | E41: =E25-E39 -> -1000 | F41: =F25-F39 -> -1000 | G41: =G25-G39 -> -1000 | H41: =H25-H39 -> -1000 | I41: =I25-I39 -> -1000 | J41: =J25-J39 -> -1000 | K41: =K25-K39 -> -1000 | L41: =L25-L39 -> 0 | ... P41: =P25-P39 -> 0 | R41: =R25-R39 -> -106 | T41: =T25-T39 -> -3000 | U41: =U25-U39 -> -2000 | V41: =V25-V39 -> -2000 | W41: =W25-W39 -> -3000 | X41: =X25-X39 -> -3000 | Y41: =Y25-Y39 -> -3000 | Z41: =Z25-Z39 -> -3000 | AA41: =AA25-AA39 -> -3000 | ... AE41: =AE25-AE39 -> -3000 | AG41: =AG25-AG39 -> -25 | AJ41: =R41-AG41 -> -81 | AK41: =IF(AG41=0,IF(R41=0,"N/A","100%"),AJ41/AG41) -> 3.24
B43: 還本金 | E43: 1000 | F43: 1000 | G43: 1000 | H43: 1000 | I43: 1000 | J43: 1000 | K43: 1000 | L43: 1000 | M43: 1000 | R43: =ROUND(SUM(E43:Q43)/1000,0) -> 9 | T43: 1000 | U43: 1000 | V43: 1000 | W43: 1000 | X43: 1000 | Y43: 1000 | Z43: 1000 | AA43: 1000 | AB43: 1000 | AC43: 1000 | AD43: 1000 | AE43: 1000 | AG43: =ROUND(SUM(T43:AB43)/1000,0) -> 9 | AJ43: =R43-AG43 -> 0 | AK43: =IF(AG43=0,IF(R43=0,"N/A","100%"),AJ43/AG43) -> 0
B45: 利得稅支出 | E45: 0 | F45: 0 | G45: 0 | H45: 0 | I45: 0 | J45: 0 | K45: 0 | L45: 0 | M45: 0 | N45: 0 | O45: 0 | P45: 0 | Q45: 0 | R45: 0 | T45: 0 | U45: 0 | V45: 0 | W45: 0 | X45: 0 | Y45: 0 | Z45: 0 | AA45: 0 | AB45: 0 | AC45: 0 | AD45: 0 | AE45: 0 | AG45: =ROUND(SUM(T45:AF45)/1000,0) -> 0 | AJ45: =AG45-#REF! -> #REF! | AK45: =IF(#REF!=0,IF(AG45=0,"N/A","100%"),AJ45/#REF!) -> #REF!

Sheet Exp_private (YTD)
A1: 2022年12月份收入及付款記錄 - 個人
A2: 與上年比較
R4: YTD | AG4: YTD
E5: 44652 | F5: 44682 | G5: 44713 | H5: 44743 | I5: 44774 | J5: 44805 | K5: 44835 | L5: 44866 | M5: 44896 | N5: 44927 | O5: 44958 | P5: 44986 | R5: 44896 | T5: 44287 | U5: 44317 | V5: 44348 | W5: 44378 | X5: 44409 | Y5: 44440 | Z5: 44470 | AA5: 44501 | AB5: 44531 | AC5: 44562 | AD5: 44593 | AE5: 44621 | AG5: 44531 | AJ5: 增/(減)
C6: 附註 | R6: HK$'000 | AG6: HK$'000 | AJ6: HK$'000 | AK6: %
B8: Private income A | E8: 1000 | F8: 1000 | G8: 1000 | H8: 1000 | I8: 1000 | J8: 1000 | K8: 1000 | L8: 1000 | M8: 1000 | R8: =ROUND(SUM(E8:Q8)/1000,0) -> 9 | T8: 1000 | U8: 1000 | V8: 1000 | W8: 1000 | X8: 1000 | Y8: 1000 | Z8: 1000 | AA8: 1000 | AB8: 1000 | AC8: 1000 | AD8: 1000 | AE8: 1000 | AG8: =ROUND(SUM(T8:AB8)/1000,0) -> 9 | AJ8: =R8-AG8 -> 0 | AK8: =IF(AG8=0,IF(R8=0,"N/A","100%"),AJ8/AG8) -> 0
B9: Private income B | E9: 1000 | F9: 1000 | G9: 1000 | H9: 1000 | I9: 1000 | J9: 1000 | K9: 1000 | L9: 1000 | M9: 1000 | R9: =ROUND(SUM(E9:Q9)/1000,0) -> 9 | T9: 1000 | U9: 1000 | V9: 1000 | W9: 1000 | X9: 1000 | Y9: 1000 | Z9: 1000 | AA9: 1000 | AB9: 1000 | AC9: 1000 | AD9: 1000 | AE9: 1000 | AG9: =ROUND(SUM(T9:AB9)/1000,0) -> 9 | AJ9: =R9-AG9 -> 0 | AK9: =IF(AG9=0,IF(R9=0,"N/A","100%"),AJ9/AG9) -> 0
B10: Private income C | E10: 1000 | F10: 1000 | G10: 1000 | H10: 1000 | I10: 1000 | J10: 1000 | K10: 1000 | L10: 1000 | M10: 1000 | R10: =ROUND(SUM(E10:Q10)/1000,0) -> 9 | T10: 1000 | U10: 1000 | V10: 1000 | W10: 1000 | X10: 1000 | Y10: 1000 | Z10: 1000 | AA10: 1000 | AB10: 1000 | AC10: 1000 | AD10: 1000 | AE10: 1000 | AG10: =ROUND(SUM(T10:AB10)/1000,0) -> 9 | AJ10: =R10-AG10 -> 0 | AK10: =IF(AG10=0,IF(R10=0,"N/A","100%"),AJ10/AG10) -> 0
B11: Private income D | E11: 0 | F11: 0 | G11: 0 | H11: 0 | R11: =ROUND(SUM(E11:Q11)/1000,0) -> 0 | T11: 0 | U11: 0 | V11: 0 | W11: 0 | X11: 0 | Y11: 0 | Z11: 0 | AA11: 0 | AB11: 0 | AC11: 0 | AD11: 0 | AE11: 0 | AG11: =ROUND(SUM(T11:AB11)/1000,0) -> 0 | AJ11: =R11-AG11 -> 0 | AK11: =IF(AG11=0,IF(R11=0,"N/A","100%"),AJ11/AG11) -> N/A
B12: Private income E | E12: 0 | F12: 0 | G12: 0 | H12: 0 | R12: =ROUND(SUM(E12:Q12)/1000,0) -> 0 | T12: 0 | U12: 0 | V12: 0 | W12: 0 | X12: 0 | Y12: 0 | Z12: 0 | AA12: 0 | AB12: 0 | AC12: 0 | AD12: 0 | AE12: 0 | AG12: =ROUND(SUM(T12:AB12)/1000,0) -> 0 | AJ12: =R12-AG12 -> 0 | AK12: =IF(AG12=0,IF(R12=0,"N/A","100%"),AJ12/AG12) -> N/A
B13: Private income F | E13: 0 | F13: 0 | G13: 0 | H13: 0 | R13: =ROUND(SUM(E13:Q13)/1000,0) -> 0 | T13: 0 | U13: 0 | V13: 0 | W13: 0 | X13: 0 | Y13: 0 | Z13: 0 | AA13: 0 | AB13: 0 | AC13: 0 | AD13: 0 | AE13: 0 | AG13: =ROUND(SUM(T13:W13)/1000,0) -> 0 | AJ13: =R13-AG13 -> 0 | AK13: =IF(AG13=0,IF(R13=0,"N/A","100%"),AJ13/AG13) -> N/A
B14: Private income | E14: =SUM(E8:E13) -> 3000 | F14: =SUM(F8:F13) -> 3000 | G14: =SUM(G8:G13) -> 3000 | H14: =SUM(H8:H13) -> 3000 | I14: =SUM(I8:I13) -> 3000 | J14: =SUM(J8:J13) -> 3000 | K14: =SUM(K8:K13) -> 3000 | L14: =SUM(L8:L13) -> 3000 | ... P14: =SUM(P8:P13) -> 0 | R14: =SUM(R8:R13) -> 27 | T14: =SUM(T8:T13) -> 3000 | U14: =SUM(U8:U13) -> 3000 | V14: =SUM(V8:V13) -> 3000 | W14: =SUM(W8:W13) -> 3000 | X14: =SUM(X8:X13) -> 3000 | Y14: =SUM(Y8:Y13) -> 3000 | Z14: =SUM(Z8:Z13) -> 3000 | AA14: =SUM(AA8:AA13) -> 3000 | ... AE14: =SUM(AE8:AE13) -> 3000 | AG14: =SUM(AG8:AG13) -> 27 | AJ14: =R14-AG14 -> 0 | AK14: =IF(AG14=0,IF(R14=0,"N/A","100%"),AJ14/AG14) -> 0
B16: Private Exp A | E16: 1000 | F16: 1000 | G16: 1000 | H16: 1000 | I16: 1000 | J16: 1000 | K16: 1000 | L16: 1000 | M16: 1000 | R16: =ROUND(SUM(E16:Q16)/1000,0) -> 9 | T16: 1000 | U16: 1000 | V16: 1000 | W16: 1000 | X16: 1000 | Y16: 1000 | Z16: 1000 | AA16: 1000 | AB16: 1000 | AC16: 1000 | AD16: 1000 | AE16: 1000 | AG16: =ROUND(SUM(T16:AB16)/1000,0) -> 9 | AJ16: =R16-AG16 -> 0 | AK16: =IF(AG16=0,IF(R16=0,"N/A","100%"),AJ16/AG16) -> 0
B17: Private Exp B | E17: 1000 | F17: 1000 | G17: 1000 | H17: 1000 | I17: 1000 | J17: 1000 | K17: 1000 | L17: 1000 | M17: 1000 | R17: =ROUND(SUM(E17:Q17)/1000,0) -> 9 | T17: 1000 | U17: 1000 | V17: 1000 | W17: 1000 | X17: 1000 | Y17: 1000 | Z17: 1000 | AA17: 1000 | AB17: 1000 | AC17: 1000 | AD17: 1000 | AE17: 1000 | AG17: =ROUND(SUM(T17:AB17)/1000,0) -> 9 | AJ17: =R17-AG17 -> 0 | AK17: =IF(AG17=0,IF(R17=0,"N/A","100%"),AJ17/AG17) -> 0
B18: Private Exp C | C18: 1 | E18: 1000 | F18: 0 | G18: 0 | H18: 1000 | I18: 1000 | J18: 1000 | K18: 1000 | L18: 990 | M18: 1000 | R18: =ROUND(SUM(E18:Q18)/1000,0) -> 7 | T18: 1000 | U18: 1000 | V18: 1000 | W18: 1000 | X18: 1000 | Y18: 1000 | Z18: 1000 | AA18: 1000 | AB18: 1000 | AC18: 1000 | AD18: 1000 | AE18: 1000 | AG18: =ROUND(SUM(T18:AB18)/1000,0) -> 9 | AJ18: =R18-AG18 -> -2 | AK18: =IF(AG18=0,IF(R18=0,"N/A","100%"),AJ18/AG18) -> -0.22222222
B19: Private Exp D | E19: 1000 | F19: 1000 | G19: 1000 | H19: 1000 | I19: 1000 | J19: 1000 | K19: 1000 | L19: 1000 | M19: 990 | R19: =ROUND(SUM(E19:Q19)/1000,0) -> 9 | T19: 1000 | U19: 1000 | V19: 1000 | W19: 1000 | X19: 1000 | Y19: 1000 | Z19: 1000 | AA19: 1000 | AB19: 1000 | AC19: 1000 | AD19: 1000 | AE19: 1000 | AG19: =ROUND(SUM(T19:AB19)/1000,0) -> 9 | AJ19: =R19-AG19 -> 0 | AK19: =IF(AG19=0,IF(R19=0,"N/A","100%"),AJ19/AG19) -> 0
B20: Private Exp E | E20: 1000 | F20: 1000 | G20: 1000 | H20: 1000 | I20: 1000 | J20: 1000 | K20: 1000 | L20: 1000 | M20: 0 | R20: =ROUND(SUM(E20:Q20)/1000,0) -> 8 | T20: 1000 | U20: 1000 | V20: 1000 | W20: 1000 | X20: 1000 | Y20: 1000 | Z20: 1000 | AA20: 1000 | AB20: 1000 | AC20: 1000 | AD20: 1000 | AE20: 1000 | AG20: =ROUND(SUM(T20:AB20)/1000,0) -> 9 | AJ20: =R20-AG20 -> -1 | AK20: =IF(AG20=0,IF(R20=0,"N/A","100%"),AJ20/AG20) -> -0.11111111
B21: Private Exp F | C21: 2 | E21: 1000 | F21: 1000 | G21: 1000 | H21: 1000 | I21: 1000 | J21: 1000 | K21: 1000 | L21: 0 | M21: 0 | R21: =ROUND(SUM(E21:Q21)/1000,0) -> 7 | T21: 1000 | U21: 1000 | V21: 1000 | W21: 1000 | X21: 1000 | Y21: 1000 | Z21: 1000 | AA21: 1000 | AB21: 1000 | AC21: 1000 | AD21: 1000 | AE21: 1000 | AG21: =ROUND(SUM(T21:AB21)/1000,0) -> 9 | AJ21: =R21-AG21 -> -2 | AK21: =IF(AG21=0,IF(R21=0,"N/A","100%"),AJ21/AG21) -> -0.22222222
B22: Private Exp G | C22: 2 | E22: 1000 | F22: 1000 | G22: 1000 | H22: 1000 | I22: 1000 | J22: 1000 | K22: 1000 | L22: 0 | M22: 1000 | R22: =ROUND(SUM(E22:Q22)/1000,0) -> 8 | T22: 1000 | U22: 1000 | V22: 1000 | W22: 1000 | X22: 1000 | Y22: 1000 | Z22: 1000 | AA22: 1000 | AB22: 1000 | AC22: 1000 | AD22: 1000 | AE22: 1000 | AG22: =ROUND(SUM(T22:AB22)/1000,0) -> 9 | AJ22: =R22-AG22 -> -1 | AK22: =IF(AG22=0,IF(R22=0,"N/A","100%"),AJ22/AG22) -> -0.11111111
B23: Private Exp H | C23: 2 | E23: 1000 | F23: 1000 | G23: 1000 | H23: 1000 | I23: 1000 | J23: 1000 | K23: 1000 | L23: 1000 | M23: 1000 | R23: =ROUND(SUM(E23:Q23)/1000,0) -> 9 | T23: 1000 | U23: 1000 | V23: 1000 | W23: 1000 | X23: 1000 | Y23: 1000 | Z23: 1000 | AA23: 1000 | AB23: 1000 | AC23: 1000 | AD23: 1000 | AE23: 1000 | AG23: =ROUND(SUM(T23:AB23)/1000,0) -> 9 | AJ23: =R23-AG23 -> 0 | AK23: =IF(AG23=0,IF(R23=0,"N/A","100%"),AJ23/AG23) -> 0
B24: Private Exp I | C24: 2 | E24: 1000 | F24: 1000 | G24: 1000 | H24: 1000 | I24: 1000 | J24: 1000 | K24: 1000 | L24: 1000 | M24: 1000 | R24: =ROUND(SUM(E24:Q24)/1000,0) -> 9 | T24: 1000 | U24: 1000 | V24: 1000 | W24: 1000 | X24: 1000 | Y24: 1000 | Z24: 1000 | AA24: 1000 | AB24: 1000 | AC24: 1000 | AD24: 1000 | AE24: 1000 | AG24: =ROUND(SUM(T24:AB24)/1000,0) -> 9 | AJ24: =R24-AG24 -> 0 | AK24: =IF(AG24=0,IF(R24=0,"N/A","100%"),AJ24/AG24) -> 0
B25: Private Exp J | C25: 2 | E25: 1000 | F25: 1000 | G25: 1000 | H25: 1000 | I25: 1000 | J25: 1000 | K25: 1000 | L25: 1000 | M25: 1000 | R25: =ROUND(SUM(E25:Q25)/1000,0) -> 9 | T25: 0 | U25: 0 | V25: 0 | W25: 0 | X25: 0 | Y25: 0 | Z25: 0 | AA25: 0 | AB25: 0 | AC25: 0 | AD25: 0 | AE25: 0 | AG25: =ROUND(SUM(T25:AB25)/1000,0) -> 0 | AJ25: =R25-AG25 -> 9 | AK25: =IF(AG25=0,IF(R25=0,"N/A","100%"),AJ25/AG25) -> 100%
B26: Private Exp K | C26: 2 | E26: 1000 | F26: 1000 | G26: 1000 | H26: 1000 | I26: 1000 | J26: 1000 | K26: 1000 | L26: 1000 | M26: 1000 | R26: =ROUND(SUM(E26:Q26)/1000,0) -> 9 | T26: 1000 | U26: 1000 | V26: 1000 | W26: 1000 | X26: 1000 | Y26: 1000 | Z26: 1000 | AA26: 1000 | AB26: 1000 | AC26: 1000 | AD26: 1000 | AE26: 1000 | AG26: =ROUND(SUM(T26:AB26)/1000,0) -> 9 | AJ26: =R26-AG26 -> 0 | AK26: =IF(AG26=0,IF(R26=0,"N/A","100%"),AJ26/AG26) -> 0
B27: Private Exp L | C27: 2 | E27: 1000 | F27: 1000 | G27: 1000 | H27: 1000 | I27: 1000 | J27: 1000 | K27: 1000 | L27: 1000 | M27: 1000 | R27: =ROUND(SUM(E27:Q27)/1000,0) -> 9 | T27: 1000 | U27: 1000 | V27: 1000 | W27: 1000 | X27: 1000 | Y27: 1000 | Z27: 1000 | AA27: 1000 | AB27: 1000 | AC27: 1000 | AD27: 1000 | AE27: 1000 | AG27: =ROUND(SUM(T27:AB27)/1000,0) -> 9 | AJ27: =R27-AG27 -> 0 | AK27: =IF(AG27=0,IF(R27=0,"N/A","100%"),AJ27/AG27) -> 0
B28: Private Exp M | C28: 2 | E28: 1000 | F28: 1000 | G28: 1000 | H28: 1000 | I28: 1000 | J28: 1000 | K28: 1000 | L28: 1000 | M28: 1000 | R28: =ROUND(SUM(E28:Q28)/1000,0) -> 9 | T28: 1000 | U28: 1000 | V28: 1000 | W28: 1000 | X28: 1000 | Y28: 1000 | Z28: 1000 | AA28: 1000 | AB28: 1000 | AC28: 1000 | AD28: 1000 | AE28: 1000 | AG28: =ROUND(SUM(T28:AB28)/1000,0) -> 9 | AJ28: =R28-AG28 -> 0 | AK28: =IF(AG28=0,IF(R28=0,"N/A","100%"),AJ28/AG28) -> 0
B29: Private Exp N | C29: 2 | E29: 1000 | F29: 1000 | G29: 1000 | H29: 1000 | I29: 1000 | J29: 1000 | K29: 1000 | L29: 1000 | M29: 1000 | R29: =ROUND(SUM(E29:Q29)/1000,0) -> 9 | T29: 1000 | U29: 1000 | V29: 1000 | W29: 1000 | X29: 1000 | Y29: 1000 | Z29: 1000 | AA29: 1000 | AB29: 1000 | AC29: 1000 | AD29: 1000 | AE29: 1000 | AG29: =ROUND(SUM(T29:AB29)/1000,0) -> 9 | AJ29: =R29-AG29 -> 0 | AK29: =IF(AG29=0,IF(R29=0,"N/A","100%"),AJ29/AG29) -> 0
B30: Others | C30: 2 | E30: 1000 | F30: 1000 | G30: 1000 | H30: 1000 | I30: 1000 | J30: 1000 | K30: 1000 | L30: 1000 | M30: 1000 | R30: =ROUND(SUM(E30:Q30)/1000,0) -> 9 | T30: 1000 | U30: 1000 | V30: 1000 | W30: 1000 | X30: 1000 | Y30: 1000 | Z30: 1000 | AA30: 1000 | AB30: 1000 | AC30: 1000 | AD30: 1000 | AE30: 1000 | AG30: =ROUND(SUM(T30:AB30)/1000,0) -> 9 | AJ30: =R30-AG30 -> 0 | AK30: =IF(AG30=0,IF(R30=0,"N/A","100%"),AJ30/AG30) -> 0
B31: Private Exp | E31: =SUM(E16:E30) -> 15000 | F31: =SUM(F16:F30) -> 14000 | G31: =SUM(G16:G30) -> 14000 | H31: =SUM(H16:H30) -> 15000 | I31: =SUM(I16:I30) -> 15000 | J31: =SUM(J16:J30) -> 15000 | K31: =SUM(K16:K30) -> 15000 | L31: =SUM(L16:L30) -> 12990 | ... P31: =SUM(P16:P30) -> 0 | R31: =SUM(R16:R30) -> 129 | T31: =SUM(T16:T30) -> 14000 | U31: =SUM(U16:U30) -> 14000 | V31: =SUM(V16:V30) -> 14000 | W31: =SUM(W16:W30) -> 14000 | X31: =SUM(X16:X30) -> 14000 | Y31: =SUM(Y16:Y30) -> 14000 | Z31: =SUM(Z16:Z30) -> 14000 | AA31: =SUM(AA16:AA30) -> 14000 | ... AE31: =SUM(AE16:AE30) -> 14000 | AG31: =SUM(AG16:AG30) -> 126 | AJ31: =R31-AG31 -> 3 | AK31: =IF(AG31=0,IF(R31=0,"N/A","100%"),AJ31/AG31) -> 0.023809524 | AM31: #REF! | AN31: Diff

Sheet Exp_Co (MTM)
A1: 2022年12月份營運支出 - 公司
A2: 與上月比較
B5: MONTH | F5: 3月 | I5: 2月 | L5: 1月 | O5: 12月 | R5: 11月 | U5: 10月 | X5: 9月 | AA5: 8月 | AD5: 7月 | AG5: 6月 | AJ5: 5月 | AM5: 4月 | AP5: 3月 | AR5: 增/(減) | AT5: 附錄
C6: 附註 | F6: HK$'000 | I6: HK$'000 | L6: HK$'000 | O6: HK$'000 | R6: HK$'000 | U6: HK$'000 | X6: HK$'000 | AA6: HK$'000 | AD6: HK$'000 | AG6: HK$'000 | AJ6: HK$'000 | AM6: HK$'000 | AP6: HK$'000 | AR6: HK$'000 | AS6: %
B7: Income A | E7: =VLOOKUP($B7,'Exp_Co (YTD)'!$B$8:$AI$43,15,FALSE) -> 0 | F7: =ROUND(E7/1000,0) -> 0 | H7: =VLOOKUP($B7,'Exp_Co (YTD)'!$B$8:$AI$43,14,FALSE) -> 0 | I7: =ROUND(H7/1000,0) -> 0 | K7: =VLOOKUP($B7,'Exp_Co (YTD)'!$B$8:$AI$43,13,FALSE) -> 0 | L7: =ROUND(K7/1000,0) -> 0 | N7: =VLOOKUP($B7,'Exp_Co (YTD)'!$B$8:$AI$43,12,FALSE) -> 1000 | O7: =ROUND(N7/1000,0) -> 1 | Q7: =VLOOKUP($B7,'Exp_Co (YTD)'!$B$8:$AI$43,11,FALSE) -> 1000 | R7: =ROUND(Q7/1000,0) -> 1 | T7: =VLOOKUP($B7,'Exp_Co (YTD)'!$B$8:$AI$43,10,FALSE) -> 1000 | U7: =ROUND(T7/1000,0) -> 1 | W7: =VLOOKUP($B7,'Exp_Co (YTD)'!$B$8:$AI$43,9,FALSE) -> 1000 | X7: =ROUND(W7/1000,0) -> 1 | Z7: =VLOOKUP($B7,'Exp_Co (YTD)'!$B$8:$AI$43,8,FALSE) -> 1000 | AA7: =ROUND(Z7/1000,0) -> 1 | AC7: =VLOOKUP($B7,'Exp_Co (YTD)'!$B$8:$AI$43,7,FALSE) -> 1000 | AD7: =ROUND(AC7/1000,0) -> 1 | AF7: =VLOOKUP($B7,'Exp_Co (YTD)'!$B$8:$AI$43,6,FALSE) -> 1000 | AG7: =ROUND(AF7/1000,0) -> 1 | AI7: =VLOOKUP($B7,'Exp_Co (YTD)'!$B$8:$AI$43,5,FALSE) -> 1000 | AJ7: =ROUND(AI7/1000,0) -> 1 | AL7: =VLOOKUP($B7,'Exp_Co (YTD)'!$B$8:$AI$43,4,FALSE) -> 1000 | AM7: =ROUND(AL7/1000,0) -> 1 | AO7: =VLOOKUP(B7,'Exp_Co (YTD)'!$B$8:$AI$43,30,FALSE) -> 1000 | AP7: =ROUND(AO7/1000,0) -> 1 | AR7: =O7-R7 -> 0 | AS7: =IF(R7=0,IF(O7=0,"N/A","100%"),AR7/R7) -> 0
B8: Income B | E8: =VLOOKUP($B8,'Exp_Co (YTD)'!$B$8:$AI$43,15,FALSE) -> 0 | F8: =ROUND(E8/1000,0) -> 0 | H8: =VLOOKUP($B8,'Exp_Co (YTD)'!$B$8:$AI$43,14,FALSE) -> 0 | I8: =ROUND(H8/1000,0) -> 0 | K8: =VLOOKUP($B8,'Exp_Co (YTD)'!$B$8:$AI$43,13,FALSE) -> 0 | L8: =ROUND(K8/1000,0) -> 0 | N8: =VLOOKUP($B8,'Exp_Co (YTD)'!$B$8:$AI$43,12,FALSE) -> 1000 | O8: =ROUND(N8/1000,0) -> 1 | Q8: =VLOOKUP($B8,'Exp_Co (YTD)'!$B$8:$AI$43,11,FALSE) -> 1000 | R8: =ROUND(Q8/1000,0) -> 1 | T8: =VLOOKUP($B8,'Exp_Co (YTD)'!$B$8:$AI$43,10,FALSE) -> 1000 | U8: =ROUND(T8/1000,0) -> 1 | W8: =VLOOKUP($B8,'Exp_Co (YTD)'!$B$8:$AI$43,9,FALSE) -> 1000 | X8: =ROUND(W8/1000,0) -> 1 | Z8: =VLOOKUP($B8,'Exp_Co (YTD)'!$B$8:$AI$43,8,FALSE) -> 1000 | AA8: =ROUND(Z8/1000,0) -> 1 | AC8: =VLOOKUP($B8,'Exp_Co (YTD)'!$B$8:$AI$43,7,FALSE) -> 1000 | AD8: =ROUND(AC8/1000,0) -> 1 | AF8: =VLOOKUP($B8,'Exp_Co (YTD)'!$B$8:$AI$43,6,FALSE) -> 1000 | AG8: =ROUND(AF8/1000,0) -> 1 | AI8: =VLOOKUP($B8,'Exp_Co (YTD)'!$B$8:$AI$43,5,FALSE) -> 1000 | AJ8: =ROUND(AI8/1000,0) -> 1 | AL8: =VLOOKUP($B8,'Exp_Co (YTD)'!$B$8:$AI$43,4,FALSE) -> 1000 | AM8: =ROUND(AL8/1000,0)-1 -> 0 | AO8: =VLOOKUP(B8,'Exp_Co (YTD)'!$B$8:$AI$43,30,FALSE) -> 1000 | AP8: =ROUND(AO8/1000,0) -> 1 | AR8: =O8-R8 -> 0 | AS8: =IF(R8=0,IF(O8=0,"N/A","100%"),AR8/R8) -> 0
B9: Income C | E9: =VLOOKUP($B9,'Exp_Co (YTD)'!$B$8:$AI$43,15,FALSE) -> 0 | F9: =ROUND(E9/1000,0) -> 0 | H9: =VLOOKUP($B9,'Exp_Co (YTD)'!$B$8:$AI$43,14,FALSE) -> 0 | I9: =ROUND(H9/1000,0) -> 0 | K9: =VLOOKUP($B9,'Exp_Co (YTD)'!$B$8:$AI$43,13,FALSE) -> 0 | L9: =ROUND(K9/1000,0) -> 0 | N9: =VLOOKUP($B9,'Exp_Co (YTD)'!$B$8:$AI$43,12,FALSE) -> 1000 | O9: =ROUND(N9/1000,0) -> 1 | Q9: =VLOOKUP($B9,'Exp_Co (YTD)'!$B$8:$AI$43,11,FALSE) -> 1000 | R9: =ROUND(Q9/1000,0) -> 1 | T9: =VLOOKUP($B9,'Exp_Co (YTD)'!$B$8:$AI$43,10,FALSE) -> 1000 | U9: =ROUND(T9/1000,0) -> 1 | W9: =VLOOKUP($B9,'Exp_Co (YTD)'!$B$8:$AI$43,9,FALSE) -> 1000 | X9: =ROUND(W9/1000,0) -> 1 | Z9: =VLOOKUP($B9,'Exp_Co (YTD)'!$B$8:$AI$43,8,FALSE) -> 1000 | AA9: =ROUND(Z9/1000,0) -> 1 | AC9: =VLOOKUP($B9,'Exp_Co (YTD)'!$B$8:$AI$43,7,FALSE) -> 1000 | AD9: =ROUND(AC9/1000,0) -> 1 | AF9: =VLOOKUP($B9,'Exp_Co (YTD)'!$B$8:$AI$43,6,FALSE) -> 1000 | AG9: =ROUND(AF9/1000,0) -> 1 | AI9: =VLOOKUP($B9,'Exp_Co (YTD)'!$B$8:$AI$43,5,FALSE) -> 1000 | AJ9: =ROUND(AI9/1000,0) -> 1 | AL9: =VLOOKUP($B9,'Exp_Co (YTD)'!$B$8:$AI$43,4,FALSE) -> 1000 | AM9: =ROUND(AL9/1000,0) -> 1 | AO9: =VLOOKUP(B9,'Exp_Co (YTD)'!$B$8:$AI$43,30,FALSE) -> 1000 | AP9: =ROUND(AO9/1000,0) -> 1 | AR9: =O9-R9 -> 0 | AS9: =IF(R9=0,IF(O9=0,"N/A","100%"),AR9/R9) -> 0
B10: Income D | E10: =VLOOKUP($B10,'Exp_Co (YTD)'!$B$8:$AI$43,15,FALSE) -> 0 | F10: =ROUND(E10/1000,0) -> 0 | H10: =VLOOKUP($B10,'Exp_Co (YTD)'!$B$8:$AI$43,14,FALSE) -> 0 | I10: =ROUND(H10/1000,0) -> 0 | K10: =VLOOKUP($B10,'Exp_Co (YTD)'!$B$8:$AI$43,13,FALSE) -> 0 | L10: =ROUND(K10/1000,0) -> 0 | N10: =VLOOKUP($B10,'Exp_Co (YTD)'!$B$8:$AI$43,12,FALSE) -> 1000 | O10: =ROUND(N10/1000,0) -> 1 | Q10: =VLOOKUP($B10,'Exp_Co (YTD)'!$B$8:$AI$43,11,FALSE) -> 1000 | R10: =ROUND(Q10/1000,0) -> 1 | T10: =VLOOKUP($B10,'Exp_Co (YTD)'!$B$8:$AI$43,10,FALSE) -> 1000 | U10: =ROUND(T10/1000,0) -> 1 | W10: =VLOOKUP($B10,'Exp_Co (YTD)'!$B$8:$AI$43,9,FALSE) -> 1000 | X10: =ROUND(W10/1000,0) -> 1 | Z10: =VLOOKUP($B10,'Exp_Co (YTD)'!$B$8:$AI$43,8,FALSE) -> 1000 | AA10: =ROUND(Z10/1000,0) -> 1 | AC10: =VLOOKUP($B10,'Exp_Co (YTD)'!$B$8:$AI$43,7,FALSE) -> 1000 | AD10: =ROUND(AC10/1000,0) -> 1 | AF10: =VLOOKUP($B10,'Exp_Co (YTD)'!$B$8:$AI$43,6,FALSE) -> 1000 | AG10: =ROUND(AF10/1000,0)+1 -> 2 | AI10: =VLOOKUP($B10,'Exp_Co (YTD)'!$B$8:$AI$43,5,FALSE) -> 1000 | AJ10: =ROUND(AI10/1000,0) -> 1 | AL10: =VLOOKUP($B10,'Exp_Co (YTD)'!$B$8:$AI$43,4,FALSE) -> 1000 | AM10: =ROUND(AL10/1000,0) -> 1 | AO10: =VLOOKUP(B10,'Exp_Co (YTD)'!$B$8:$AI$43,30,FALSE) -> 1000 | AP10: =ROUND(AO10/1000,0) -> 1 | AR10: =O10-R10 -> 0 | AS10: =IF(R10=0,IF(O10=0,"N/A","100%"),AR10/R10) -> 0
B11: Income E | E11: =VLOOKUP($B11,'Exp_Co (YTD)'!$B$8:$AI$43,15,FALSE) -> 0 | F11: =ROUND(E11/1000,0) -> 0 | H11: =VLOOKUP($B11,'Exp_Co (YTD)'!$B$8:$AI$43,14,FALSE) -> 0 | I11: =ROUND(H11/1000,0) -> 0 | K11: =VLOOKUP($B11,'Exp_Co (YTD)'!$B$8:$AI$43,13,FALSE) -> 0 | L11: =ROUND(K11/1000,0) -> 0 | N11: =VLOOKUP($B11,'Exp_Co (YTD)'!$B$8:$AI$43,12,FALSE) -> 1000 | O11: =ROUND(N11/1000,0) -> 1 | Q11: =VLOOKUP($B11,'Exp_Co (YTD)'!$B$8:$AI$43,11,FALSE) -> 1000 | R11: =ROUND(Q11/1000,0) -> 1 | T11: =VLOOKUP($B11,'Exp_Co (YTD)'!$B$8:$AI$43,10,FALSE) -> 1000 | U11: =ROUND(T11/1000,0) -> 1 | W11: =VLOOKUP($B11,'Exp_Co (YTD)'!$B$8:$AI$43,9,FALSE) -> 1000 | X11: =ROUND(W11/1000,0) -> 1 | Z11: =VLOOKUP($B11,'Exp_Co (YTD)'!$B$8:$AI$43,8,FALSE) -> 1000 | AA11: =ROUND(Z11/1000,0) -> 1 | AC11: =VLOOKUP($B11,'Exp_Co (YTD)'!$B$8:$AI$43,7,FALSE) -> 1000 | AD11: =ROUND(AC11/1000,0) -> 1 | AF11: =VLOOKUP($B11,'Exp_Co (YTD)'!$B$8:$AI$43,6,FALSE) -> 1000 | AG11: =ROUND(AF11/1000,0) -> 1 | AI11: =VLOOKUP($B11,'Exp_Co (YTD)'!$B$8:$AI$43,5,FALSE) -> 1000 | AJ11: =ROUND(AI11/1000,0) -> 1 | AL11: =VLOOKUP($B11,'Exp_Co (YTD)'!$B$8:$AI$43,4,FALSE) -> 1000 | AM11: =ROUND(AL11/1000,0) -> 1 | AO11: =VLOOKUP(B11,'Exp_Co (YTD)'!$B$8:$AI$43,30,FALSE) -> 1000 | AP11: =ROUND(AO11/1000,0) -> 1 | AR11: =O11-R11 -> 0 | AS11: =IF(R11=0,IF(O11=0,"N/A","100%"),AR11/R11) -> 0
B12: 收入 | C12: 1 | E12: =SUM(E7:E11) -> 0 | F12: =SUM(F7:F11) -> 0 | H12: =SUM(H7:H11) -> 0 | I12: =SUM(I7:I11) -> 0 | K12: =SUM(K7:K11) -> 0 | L12: =SUM(L7:L11) -> 0 | N12: =SUM(N7:N11) -> 5000 | O12: =SUM(O7:O11) -> 5 | Q12: =SUM(Q7:Q11) -> 5000 | R12: =SUM(R7:R11) -> 5 | T12: =SUM(T7:T11) -> 5000 | U12: =SUM(U7:U11) -> 5 | W12: =SUM(W7:W11) -> 5000 | X12: =SUM(X7:X11) -> 5 | Z12: =SUM(Z7:Z11) -> 5000 | AA12: =SUM(AA7:AA11) -> 5 | AC12: =SUM(AC7:AC11) -> 5000 | AD12: =SUM(AD7:AD11) -> 5 | AF12: =SUM(AF7:AF11) -> 5000 | AG12: =SUM(AG7:AG11) -> 6 | AI12: =SUM(AI7:AI11) -> 5000 | AJ12: =SUM(AJ7:AJ11) -> 5 | AL12: =SUM(AL7:AL11) -> 5000 | AM12: =SUM(AM7:AM11) -> 4 | AO12: =SUM(AO7:AO11) -> 5000 | AP12: =SUM(AP7:AP11) -> 5 | AR12: =O12-R12 -> 0 | AS12: =IF(R12=0,IF(O12=0,"N/A","100%"),AR12/R12) -> 0 | AT12: A1
B14: Income A1 | E14: =VLOOKUP($B14,'Exp_Co (YTD)'!$B$8:$AI$43,15,FALSE) -> 0 | F14: =ROUND(E14/1000,0) -> 0 | H14: =VLOOKUP($B14,'Exp_Co (YTD)'!$B$8:$AI$43,14,FALSE) -> 0 | I14: =ROUND(H14/1000,0) -> 0 | K14: =VLOOKUP($B14,'Exp_Co (YTD)'!$B$8:$AI$43,13,FALSE) -> 0 | L14: =ROUND(K14/1000,0) -> 0 | N14: =VLOOKUP($B14,'Exp_Co (YTD)'!$B$8:$AI$43,12,FALSE) -> 1000 | O14: =ROUND(N14/1000,0) -> 1 | Q14: =VLOOKUP($B14,'Exp_Co (YTD)'!$B$8:$AI$43,11,FALSE) -> 1000 | R14: =ROUND(Q14/1000,0) -> 1 | T14: =VLOOKUP($B14,'Exp_Co (YTD)'!$B$8:$AI$43,10,FALSE) -> 1000 | U14: =ROUND(T14/1000,0) -> 1 | W14: =VLOOKUP($B14,'Exp_Co (YTD)'!$B$8:$AI$43,9,FALSE) -> 1000 | X14: =ROUND(W14/1000,0) -> 1 | Z14: =VLOOKUP($B14,'Exp_Co (YTD)'!$B$8:$AI$43,8,FALSE) -> 1000 | AA14: =ROUND(Z14/1000,0) -> 1 | AC14: =VLOOKUP($B14,'Exp_Co (YTD)'!$B$8:$AI$43,7,FALSE) -> 1000 | AD14: =ROUND(AC14/1000,0) -> 1 | AF14: =VLOOKUP($B14,'Exp_Co (YTD)'!$B$8:$AI$43,6,FALSE) -> 1000 | AG14: =ROUND(AF14/1000,0) -> 1 | AI14: =VLOOKUP($B14,'Exp_Co (YTD)'!$B$8:$AI$43,5,FALSE) -> 1000 | AJ14: =ROUND(AI14/1000,0) -> 1 | AL14: =VLOOKUP($B14,'Exp_Co (YTD)'!$B$8:$AI$43,4,FALSE) -> 1000 | AM14: =ROUND(AL14/1000,0) -> 1 | AO14: =VLOOKUP(B14,'Exp_Co (YTD)'!$B$8:$AI$38,30,FALSE) -> 1000 | AP14: =ROUND(AO14/1000,0) -> 1 | AR14: =O14-R14 -> 0 | AS14: =IF(R14=0,IF(O14=0,"N/A","100%"),AR14/R14) -> 0
B15: Income B1 | E15: =VLOOKUP($B15,'Exp_Co (YTD)'!$B$8:$AI$43,15,FALSE) -> 0 | F15: =ROUND(E15/1000,0) -> 0 | H15: =VLOOKUP($B15,'Exp_Co (YTD)'!$B$8:$AI$43,14,FALSE) -> 0 | I15: =ROUND(H15/1000,0) -> 0 | K15: =VLOOKUP($B15,'Exp_Co (YTD)'!$B$8:$AI$43,13,FALSE) -> 0 | L15: =ROUND(K15/1000,0) -> 0 | N15: =VLOOKUP($B15,'Exp_Co (YTD)'!$B$8:$AI$43,12,FALSE) -> 1000 | O15: =ROUND(N15/1000,0) -> 1 | Q15: =VLOOKUP($B15,'Exp_Co (YTD)'!$B$8:$AI$43,11,FALSE) -> 1000 | R15: =ROUND(Q15/1000,0) -> 1 | T15: =VLOOKUP($B15,'Exp_Co (YTD)'!$B$8:$AI$43,10,FALSE) -> 1000 | U15: =ROUND(T15/1000,0) -> 1 | W15: =VLOOKUP($B15,'Exp_Co (YTD)'!$B$8:$AI$43,9,FALSE) -> 1000 | X15: =ROUND(W15/1000,0) -> 1 | Z15: =VLOOKUP($B15,'Exp_Co (YTD)'!$B$8:$AI$43,8,FALSE) -> 1000 | AA15: =ROUND(Z15/1000,0) -> 1 | AC15: =VLOOKUP($B15,'Exp_Co (YTD)'!$B$8:$AI$43,7,FALSE) -> 1000 | AD15: =ROUND(AC15/1000,0) -> 1 | AF15: =VLOOKUP($B15,'Exp_Co (YTD)'!$B$8:$AI$43,6,FALSE) -> 1000 | AG15: =ROUND(AF15/1000,0) -> 1 | AI15: =VLOOKUP($B15,'Exp_Co (YTD)'!$B$8:$AI$43,5,FALSE) -> 1000 | AJ15: =ROUND(AI15/1000,0) -> 1 | AL15: =VLOOKUP($B15,'Exp_Co (YTD)'!$B$8:$AI$43,4,FALSE) -> 1000 | AM15: =ROUND(AL15/1000,0) -> 1 | AO15: =VLOOKUP(B15,'Exp_Co (YTD)'!$B$8:$AI$38,30,FALSE) -> 1000 | AP15: =ROUND(AO15/1000,0) -> 1 | AR15: =O15-R15 -> 0 | AS15: =IF(R15=0,IF(O15=0,"N/A","100%"),AR15/R15) -> 0
B16: 其他收入 | E16: =VLOOKUP($B16,'Exp_Co (YTD)'!$B$8:$AI$43,15,FALSE) -> 0 | F16: =ROUND(E16/1000,0) -> 0 | H16: =VLOOKUP($B16,'Exp_Co (YTD)'!$B$8:$AI$43,14,FALSE) -> 0 | I16: =ROUND(H16/1000,0) -> 0 | K16: =VLOOKUP($B16,'Exp_Co (YTD)'!$B$8:$AI$43,13,FALSE) -> 0 | L16: =ROUND(K16/1000,0) -> 0 | N16: =VLOOKUP($B16,'Exp_Co (YTD)'!$B$8:$AI$43,12,FALSE) -> 2000 | O16: =ROUND(N16/1000,0) -> 2 | Q16: =VLOOKUP($B16,'Exp_Co (YTD)'!$B$8:$AI$43,11,FALSE) -> 2000 | R16: =ROUND(Q16/1000,0) -> 2 | T16: =VLOOKUP($B16,'Exp_Co (YTD)'!$B$8:$AI$43,10,FALSE) -> 2000 | U16: =ROUND(T16/1000,0) -> 2 | W16: =VLOOKUP($B16,'Exp_Co (YTD)'!$B$8:$AI$43,9,FALSE) -> 2000 | X16: =ROUND(W16/1000,0) -> 2 | Z16: =VLOOKUP($B16,'Exp_Co (YTD)'!$B$8:$AI$43,8,FALSE) -> 2000 | AA16: =ROUND(Z16/1000,0) -> 2 | AC16: =VLOOKUP($B16,'Exp_Co (YTD)'!$B$8:$AI$43,7,FALSE) -> 2000 | AD16: =ROUND(AC16/1000,0) -> 2 | AF16: =VLOOKUP($B16,'Exp_Co (YTD)'!$B$8:$AI$43,6,FALSE) -> 2000 | AG16: =ROUND(AF16/1000,0) -> 2 | AI16: =VLOOKUP($B16,'Exp_Co (YTD)'!$B$8:$AI$43,5,FALSE) -> 2000 | AJ16: =ROUND(AI16/1000,0) -> 2 | AL16: =VLOOKUP($B16,'Exp_Co (YTD)'!$B$8:$AI$43,4,FALSE) -> 2000 | AM16: =SUM(AM14:AM15) -> 2 | AO16: =SUM(AO14:AO15) -> 2000 | AP16: =ROUND(AO16/1000,0) -> 2 | AR16: =O16-R16 -> 0 | AS16: =IF(R16=0,IF(O16=0,"N/A","100%"),AR16/R16) -> 0
E17: =SUM(E16,E12) -> 0 | F17: =SUM(F16,F12) -> 0 | H17: =SUM(H16,H12) -> 0 | I17: =SUM(I16,I12) -> 0 | K17: =SUM(K16,K12) -> 0 | L17: =SUM(L16,L12) -> 0 | N17: =SUM(N16,N12) -> 7000 | O17: =SUM(O16,O12) -> 7 | Q17: =SUM(Q16,Q12) -> 7000 | R17: =SUM(R16,R12) -> 7 | T17: =SUM(T16,T12) -> 7000 | U17: =SUM(U16,U12) -> 7 | W17: =SUM(W16,W12) -> 7000 | X17: =SUM(X16,X12) -> 7 | Z17: =SUM(Z16,Z12) -> 7000 | AA17: =SUM(AA16,AA12) -> 7 | AC17: =SUM(AC16,AC12) -> 7000 | AD17: =SUM(AD16,AD12) -> 7 | AF17: =SUM(AF16,AF12) -> 7000 | AG17: =SUM(AG16,AG12) -> 8 | AI17: =SUM(AI16,AI12) -> 7000 | AJ17: =SUM(AJ16,AJ12) -> 7 | AL17: =SUM(AL16,AL12) -> 7000 | AM17: =SUM(AM16,AM12) -> 6 | AO17: =SUM(AO16,AO12) -> 7000 | AP17: =SUM(AP16,AP12) -> 7 | AR17: =O17-R17 -> 0 | AS17: =IF(R17=0,IF(O17=0,"N/A","100%"),AR17/R17) -> 0
B19: D1 | E19: =VLOOKUP($B19,'Exp_Co (YTD)'!$B$8:$AI$43,15,FALSE) -> 0 | F19: =ROUND(E19/1000,0) -> 0 | H19: =VLOOKUP($B19,'Exp_Co (YTD)'!$B$8:$AI$43,14,FALSE) -> 0 | I19: =ROUND(H19/1000,0) -> 0 | K19: =VLOOKUP($B19,'Exp_Co (YTD)'!$B$8:$AI$43,13,FALSE) -> 0 | L19: =ROUND(K19/1000,0) -> 0 | N19: =VLOOKUP($B19,'Exp_Co (YTD)'!$B$8:$AI$43,12,FALSE) -> 1000 | O19: =ROUND(N19/1000,0) -> 1 | Q19: =VLOOKUP($B19,'Exp_Co (YTD)'!$B$8:$AI$43,11,FALSE) -> 1000 | R19: =ROUND(Q19/1000,0) -> 1 | T19: =VLOOKUP($B19,'Exp_Co (YTD)'!$B$8:$AI$43,10,FALSE) -> 1000 | U19: =ROUND(T19/1000,0) -> 1 | W19: =VLOOKUP($B19,'Exp_Co (YTD)'!$B$8:$AI$43,9,FALSE) -> 1000 | X19: =ROUND(W19/1000,0) -> 1 | Z19: =VLOOKUP($B19,'Exp_Co (YTD)'!$B$8:$AI$43,8,FALSE) -> 1000 | AA19: =ROUND(Z19/1000,0) -> 1 | AC19: =VLOOKUP($B19,'Exp_Co (YTD)'!$B$8:$AI$43,7,FALSE) -> 1000 | AD19: =ROUND(AC19/1000,0) -> 1 | AF19: =VLOOKUP($B19,'Exp_Co (YTD)'!$B$8:$AI$43,6,FALSE) -> 1000 | AG19: =ROUND(AF19/1000,0)+1 -> 2 | AI19: =VLOOKUP($B19,'Exp_Co (YTD)'!$B$8:$AI$43,5,FALSE) -> 1000 | AJ19: =ROUND(AI19/1000,0) -> 1 | AL19: =VLOOKUP($B19,'Exp_Co (YTD)'!$B$8:$AI$43,4,FALSE) -> 1000 | AM19: =ROUND(AL19/1000,0) -> 1 | AO19: =VLOOKUP(B19,'Exp_Co (YTD)'!$B$8:$AI$43,30,FALSE) -> 0 | AP19: =ROUND(AO19/1000,0) -> 0 | AR19: =O19-R19 -> 0 | AS19: =IF(R19=0,IF(O19=0,"N/A","100%"),AR19/R19) -> 0
B20: E1 | E20: =VLOOKUP($B20,'Exp_Co (YTD)'!$B$8:$AI$43,15,FALSE) -> 0 | F20: =ROUND(E20/1000,0) -> 0 | H20: =VLOOKUP($B20,'Exp_Co (YTD)'!$B$8:$AI$43,14,FALSE) -> 0 | I20: =ROUND(H20/1000,0) -> 0 | K20: =VLOOKUP($B20,'Exp_Co (YTD)'!$B$8:$AI$43,13,FALSE) -> 0 | L20: =ROUND(K20/1000,0) -> 0 | N20: =VLOOKUP($B20,'Exp_Co (YTD)'!$B$8:$AI$43,12,FALSE) -> 1000 | O20: =ROUND(N20/1000,0) -> 1 | Q20: =VLOOKUP($B20,'Exp_Co (YTD)'!$B$8:$AI$43,11,FALSE) -> 1000 | R20: =ROUND(Q20/1000,0) -> 1 | T20: =VLOOKUP($B20,'Exp_Co (YTD)'!$B$8:$AI$43,10,FALSE) -> 1000 | U20: =ROUND(T20/1000,0) -> 1 | W20: =VLOOKUP($B20,'Exp_Co (YTD)'!$B$8:$AI$43,9,FALSE) -> 1000 | X20: =ROUND(W20/1000,0) -> 1 | Z20: =VLOOKUP($B20,'Exp_Co (YTD)'!$B$8:$AI$43,8,FALSE) -> 1000 | AA20: =ROUND(Z20/1000,0) -> 1 | AC20: =VLOOKUP($B20,'Exp_Co (YTD)'!$B$8:$AI$43,7,FALSE) -> 1000 | AD20: =ROUND(AC20/1000,0) -> 1 | AF20: =VLOOKUP($B20,'Exp_Co (YTD)'!$B$8:$AI$43,6,FALSE) -> 1000 | AG20: =ROUND(AF20/1000,0) -> 1 | AI20: =VLOOKUP($B20,'Exp_Co (YTD)'!$B$8:$AI$43,5,FALSE) -> 1000 | AJ20: =ROUND(AI20/1000,0) -> 1 | AL20: =VLOOKUP($B20,'Exp_Co (YTD)'!$B$8:$AI$43,4,FALSE) -> 1000 | AM20: =ROUND(AL20/1000,0) -> 1 | AO20: =VLOOKUP(B20,'Exp_Co (YTD)'!$B$8:$AI$43,30,FALSE) -> 1000 | AP20: =ROUND(AO20/1000,0) -> 1 | AR20: =O20-R20 -> 0 | AS20: =IF(R20=0,IF(O20=0,"N/A","100%"),AR20/R20) -> 0
B21: F1 | E21: =VLOOKUP($B21,'Exp_Co (YTD)'!$B$8:$AI$43,15,FALSE) -> 0 | F21: =ROUND(E21/1000,0) -> 0 | H21: =VLOOKUP($B21,'Exp_Co (YTD)'!$B$8:$AI$43,14,FALSE) -> 0 | I21: =ROUND(H21/1000,0) -> 0 | K21: =VLOOKUP($B21,'Exp_Co (YTD)'!$B$8:$AI$43,13,FALSE) -> 0 | L21: =ROUND(K21/1000,0) -> 0 | N21: =VLOOKUP($B21,'Exp_Co (YTD)'!$B$8:$AI$43,12,FALSE) -> 1000 | O21: =ROUND(N21/1000,0) -> 1 | Q21: =VLOOKUP($B21,'Exp_Co (YTD)'!$B$8:$AI$43,11,FALSE) -> 1000 | R21: =ROUND(Q21/1000,0) -> 1 | T21: =VLOOKUP($B21,'Exp_Co (YTD)'!$B$8:$AI$43,10,FALSE) -> 1000 | U21: =ROUND(T21/1000,0) -> 1 | W21: =VLOOKUP($B21,'Exp_Co (YTD)'!$B$8:$AI$43,9,FALSE) -> 1000 | X21: =ROUND(W21/1000,0) -> 1 | Z21: =VLOOKUP($B21,'Exp_Co (YTD)'!$B$8:$AI$43,8,FALSE) -> 1000 | AA21: =ROUND(Z21/1000,0) -> 1 | AC21: =VLOOKUP($B21,'Exp_Co (YTD)'!$B$8:$AI$43,7,FALSE) -> 1000 | AD21: =ROUND(AC21/1000,0) -> 1 | AF21: =VLOOKUP($B21,'Exp_Co (YTD)'!$B$8:$AI$43,6,FALSE) -> 1000 | AG21: =ROUND(AF21/1000,0) -> 1 | AI21: =VLOOKUP($B21,'Exp_Co (YTD)'!$B$8:$AI$43,5,FALSE) -> 1000 | AJ21: =ROUND(AI21/1000,0) -> 1 | AL21: =VLOOKUP($B21,'Exp_Co (YTD)'!$B$8:$AI$43,4,FALSE) -> 1000 | AM21: =ROUND(AL21/1000,0) -> 1 | AO21: =VLOOKUP(B21,'Exp_Co (YTD)'!$B$8:$AI$43,30,FALSE) -> 1000 | AP21: =ROUND(AO21/1000,0) -> 1 | AR21: =O21-R21 -> 0 | AS21: =IF(R21=0,IF(O21=0,"N/A","100%"),AR21/R21) -> 0
E22: =SUM(E19:E21) -> 0 | F22: =SUM(F19:F21) -> 0 | H22: =SUM(H19:H21) -> 0 | I22: =SUM(I19:I21) -> 0 | K22: =SUM(K19:K21) -> 0 | L22: =SUM(L19:L21) -> 0 | N22: =SUM(N19:N21) -> 3000 | O22: =SUM(O19:O21) -> 3 | Q22: =SUM(Q19:Q21) -> 3000 | R22: =SUM(R19:R21) -> 3 | T22: =SUM(T19:T21) -> 3000 | U22: =SUM(U19:U21) -> 3 | W22: =SUM(W19:W21) -> 3000 | X22: =SUM(X19:X21) -> 3 | Z22: =SUM(Z19:Z21) -> 3000 | AA22: =SUM(AA19:AA21) -> 3 | AC22: =SUM(AC19:AC21) -> 3000 | AD22: =SUM(AD19:AD21) -> 3 | AF22: =SUM(AF19:AF21) -> 3000 | AG22: =SUM(AG19:AG21) -> 4 | AI22: =SUM(AI19:AI21) -> 3000 | AJ22: =SUM(AJ19:AJ21) -> 3 | AL22: =SUM(AL19:AL21) -> 3000 | AM22: =SUM(AM19:AM21) -> 3 | AO22: =SUM(AO19:AO21) -> 2000 | AP22: =SUM(AP19:AP21) -> 2 | AR22: =O22-R22 -> 0 | AS22: =IF(R22=0,IF(O22=0,"N/A","100%"),AR22/R22) -> 0
E24: =SUM(E17,E22) -> 0 | F24: =SUM(F17,F22) -> 0 | H24: =SUM(H17,H22) -> 0 | I24: =SUM(I17,I22) -> 0 | K24: =SUM(K17,K22) -> 0 | L24: =SUM(L17,L22) -> 0 | N24: =SUM(N17,N22) -> 10000 | O24: =SUM(O17,O22) -> 10 | Q24: =SUM(Q17,Q22) -> 10000 | R24: =SUM(R17,R22) -> 10 | T24: =SUM(T17,T22) -> 10000 | U24: =SUM(U17,U22) -> 10 | W24: =SUM(W17,W22) -> 10000 | X24: =SUM(X17,X22) -> 10 | Z24: =SUM(Z17,Z22) -> 10000 | AA24: =SUM(AA17,AA22) -> 10 | AC24: =SUM(AC17,AC22) -> 10000 | AD24: =SUM(AD17,AD22) -> 10 | AF24: =SUM(AF17,AF22) -> 10000 | AG24: =SUM(AG17,AG22) -> 12 | AI24: =SUM(AI17,AI22) -> 10000 | AJ24: =SUM(AJ17,AJ22) -> 10 | AL24: =SUM(AL17,AL22) -> 10000 | AM24: =SUM(AM17,AM22) -> 9 | AO24: =SUM(AO17,AO22) -> 9000 | AP24: =SUM(AP17,AP22) -> 9 | AR24: =O24-R24 -> 0 | AS24: =IF(R24=0,IF(O24=0,"N/A","100%"),AR24/R24) -> 0
B26: ='Exp_Co (YTD)'!B27 -> Exp A | C26: 2 | E26: =VLOOKUP($B26,'Exp_Co (YTD)'!$B$8:$AI$43,15,FALSE) -> 0 | F26: =ROUND(E26/1000,0) -> 0 | H26: =VLOOKUP($B26,'Exp_Co (YTD)'!$B$8:$AI$43,14,FALSE) -> 0 | I26: =ROUND(H26/1000,0) -> 0 | K26: =VLOOKUP($B26,'Exp_Co (YTD)'!$B$8:$AI$43,13,FALSE) -> 0 | L26: =ROUND(K26/1000,0) -> 0 | N26: =VLOOKUP($B26,'Exp_Co (YTD)'!$B$8:$AI$43,12,FALSE) -> 0 | O26: =ROUND(N26/1000,0) -> 0 | Q26: =VLOOKUP($B26,'Exp_Co (YTD)'!$B$8:$AI$43,11,FALSE) -> 0 | R26: =ROUND(Q26/1000,0) -> 0 | T26: =VLOOKUP($B26,'Exp_Co (YTD)'!$B$8:$AI$43,10,FALSE) -> 0 | U26: =ROUND(T26/1000,0) -> 0 | W26: =VLOOKUP($B26,'Exp_Co (YTD)'!$B$8:$AI$43,9,FALSE) -> 0 | X26: =ROUND(W26/1000,0) -> 0 | Z26: =VLOOKUP($B26,'Exp_Co (YTD)'!$B$8:$AI$43,8,FALSE) -> 0 | AA26: =ROUND(Z26/1000,0) -> 0 | AC26: =VLOOKUP($B26,'Exp_Co (YTD)'!$B$8:$AI$43,7,FALSE) -> 0 | AD26: =ROUND(AC26/1000,0) -> 0 | AF26: =VLOOKUP($B26,'Exp_Co (YTD)'!$B$8:$AI$43,6,FALSE) -> 0 | AG26: =ROUND(AF26/1000,0) -> 0 | AI26: =VLOOKUP($B26,'Exp_Co (YTD)'!$B$8:$AI$43,5,FALSE) -> 0 | AJ26: =ROUND(AI26/1000,0) -> 0 | AL26: =VLOOKUP($B26,'Exp_Co (YTD)'!$B$8:$AI$43,4,FALSE) -> 0 | AM26: =ROUND(AL26/1000,0) -> 0 | AO26: =VLOOKUP(B26,'Exp_Co (YTD)'!$B$8:$AI$43,30,FALSE) -> 1000 | AP26: =ROUND(AO26/1000,0) -> 1 | AR26: =O26-R26 -> 0 | AS26: =IF(R26=0,IF(O26=0,"N/A","100%"),AR26/R26) -> N/A | AV26: PP22
B27: ='Exp_Co (YTD)'!B28 -> Exp B | C27: 3 | E27: =VLOOKUP($B27,'Exp_Co (YTD)'!$B$8:$AI$43,15,FALSE) -> 0 | F27: =ROUND(E27/1000,0) -> 0 | H27: =VLOOKUP($B27,'Exp_Co (YTD)'!$B$8:$AI$43,14,FALSE) -> 0 | I27: =ROUND(H27/1000,0) -> 0 | K27: =VLOOKUP($B27,'Exp_Co (YTD)'!$B$8:$AI$43,13,FALSE) -> 0 | L27: =ROUND(K27/1000,0) -> 0 | N27: =VLOOKUP($B27,'Exp_Co (YTD)'!$B$8:$AI$43,12,FALSE) -> 0 | O27: =ROUND(N27/1000,0) -> 0 | Q27: =VLOOKUP($B27,'Exp_Co (YTD)'!$B$8:$AI$43,11,FALSE) -> 1000 | R27: =ROUND(Q27/1000,0) -> 1 | T27: =VLOOKUP($B27,'Exp_Co (YTD)'!$B$8:$AI$43,10,FALSE) -> 1000 | U27: =ROUND(T27/1000,0) -> 1 | W27: =VLOOKUP($B27,'Exp_Co (YTD)'!$B$8:$AI$43,9,FALSE) -> 1000 | X27: =ROUND(W27/1000,0) -> 1 | Z27: =VLOOKUP($B27,'Exp_Co (YTD)'!$B$8:$AI$43,8,FALSE) -> 1000 | AA27: =ROUND(Z27/1000,0) -> 1 | AC27: =VLOOKUP($B27,'Exp_Co (YTD)'!$B$8:$AI$43,7,FALSE) -> 1000 | AD27: =ROUND(AC27/1000,0) -> 1 | AF27: =VLOOKUP($B27,'Exp_Co (YTD)'!$B$8:$AI$43,6,FALSE) -> 1000 | AG27: =ROUND(AF27/1000,0) -> 1 | AI27: =VLOOKUP($B27,'Exp_Co (YTD)'!$B$8:$AI$43,5,FALSE) -> 1000 | AJ27: =ROUND(AI27/1000,0) -> 1 | AL27: =VLOOKUP($B27,'Exp_Co (YTD)'!$B$8:$AI$43,4,FALSE) -> 1000 | AM27: =ROUND(AL27/1000,0) -> 1 | AO27: =VLOOKUP(B27,'Exp_Co (YTD)'!$B$8:$AI$43,30,FALSE) -> 1000 | AP27: =ROUND(AO27/1000,0) -> 1 | AR27: =O27-R27 -> -1 | AS27: =IF(R27=0,IF(O27=0,"N/A","100%"),AR27/R27) -> -1
B28: ='Exp_Co (YTD)'!B29 -> Exp C | E28: =VLOOKUP($B28,'Exp_Co (YTD)'!$B$8:$AI$43,15,FALSE) -> 0 | F28: =ROUND(E28/1000,0) -> 0 | H28: =VLOOKUP($B28,'Exp_Co (YTD)'!$B$8:$AI$43,14,FALSE) -> 0 | I28: =ROUND(H28/1000,0) -> 0 | K28: =VLOOKUP($B28,'Exp_Co (YTD)'!$B$8:$AI$43,13,FALSE) -> 0 | L28: =ROUND(K28/1000,0) -> 0 | N28: =VLOOKUP($B28,'Exp_Co (YTD)'!$B$8:$AI$43,12,FALSE) -> 1000 | O28: =ROUND(N28/1000,0) -> 1 | Q28: =VLOOKUP($B28,'Exp_Co (YTD)'!$B$8:$AI$43,11,FALSE) -> 0 | R28: =ROUND(Q28/1000,0) -> 0 | T28: =VLOOKUP($B28,'Exp_Co (YTD)'!$B$8:$AI$43,10,FALSE) -> 1000 | U28: =ROUND(T28/1000,0) -> 1 | W28: =VLOOKUP($B28,'Exp_Co (YTD)'!$B$8:$AI$43,9,FALSE) -> 1000 | X28: =ROUND(W28/1000,0) -> 1 | Z28: =VLOOKUP($B28,'Exp_Co (YTD)'!$B$8:$AI$43,8,FALSE) -> 1000 | AA28: =ROUND(Z28/1000,0) -> 1 | AC28: =VLOOKUP($B28,'Exp_Co (YTD)'!$B$8:$AI$43,7,FALSE) -> 1000 | AD28: =ROUND(AC28/1000,0) -> 1 | AF28: =VLOOKUP($B28,'Exp_Co (YTD)'!$B$8:$AI$43,6,FALSE) -> 1000 | AG28: =ROUND(AF28/1000,0) -> 1 | AI28: =VLOOKUP($B28,'Exp_Co (YTD)'!$B$8:$AI$43,5,FALSE) -> 1000 | AJ28: =ROUND(AI28/1000,0) -> 1 | AL28: =VLOOKUP($B28,'Exp_Co (YTD)'!$B$8:$AI$43,4,FALSE) -> 1000 | AM28: =ROUND(AL28/1000,0) -> 1 | AO28: =VLOOKUP(B28,'Exp_Co (YTD)'!$B$8:$AI$43,30,FALSE) -> 1000 | AP28: =ROUND(AO28/1000,0) -> 1 | AR28: =O28-R28 -> 1 | AS28: =IF(R28=0,IF(O28=0,"N/A","100%"),AR28/R28) -> 100%
B29: ='Exp_Co (YTD)'!B30 -> Exp D | E29: =VLOOKUP($B29,'Exp_Co (YTD)'!$B$8:$AI$43,15,FALSE) -> 0 | F29: =ROUND(E29/1000,0) -> 0 | H29: =VLOOKUP($B29,'Exp_Co (YTD)'!$B$8:$AI$43,14,FALSE) -> 0 | I29: =ROUND(H29/1000,0) -> 0 | K29: =VLOOKUP($B29,'Exp_Co (YTD)'!$B$8:$AI$43,13,FALSE) -> 0 | L29: =ROUND(K29/1000,0) -> 0 | N29: =VLOOKUP($B29,'Exp_Co (YTD)'!$B$8:$AI$43,12,FALSE) -> 1000 | O29: =ROUND(N29/1000,0) -> 1 | Q29: =VLOOKUP($B29,'Exp_Co (YTD)'!$B$8:$AI$43,11,FALSE) -> 1000 | R29: =ROUND(Q29/1000,0) -> 1 | T29: =VLOOKUP($B29,'Exp_Co (YTD)'!$B$8:$AI$43,10,FALSE) -> 1000 | U29: =ROUND(T29/1000,0) -> 1 | W29: =VLOOKUP($B29,'Exp_Co (YTD)'!$B$8:$AI$43,9,FALSE) -> 1000 | X29: =ROUND(W29/1000,0) -> 1 | Z29: =VLOOKUP($B29,'Exp_Co (YTD)'!$B$8:$AI$43,8,FALSE) -> 1000 | AA29: =ROUND(Z29/1000,0) -> 1 | AC29: =VLOOKUP($B29,'Exp_Co (YTD)'!$B$8:$AI$43,7,FALSE) -> 1000 | AD29: =ROUND(AC29/1000,0) -> 1 | AF29: =VLOOKUP($B29,'Exp_Co (YTD)'!$B$8:$AI$43,6,FALSE) -> 1000 | AG29: =ROUND(AF29/1000,0) -> 1 | AI29: =VLOOKUP($B29,'Exp_Co (YTD)'!$B$8:$AI$43,5,FALSE) -> 1000 | AJ29: =ROUND(AI29/1000,0) -> 1 | AL29: =VLOOKUP($B29,'Exp_Co (YTD)'!$B$8:$AI$43,4,FALSE) -> 1000 | AM29: =ROUND(AL29/1000,0) -> 1 | AO29: =VLOOKUP(B29,'Exp_Co (YTD)'!$B$8:$AI$43,30,FALSE) -> 1000 | AP29: =ROUND(AO29/1000,0) -> 1 | AR29: =O29-R29 -> 0 | AS29: =IF(R29=0,IF(O29=0,"N/A","100%"),AR29/R29) -> 0
B30: ='Exp_Co (YTD)'!B31 -> Exp E | E30: =VLOOKUP($B30,'Exp_Co (YTD)'!$B$8:$AI$43,15,FALSE) -> 0 | F30: =ROUND(E30/1000,0) -> 0 | H30: =VLOOKUP($B30,'Exp_Co (YTD)'!$B$8:$AI$43,14,FALSE) -> 0 | I30: =ROUND(H30/1000,0) -> 0 | K30: =VLOOKUP($B30,'Exp_Co (YTD)'!$B$8:$AI$43,13,FALSE) -> 0 | L30: =ROUND(K30/1000,0) -> 0 | N30: 9000 | O30: =ROUND(N30/1000,0) -> 9 | Q30: =VLOOKUP($B30,'Exp_Co (YTD)'!$B$8:$AI$43,11,FALSE) -> 1000 | R30: =ROUND(Q30/1000,0) -> 1 | T30: =VLOOKUP($B30,'Exp_Co (YTD)'!$B$8:$AI$43,10,FALSE) -> 1000 | U30: =ROUND(T30/1000,0) -> 1 | W30: =VLOOKUP($B30,'Exp_Co (YTD)'!$B$8:$AI$43,9,FALSE) -> 1000 | X30: =ROUND(W30/1000,0) -> 1 | Z30: =VLOOKUP($B30,'Exp_Co (YTD)'!$B$8:$AI$43,8,FALSE) -> 1000 | AA30: =ROUND(Z30/1000,0) -> 1 | AC30: =VLOOKUP($B30,'Exp_Co (YTD)'!$B$8:$AI$43,7,FALSE) -> 1000 | AD30: =ROUND(AC30/1000,0) -> 1 | AF30: =VLOOKUP($B30,'Exp_Co (YTD)'!$B$8:$AI$43,6,FALSE) -> 1000 | AG30: =ROUND(AF30/1000,0) -> 1 | AI30: =VLOOKUP($B30,'Exp_Co (YTD)'!$B$8:$AI$43,5,FALSE) -> 1000 | AJ30: =ROUND(AI30/1000,0) -> 1 | AL30: =VLOOKUP($B30,'Exp_Co (YTD)'!$B$8:$AI$43,4,FALSE) -> 1000 | AM30: =ROUND(AL30/1000,0) -> 1 | AO30: =VLOOKUP(B30,'Exp_Co (YTD)'!$B$8:$AI$43,30,FALSE) -> 1000 | AP30: =ROUND(AO30/1000,0) -> 1 | AR30: =O30-R30 -> 8 | AS30: =IF(R30=0,IF(O30=0,"N/A","100%"),AR30/R30) -> 8
B31: ='Exp_Co (YTD)'!B32 -> Exp F | E31: =VLOOKUP($B31,'Exp_Co (YTD)'!$B$8:$AI$43,15,FALSE) -> 0 | F31: =ROUND(E31/1000,0) -> 0 | H31: =VLOOKUP($B31,'Exp_Co (YTD)'!$B$8:$AI$43,14,FALSE) -> 0 | I31: =ROUND(H31/1000,0) -> 0 | K31: =VLOOKUP($B31,'Exp_Co (YTD)'!$B$8:$AI$43,13,FALSE) -> 0 | L31: =ROUND(K31/1000,0) -> 0 | N31: =VLOOKUP($B31,'Exp_Co (YTD)'!$B$8:$AI$43,12,FALSE) -> 1000 | O31: =ROUND(N31/1000,0) -> 1 | Q31: =VLOOKUP($B31,'Exp_Co (YTD)'!$B$8:$AI$43,11,FALSE) -> 1000 | R31: =ROUND(Q31/1000,0) -> 1 | T31: =VLOOKUP($B31,'Exp_Co (YTD)'!$B$8:$AI$43,10,FALSE) -> 1000 | U31: =ROUND(T31/1000,0) -> 1 | W31: =VLOOKUP($B31,'Exp_Co (YTD)'!$B$8:$AI$43,9,FALSE) -> 1000 | X31: =ROUND(W31/1000,0) -> 1 | Z31: =VLOOKUP($B31,'Exp_Co (YTD)'!$B$8:$AI$43,8,FALSE) -> 1000 | AA31: =ROUND(Z31/1000,0) -> 1 | AC31: =VLOOKUP($B31,'Exp_Co (YTD)'!$B$8:$AI$43,7,FALSE) -> 1000 | AD31: =ROUND(AC31/1000,0) -> 1 | AF31: =VLOOKUP($B31,'Exp_Co (YTD)'!$B$8:$AI$43,6,FALSE) -> 1000 | AG31: =ROUND(AF31/1000,0) -> 1 | AI31: =VLOOKUP($B31,'Exp_Co (YTD)'!$B$8:$AI$43,5,FALSE) -> 1000 | AJ31: =ROUND(AI31/1000,0) -> 1 | AL31: =VLOOKUP($B31,'Exp_Co (YTD)'!$B$8:$AI$43,4,FALSE) -> 1000 | AM31: =ROUND(AL31/1000,0) -> 1 | AO31: =VLOOKUP(B31,'Exp_Co (YTD)'!$B$8:$AI$43,30,FALSE) -> 1000 | AP31: =ROUND(AO31/1000,0) -> 1 | AR31: =O31-R31 -> 0 | AS31: =IF(R31=0,IF(O31=0,"N/A","100%"),AR31/R31) -> 0
B32: ='Exp_Co (YTD)'!B33 -> Exp G | E32: =VLOOKUP($B32,'Exp_Co (YTD)'!$B$8:$AI$43,15,FALSE) -> 0 | F32: =ROUND(E32/1000,0) -> 0 | H32: =VLOOKUP($B32,'Exp_Co (YTD)'!$B$8:$AI$43,14,FALSE) -> 0 | I32: =ROUND(H32/1000,0) -> 0 | K32: =VLOOKUP($B32,'Exp_Co (YTD)'!$B$8:$AI$43,13,FALSE) -> 0 | L32: =ROUND(K32/1000,0) -> 0 | N32: =VLOOKUP($B32,'Exp_Co (YTD)'!$B$8:$AI$43,12,FALSE) -> 1000 | O32: =ROUND(N32/1000,0) -> 1 | Q32: =VLOOKUP($B32,'Exp_Co (YTD)'!$B$8:$AI$43,11,FALSE) -> 1000 | R32: =ROUND(Q32/1000,0) -> 1 | T32: =VLOOKUP($B32,'Exp_Co (YTD)'!$B$8:$AI$43,10,FALSE) -> 1000 | U32: =ROUND(T32/1000,0) -> 1 | W32: =VLOOKUP($B32,'Exp_Co (YTD)'!$B$8:$AI$43,9,FALSE) -> 1000 | X32: =ROUND(W32/1000,0) -> 1 | Z32: =VLOOKUP($B32,'Exp_Co (YTD)'!$B$8:$AI$43,8,FALSE) -> 1000 | AA32: =ROUND(Z32/1000,0) -> 1 | AC32: =VLOOKUP($B32,'Exp_Co (YTD)'!$B$8:$AI$43,7,FALSE) -> 1000 | AD32: =ROUND(AC32/1000,0) -> 1 | AF32: =VLOOKUP($B32,'Exp_Co (YTD)'!$B$8:$AI$43,6,FALSE) -> 1000 | AG32: =ROUND(AF32/1000,0) -> 1 | AI32: =VLOOKUP($B32,'Exp_Co (YTD)'!$B$8:$AI$43,5,FALSE) -> 1000 | AJ32: =ROUND(AI32/1000,0) -> 1 | AL32: =VLOOKUP($B32,'Exp_Co (YTD)'!$B$8:$AI$43,4,FALSE) -> 1000 | AM32: =ROUND(AL32/1000,0) -> 1 | AO32: =VLOOKUP(B32,'Exp_Co (YTD)'!$B$8:$AI$43,30,FALSE) -> 1000 | AP32: =ROUND(AO32/1000,0) -> 1 | AR32: =O32-R32 -> 0 | AS32: =IF(R32=0,IF(O32=0,"N/A","100%"),AR32/R32) -> 0
B33: ='Exp_Co (YTD)'!B34 -> Exp H | E33: =VLOOKUP($B33,'Exp_Co (YTD)'!$B$8:$AI$43,15,FALSE) -> 0 | F33: =ROUND(E33/1000,0) -> 0 | H33: =VLOOKUP($B33,'Exp_Co (YTD)'!$B$8:$AI$43,14,FALSE) -> 0 | I33: =ROUND(H33/1000,0) -> 0 | K33: =VLOOKUP($B33,'Exp_Co (YTD)'!$B$8:$AI$43,13,FALSE) -> 0 | L33: =ROUND(K33/1000,0) -> 0 | N33: =VLOOKUP($B33,'Exp_Co (YTD)'!$B$8:$AI$43,12,FALSE) -> 1000 | O33: =ROUND(N33/1000,0) -> 1 | Q33: =VLOOKUP($B33,'Exp_Co (YTD)'!$B$8:$AI$43,11,FALSE) -> 1000 | R33: =ROUND(Q33/1000,0) -> 1 | T33: =VLOOKUP($B33,'Exp_Co (YTD)'!$B$8:$AI$43,10,FALSE) -> 1000 | U33: =ROUND(T33/1000,0) -> 1 | W33: =VLOOKUP($B33,'Exp_Co (YTD)'!$B$8:$AI$43,9,FALSE) -> 1000 | X33: =ROUND(W33/1000,0) -> 1 | Z33: =VLOOKUP($B33,'Exp_Co (YTD)'!$B$8:$AI$43,8,FALSE) -> 1000 | AA33: =ROUND(Z33/1000,0) -> 1 | AC33: =VLOOKUP($B33,'Exp_Co (YTD)'!$B$8:$AI$43,7,FALSE) -> 1000 | AD33: =ROUND(AC33/1000,0) -> 1 | AF33: =VLOOKUP($B33,'Exp_Co (YTD)'!$B$8:$AI$43,6,FALSE) -> 1000 | AG33: =ROUND(AF33/1000,0) -> 1 | AI33: =VLOOKUP($B33,'Exp_Co (YTD)'!$B$8:$AI$43,5,FALSE) -> 1000 | AJ33: =ROUND(AI33/1000,0) -> 1 | AL33: =VLOOKUP($B33,'Exp_Co (YTD)'!$B$8:$AI$43,4,FALSE) -> 1000 | AM33: =ROUND(AL33/1000,0) -> 1 | AO33: =VLOOKUP(B33,'Exp_Co (YTD)'!$B$8:$AI$43,30,FALSE) -> 1000 | AP33: =ROUND(AO33/1000,0) -> 1 | AR33: =O33-R33 -> 0 | AS33: =IF(R33=0,IF(O33=0,"N/A","100%"),AR33/R33) -> 0
B34: ='Exp_Co (YTD)'!B35 -> Exp I | E34: =VLOOKUP($B34,'Exp_Co (YTD)'!$B$8:$AI$43,15,FALSE) -> 0 | F34: =ROUND(E34/1000,0) -> 0 | H34: =VLOOKUP($B34,'Exp_Co (YTD)'!$B$8:$AI$43,14,FALSE) -> 0 | I34: =ROUND(H34/1000,0) -> 0 | K34: =VLOOKUP($B34,'Exp_Co (YTD)'!$B$8:$AI$43,13,FALSE) -> 0 | L34: =ROUND(K34/1000,0) -> 0 | N34: =VLOOKUP($B34,'Exp_Co (YTD)'!$B$8:$AI$43,12,FALSE) -> 1000 | O34: =ROUND(N34/1000,0) -> 1 | Q34: =VLOOKUP($B34,'Exp_Co (YTD)'!$B$8:$AI$43,11,FALSE) -> 1000 | R34: =ROUND(Q34/1000,0) -> 1 | T34: =VLOOKUP($B34,'Exp_Co (YTD)'!$B$8:$AI$43,10,FALSE) -> 1000 | U34: =ROUND(T34/1000,0) -> 1 | W34: =VLOOKUP($B34,'Exp_Co (YTD)'!$B$8:$AI$43,9,FALSE) -> 1000 | X34: =ROUND(W34/1000,0) -> 1 | Z34: =VLOOKUP($B34,'Exp_Co (YTD)'!$B$8:$AI$43,8,FALSE) -> 1000 | AA34: =ROUND(Z34/1000,0) -> 1 | AC34: =VLOOKUP($B34,'Exp_Co (YTD)'!$B$8:$AI$43,7,FALSE) -> 1000 | AD34: =ROUND(AC34/1000,0) -> 1 | AF34: =VLOOKUP($B34,'Exp_Co (YTD)'!$B$8:$AI$43,6,FALSE) -> 1000 | AG34: =ROUND(AF34/1000,0) -> 1 | AI34: =VLOOKUP($B34,'Exp_Co (YTD)'!$B$8:$AI$43,5,FALSE) -> 1000 | AJ34: =ROUND(AI34/1000,0) -> 1 | AL34: =VLOOKUP($B34,'Exp_Co (YTD)'!$B$8:$AI$43,4,FALSE) -> 1000 | AM34: =ROUND(AL34/1000,0) -> 1 | AO34: =VLOOKUP(B34,'Exp_Co (YTD)'!$B$8:$AI$43,30,FALSE) -> 1000 | AP34: =ROUND(AO34/1000,0) -> 1 | AR34: =O34-R34 -> 0 | AS34: =IF(R34=0,IF(O34=0,"N/A","100%"),AR34/R34) -> 0
B35: ='Exp_Co (YTD)'!B36 -> Exp J | E35: =VLOOKUP($B35,'Exp_Co (YTD)'!$B$8:$AI$43,15,FALSE) -> 0 | F35: =ROUND(E35/1000,0) -> 0 | H35: =VLOOKUP($B35,'Exp_Co (YTD)'!$B$8:$AI$43,14,FALSE) -> 0 | I35: =ROUND(H35/1000,0) -> 0 | K35: =VLOOKUP($B35,'Exp_Co (YTD)'!$B$8:$AI$43,13,FALSE) -> 0 | L35: =ROUND(K35/1000,0) -> 0 | N35: =VLOOKUP($B35,'Exp_Co (YTD)'!$B$8:$AI$43,12,FALSE) -> 1000 | O35: =ROUND(N35/1000,0) -> 1 | Q35: =VLOOKUP($B35,'Exp_Co (YTD)'!$B$8:$AI$43,11,FALSE) -> 1000 | R35: =ROUND(Q35/1000,0) -> 1 | T35: =VLOOKUP($B35,'Exp_Co (YTD)'!$B$8:$AI$43,10,FALSE) -> 1000 | U35: =ROUND(T35/1000,0) -> 1 | W35: =VLOOKUP($B35,'Exp_Co (YTD)'!$B$8:$AI$43,9,FALSE) -> 1000 | X35: =ROUND(W35/1000,0) -> 1 | Z35: =VLOOKUP($B35,'Exp_Co (YTD)'!$B$8:$AI$43,8,FALSE) -> 1000 | AA35: =ROUND(Z35/1000,0) -> 1 | AC35: =VLOOKUP($B35,'Exp_Co (YTD)'!$B$8:$AI$43,7,FALSE) -> 1000 | AD35: =ROUND(AC35/1000,0) -> 1 | AF35: =VLOOKUP($B35,'Exp_Co (YTD)'!$B$8:$AI$43,6,FALSE) -> 1000 | AG35: =ROUND(AF35/1000,0) -> 1 | AI35: =VLOOKUP($B35,'Exp_Co (YTD)'!$B$8:$AI$43,5,FALSE) -> 1000 | AJ35: =ROUND(AI35/1000,0) -> 1 | AL35: =VLOOKUP($B35,'Exp_Co (YTD)'!$B$8:$AI$43,4,FALSE) -> 1000 | AM35: =ROUND(AL35/1000,0) -> 1 | AO35: =VLOOKUP(B35,'Exp_Co (YTD)'!$B$8:$AI$43,30,FALSE) -> 1000 | AP35: =ROUND(AO35/1000,0) -> 1 | AR35: =O35-R35 -> 0 | AS35: =IF(R35=0,IF(O35=0,"N/A","100%"),AR35/R35) -> 0
B36: ='Exp_Co (YTD)'!B37 -> Exp K | E36: =VLOOKUP($B36,'Exp_Co (YTD)'!$B$8:$AI$43,15,FALSE) -> 0 | F36: =ROUND(E36/1000,0) -> 0 | H36: =VLOOKUP($B36,'Exp_Co (YTD)'!$B$8:$AI$43,14,FALSE) -> 0 | I36: =ROUND(H36/1000,0) -> 0 | K36: =VLOOKUP($B36,'Exp_Co (YTD)'!$B$8:$AI$43,13,FALSE) -> 0 | L36: =ROUND(K36/1000,0) -> 0 | N36: =VLOOKUP($B36,'Exp_Co (YTD)'!$B$8:$AI$43,12,FALSE) -> 1000 | O36: =ROUND(N36/1000,0) -> 1 | Q36: =VLOOKUP($B36,'Exp_Co (YTD)'!$B$8:$AI$43,11,FALSE) -> 1000 | R36: =ROUND(Q36/1000,0) -> 1 | T36: =VLOOKUP($B36,'Exp_Co (YTD)'!$B$8:$AI$43,10,FALSE) -> 1000 | U36: =ROUND(T36/1000,0) -> 1 | W36: =VLOOKUP($B36,'Exp_Co (YTD)'!$B$8:$AI$43,9,FALSE) -> 1000 | X36: =ROUND(W36/1000,0) -> 1 | Z36: =VLOOKUP($B36,'Exp_Co (YTD)'!$B$8:$AI$43,8,FALSE) -> 1000 | AA36: =ROUND(Z36/1000,0) -> 1 | AC36: =VLOOKUP($B36,'Exp_Co (YTD)'!$B$8:$AI$43,7,FALSE) -> 1000 | AD36: =ROUND(AC36/1000,0) -> 1 | AF36: =VLOOKUP($B36,'Exp_Co (YTD)'!$B$8:$AI$43,6,FALSE) -> 1000 | AG36: =ROUND(AF36/1000,0) -> 1 | AI36: =VLOOKUP($B36,'Exp_Co (YTD)'!$B$8:$AI$43,5,FALSE) -> 1000 | AJ36: =ROUND(AI36/1000,0) -> 1 | AL36: =VLOOKUP($B36,'Exp_Co (YTD)'!$B$8:$AI$43,4,FALSE) -> 1000 | AM36: =ROUND(AL36/1000,0) -> 1 | AO36: =VLOOKUP(B36,'Exp_Co (YTD)'!$B$8:$AI$43,30,FALSE) -> 1000 | AP36: =ROUND(AO36/1000,0) -> 1 | AR36: =O36-R36 -> 0 | AS36: =IF(R36=0,IF(O36=0,"N/A","100%"),AR36/R36) -> 0
B37: ='Exp_Co (YTD)'!B38 -> Others | E37: =VLOOKUP($B37,'Exp_Co (YTD)'!$B$8:$AI$43,15,FALSE) -> 0 | F37: =ROUND(E37/1000,0) -> 0 | H37: =VLOOKUP($B37,'Exp_Co (YTD)'!$B$8:$AI$43,14,FALSE) -> 0 | I37: =ROUND(H37/1000,0) -> 0 | K37: =VLOOKUP($B37,'Exp_Co (YTD)'!$B$8:$AI$43,13,FALSE) -> 0 | L37: =ROUND(K37/1000,0) -> 0 | N37: =VLOOKUP($B37,'Exp_Co (YTD)'!$B$8:$AI$43,12,FALSE) -> 1000 | O37: =ROUND(N37/1000,0) -> 1 | Q37: =VLOOKUP($B37,'Exp_Co (YTD)'!$B$8:$AI$43,11,FALSE) -> 1000 | R37: =ROUND(Q37/1000,0) -> 1 | T37: =VLOOKUP($B37,'Exp_Co (YTD)'!$B$8:$AI$43,10,FALSE) -> 1000 | U37: =ROUND(T37/1000,0) -> 1 | W37: =VLOOKUP($B37,'Exp_Co (YTD)'!$B$8:$AI$43,9,FALSE) -> 1000 | X37: =ROUND(W37/1000,0) -> 1 | Z37: =VLOOKUP($B37,'Exp_Co (YTD)'!$B$8:$AI$43,8,FALSE) -> 1000 | AA37: =ROUND(Z37/1000,0) -> 1 | AC37: =VLOOKUP($B37,'Exp_Co (YTD)'!$B$8:$AI$43,7,FALSE) -> 1000 | AD37: =ROUND(AC37/1000,0) -> 1 | AF37: =VLOOKUP($B37,'Exp_Co (YTD)'!$B$8:$AI$43,6,FALSE) -> 1000 | AG37: =ROUND(AF37/1000,0) -> 1 | AI37: =VLOOKUP($B37,'Exp_Co (YTD)'!$B$8:$AI$43,5,FALSE) -> 1000 | AJ37: =ROUND(AI37/1000,0) -> 1 | AL37: =VLOOKUP($B37,'Exp_Co (YTD)'!$B$8:$AI$43,4,FALSE) -> 1000 | AM37: =ROUND(AL37/1000,0) -> 1 | AO37: =VLOOKUP(B37,'Exp_Co (YTD)'!$B$8:$AI$43,30,FALSE) -> 1000 | AP37: =ROUND(AO37/1000,0) -> 1 | AR37: =O37-R37 -> 0 | AS37: =IF(R37=0,IF(O37=0,"N/A","100%"),AR37/R37) -> 0
B38: Total Exp | E38: =VLOOKUP($B38,'Exp_Co (YTD)'!$B$8:$AI$43,15,FALSE) -> 0 | F38: =ROUND(E38/1000,0) -> 0 | H38: =VLOOKUP($B38,'Exp_Co (YTD)'!$B$8:$AI$43,14,FALSE) -> 0 | I38: =ROUND(H38/1000,0) -> 0 | K38: =VLOOKUP($B38,'Exp_Co (YTD)'!$B$8:$AI$43,13,FALSE) -> 0 | L38: =ROUND(K38/1000,0) -> 0 | N38: =VLOOKUP($B38,'Exp_Co (YTD)'!$B$8:$AI$43,12,FALSE) -> 109000 | O38: =ROUND(N38/1000,0) -> 109 | Q38: =VLOOKUP($B38,'Exp_Co (YTD)'!$B$8:$AI$43,11,FALSE) -> 10000 | R38: =ROUND(Q38/1000,0) -> 10 | T38: =VLOOKUP($B38,'Exp_Co (YTD)'!$B$8:$AI$43,10,FALSE) -> 11000 | U38: =ROUND(T38/1000,0) -> 11 | W38: =VLOOKUP($B38,'Exp_Co (YTD)'!$B$8:$AI$43,9,FALSE) -> 11000 | X38: =ROUND(W38/1000,0) -> 11 | Z38: =VLOOKUP($B38,'Exp_Co (YTD)'!$B$8:$AI$43,8,FALSE) -> 11000 | AA38: =ROUND(Z38/1000,0) -> 11 | AC38: =VLOOKUP($B38,'Exp_Co (YTD)'!$B$8:$AI$43,7,FALSE) -> 11000 | AD38: =ROUND(AC38/1000,0) -> 11 | AF38: =VLOOKUP($B38,'Exp_Co (YTD)'!$B$8:$AI$43,6,FALSE) -> 11000 | AG38: =ROUND(AF38/1000,0) -> 11 | AI38: =VLOOKUP($B38,'Exp_Co (YTD)'!$B$8:$AI$43,5,FALSE) -> 11000 | AJ38: =ROUND(AI38/1000,0) -> 11 | AL38: =VLOOKUP($B38,'Exp_Co (YTD)'!$B$8:$AI$43,4,FALSE) -> 11000 | AM38: =ROUND(AL38/1000,0) -> 11 | AO38: =VLOOKUP(B38,'Exp_Co (YTD)'!$B$8:$AI$43,30,FALSE) -> 12000 | AP38: =ROUND(AO38/1000,0) -> 12 | AR38: =O38-R38 -> 99 | AS38: =IF(R38=0,IF(O38=0,"N/A","100%"),AR38/R38) -> 9.9
E39: =SUM(E26:E38) -> 0 | F39: =SUM(F26:F38) -> 0 | H39: =SUM(H26:H38) -> 0 | I39: =SUM(I26:I38) -> 0 | K39: =SUM(K26:K38) -> 0 | L39: =SUM(L26:L38) -> 0 | N39: =SUM(N26:N38) -> 127000 | O39: =SUM(O26:O38) -> 127 | Q39: =SUM(Q26:Q38) -> 20000 | R39: =SUM(R26:R38) -> 20 | T39: =SUM(T26:T38) -> 22000 | U39: =SUM(U26:U38) -> 22 | W39: =SUM(W26:W38) -> 22000 | X39: =SUM(X26:X38) -> 22 | Z39: =SUM(Z26:Z38) -> 22000 | AA39: =SUM(AA26:AA38) -> 22 | AC39: =SUM(AC26:AC38) -> 22000 | AD39: =SUM(AD26:AD38) -> 22 | AF39: =SUM(AF26:AF38) -> 22000 | AG39: =SUM(AG26:AG38) -> 22 | AI39: =SUM(AI26:AI38) -> 22000 | AJ39: =SUM(AJ26:AJ38) -> 22 | AL39: =SUM(AL26:AL38) -> 22000 | AM39: =SUM(AM26:AM38) -> 22 | AO39: =SUM(AO26:AO38) -> 24000 | AP39: =SUM(AP26:AP38) -> 24 | AR39: =O39-R39 -> 107 | AS39: =IF(R39=0,IF(O39=0,"N/A","100%"),AR39/R39) -> 5.35
B41: 營運盈餘 | E41: =E24-E39 -> 0 | F41: =F24-F39 -> 0 | H41: =H24-H39 -> 0 | I41: =I24-I39 -> 0 | K41: =K24-K39 -> 0 | L41: =L24-L39 -> 0 | N41: =N24-N39 -> -117000 | O41: =O24-O39 -> -117 | Q41: =Q24-Q39 -> -10000 | R41: =R24-R39 -> -10 | T41: =T24-T39 -> -12000 | U41: =U24-U39 -> -12 | W41: =W24-W39 -> -12000 | X41: =X24-X39 -> -12 | Z41: =Z24-Z39 -> -12000 | AA41: =AA24-AA39 -> -12 | AC41: =AC24-AC39 -> -12000 | AD41: =AD24-AD39 -> -12 | AF41: =AF24-AF39 -> -12000 | AG41: =AG24-AG39 -> -10 | AI41: =AI24-AI39 -> -12000 | AJ41: =AJ24-AJ39 -> -12 | AL41: =AL24-AL39 -> -12000 | AM41: =AM24-AM39 -> -13 | AO41: =AO24-AO39 -> -15000 | AP41: =AP24-AP39 -> -15 | AR41: =O41-R41 -> -107 | AS41: =IF(R41=0,IF(O41=0,"N/A","100%"),AR41/R41) -> 10.7 | AV41: PP22
B43: 還本金 | E43: =VLOOKUP($B43,'Exp_Co (YTD)'!$B$8:$AI$43,15,FALSE) -> 0 | F43: =ROUND(E43/1000,0) -> 0 | H43: =VLOOKUP($B43,'Exp_Co (YTD)'!$B$8:$AI$43,14,FALSE) -> 0 | I43: =ROUND(H43/1000,0) -> 0 | K43: =VLOOKUP($B43,'Exp_Co (YTD)'!$B$8:$AI$43,13,FALSE) -> 0 | L43: =ROUND(K43/1000,0) -> 0 | N43: =VLOOKUP($B43,'Exp_Co (YTD)'!$B$8:$AI$43,12,FALSE) -> 1000 | O43: =ROUND(N43/1000,0) -> 1 | Q43: =VLOOKUP($B43,'Exp_Co (YTD)'!$B$8:$AI$43,11,FALSE) -> 1000 | R43: =ROUND(Q43/1000,0) -> 1 | T43: =VLOOKUP($B43,'Exp_Co (YTD)'!$B$8:$AI$43,10,FALSE) -> 1000 | U43: =ROUND(T43/1000,0) -> 1 | W43: =VLOOKUP($B43,'Exp_Co (YTD)'!$B$8:$AI$43,9,FALSE) -> 1000 | X43: =ROUND(W43/1000,0) -> 1 | Z43: =VLOOKUP($B43,'Exp_Co (YTD)'!$B$8:$AI$43,8,FALSE) -> 1000 | AA43: =ROUND(Z43/1000,0) -> 1 | AC43: =VLOOKUP($B43,'Exp_Co (YTD)'!$B$8:$AI$43,7,FALSE) -> 1000 | AD43: =ROUND(AC43/1000,0) -> 1 | AF43: =VLOOKUP($B43,'Exp_Co (YTD)'!$B$8:$AI$43,6,FALSE) -> 1000 | AG43: =ROUND(AF43/1000,0) -> 1 | AI43: =VLOOKUP($B43,'Exp_Co (YTD)'!$B$8:$AI$43,5,FALSE) -> 1000 | AJ43: =ROUND(AI43/1000,0) -> 1 | AL43: =VLOOKUP($B43,'Exp_Co (YTD)'!$B$8:$AI$43,4,FALSE) -> 1000 | AM43: =ROUND(AL43/1000,0) -> 1 | AO43: =VLOOKUP(B43,'Exp_Co (YTD)'!$B$8:$AI$43,30,FALSE) -> 1000 | AP43: =ROUND(AO43/1000,0) -> 1 | AR43: =O43-R43 -> 0 | AS43: =IF(R43=0,IF(O43=0,"N/A","100%"),AR43/R43) -> 0
B45: 利得稅支出 | E45: =VLOOKUP($B45,'Exp_Co (YTD)'!$B$8:$AI$45,15,FALSE) -> 0 | F45: =ROUND(E45/1000,0) -> 0 | H45: =VLOOKUP($B45,'Exp_Co (YTD)'!$B$8:$AI$45,14,FALSE) -> 0 | I45: =ROUND(H45/1000,0) -> 0 | K45: =VLOOKUP($B45,'Exp_Co (YTD)'!$B$8:$AI$47,13,FALSE) -> 0 | L45: =ROUND(K45/1000,0) -> 0 | N45: =VLOOKUP($B45,'Exp_Co (YTD)'!$B$8:$AI$45,12,FALSE) -> 0 | O45: =ROUND(N45/1000,0) -> 0 | Q45: =VLOOKUP($B45,'Exp_Co (YTD)'!$B$8:$AI$45,11,FALSE) -> 0 | R45: =ROUND(Q45/1000,0) -> 0 | T45: =VLOOKUP($B45,'Exp_Co (YTD)'!$B$8:$AI$45,10,FALSE) -> 0 | U45: =ROUND(T45/1000,0) -> 0 | W45: =VLOOKUP($B45,'Exp_Co (YTD)'!$B$8:$AI$45,9,FALSE) -> 0 | X45: =ROUND(W45/1000,0) -> 0 | Z45: =VLOOKUP($B45,'Exp_Co (YTD)'!$B$8:$AI$45,8,FALSE) -> 0 | AA45: =ROUND(Z45/1000,0) -> 0 | AC45: =VLOOKUP($B45,'Exp_Co (YTD)'!$B$8:$AI$45,7,FALSE) -> 0 | AD45: =ROUND(AC45/1000,0) -> 0 | AF45: =VLOOKUP($B45,'Exp_Co (YTD)'!$B$8:$AI$45,6,FALSE) -> 0 | AG45: =ROUND(AF45/1000,0) -> 0 | AI45: =VLOOKUP($B45,'Exp_Co (YTD)'!$B$8:$AI$45,5,FALSE) -> 0 | AJ45: =ROUND(AI45/1000,0) -> 0 | AL45: =VLOOKUP($B45,'Exp_Co (YTD)'!$B$8:$AI$45,4,FALSE) -> 0 | AM45: =ROUND(AL45/1000,0) -> 0 | AO45: =VLOOKUP(B45,'Exp_Co (YTD)'!$B$8:$AI$45,30,FALSE) -> 0 | AP45: =ROUND(AO45/1000,0) -> 0 | AR45: =L45-O45 -> 0 | AS45: =IF(R45=0,IF(O45=0,"N/A","100%"),AR45/R45) -> N/A
Q46: =Q41-'Exp_Co (YTD)'!L41 -> -10000

Sheet Exp_private (MTM)
A1: 2022年12月份收入及付款記錄 - 個人
A2: 與上月比較
B5: MONTH | F5: 3月 | I5: 2月 | L5: 1月 | O5: 12月 | R5: 11月 | U5: 10月 | X5: 9月 | AA5: 8月 | AD5: 7月 | AG5: 6月 | AJ5: 5月 | AM5: 4月 | AP5: 3月 | AR5: 增/(減)
C6: 附註 | F6: HK$'000 | I6: HK$'000 | L6: HK$'000 | O6: HK$'000 | R6: HK$'000 | U6: HK$'000 | X6: HK$'000 | AA6: HK$'000 | AD6: HK$'000 | AG6: HK$'000 | AJ6: HK$'000 | AM6: HK$'000 | AP6: HK$'000 | AR6: HK$'000 | AS6: %
B8: Private income A | E8: =VLOOKUP($B8,'Exp_private (YTD)'!$B$8:$AH$30,15,FALSE) -> 0 | F8: =ROUND(E8/1000,0) -> 0 | H8: =VLOOKUP($B8,'Exp_private (YTD)'!$B$8:$AH$30,14,FALSE) -> 0 | I8: =ROUND(H8/1000,0) -> 0 | K8: =VLOOKUP($B8,'Exp_private (YTD)'!$B$8:$AH$30,13,FALSE) -> 0 | L8: =ROUND(K8/1000,0) -> 0 | N8: =VLOOKUP($B8,'Exp_private (YTD)'!$B$8:$AH$30,12,FALSE) -> 1000 | O8: =ROUND(N8/1000,0) -> 1 | Q8: =VLOOKUP($B8,'Exp_private (YTD)'!$B$8:$AH$30,11,FALSE) -> 1000 | R8: =ROUND(Q8/1000,0) -> 1 | T8: =VLOOKUP($B8,'Exp_private (YTD)'!$B$8:$AH$30,10,FALSE) -> 1000 | U8: =ROUND(T8/1000,0) -> 1 | W8: =VLOOKUP($B8,'Exp_private (YTD)'!$B$8:$AH$30,9,FALSE) -> 1000 | X8: =ROUND(W8/1000,0) -> 1 | Z8: =VLOOKUP($B8,'Exp_private (YTD)'!$B$8:$AH$30,8,FALSE) -> 1000 | AA8: =ROUND(Z8/1000,0) -> 1 | AC8: =VLOOKUP($B8,'Exp_private (YTD)'!$B$8:$AH$30,7,FALSE) -> 1000 | AD8: =ROUND(AC8/1000,0) -> 1 | AF8: =VLOOKUP($B8,'Exp_private (YTD)'!$B$8:$AH$30,6,FALSE) -> 1000 | AG8: =ROUND(AF8/1000,0) -> 1 | AI8: =VLOOKUP($B8,'Exp_private (YTD)'!$B$8:$AH$30,5,FALSE) -> 1000 | AJ8: =ROUND(AI8/1000,0) -> 1 | AL8: =VLOOKUP($B8,'Exp_private (YTD)'!$B$8:$AH$30,4,FALSE) -> 1000 | AM8: =ROUND(AL8/1000,0) -> 1 | AO8: =VLOOKUP(B8,'Exp_private (YTD)'!$B$8:$AH$30,30,FALSE) -> 1000 | AP8: =ROUND(AO8/1000,0) -> 1 | AR8: =O8-R8 -> 0 | AS8: =IF(R8=0,IF(O8=0,"N/A","100%"),AR8/R8) -> 0
B9: Private income B | E9: =VLOOKUP($B9,'Exp_private (YTD)'!$B$8:$AH$30,15,FALSE) -> 0 | F9: =ROUND(E9/1000,0) -> 0 | H9: =VLOOKUP($B9,'Exp_private (YTD)'!$B$8:$AH$30,14,FALSE) -> 0 | I9: =ROUND(H9/1000,0) -> 0 | K9: =VLOOKUP($B9,'Exp_private (YTD)'!$B$8:$AH$30,13,FALSE) -> 0 | L9: =ROUND(K9/1000,0) -> 0 | N9: =VLOOKUP($B9,'Exp_private (YTD)'!$B$8:$AH$30,12,FALSE) -> 1000 | O9: =ROUND(N9/1000,0) -> 1 | Q9: =VLOOKUP($B9,'Exp_private (YTD)'!$B$8:$AH$30,11,FALSE) -> 1000 | R9: =ROUND(Q9/1000,0) -> 1 | T9: =VLOOKUP($B9,'Exp_private (YTD)'!$B$8:$AH$30,10,FALSE) -> 1000 | U9: =ROUND(T9/1000,0) -> 1 | W9: =VLOOKUP($B9,'Exp_private (YTD)'!$B$8:$AH$30,9,FALSE) -> 1000 | X9: =ROUND(W9/1000,0) -> 1 | Z9: =VLOOKUP($B9,'Exp_private (YTD)'!$B$8:$AH$30,8,FALSE) -> 1000 | AA9: =ROUND(Z9/1000,0) -> 1 | AC9: =VLOOKUP($B9,'Exp_private (YTD)'!$B$8:$AH$30,7,FALSE) -> 1000 | AD9: =ROUND(AC9/1000,0) -> 1 | AF9: =VLOOKUP($B9,'Exp_private (YTD)'!$B$8:$AH$30,6,FALSE) -> 1000 | AG9: =ROUND(AF9/1000,0) -> 1 | AI9: =VLOOKUP($B9,'Exp_private (YTD)'!$B$8:$AH$30,5,FALSE) -> 1000 | AJ9: =ROUND(AI9/1000,0) -> 1 | AL9: =VLOOKUP($B9,'Exp_private (YTD)'!$B$8:$AH$30,4,FALSE) -> 1000 | AM9: =ROUND(AL9/1000,0) -> 1 | AO9: =VLOOKUP(B9,'Exp_private (YTD)'!$B$8:$AH$30,30,FALSE) -> 1000 | AP9: =ROUND(AO9/1000,0) -> 1 | AR9: =O9-R9 -> 0 | AS9: =IF(R9=0,IF(O9=0,"N/A","100%"),AR9/R9) -> 0
B10: Private income C | E10: =VLOOKUP($B10,'Exp_private (YTD)'!$B$8:$AH$30,15,FALSE) -> 0 | F10: =ROUND(E10/1000,0) -> 0 | H10: =VLOOKUP($B10,'Exp_private (YTD)'!$B$8:$AH$30,14,FALSE) -> 0 | I10: =ROUND(H10/1000,0) -> 0 | K10: =VLOOKUP($B10,'Exp_private (YTD)'!$B$8:$AH$30,13,FALSE) -> 0 | L10: =ROUND(K10/1000,0) -> 0 | N10: =VLOOKUP($B10,'Exp_private (YTD)'!$B$8:$AH$30,12,FALSE) -> 1000 | O10: =ROUND(N10/1000,0) -> 1 | Q10: =VLOOKUP($B10,'Exp_private (YTD)'!$B$8:$AH$30,11,FALSE) -> 1000 | R10: =ROUND(Q10/1000,0) -> 1 | T10: =VLOOKUP($B10,'Exp_private (YTD)'!$B$8:$AH$30,10,FALSE) -> 1000 | U10: =ROUND(T10/1000,0) -> 1 | W10: =VLOOKUP($B10,'Exp_private (YTD)'!$B$8:$AH$30,9,FALSE) -> 1000 | X10: =ROUND(W10/1000,0) -> 1 | Z10: =VLOOKUP($B10,'Exp_private (YTD)'!$B$8:$AH$30,8,FALSE) -> 1000 | AA10: =ROUND(Z10/1000,0) -> 1 | AC10: =VLOOKUP($B10,'Exp_private (YTD)'!$B$8:$AH$30,7,FALSE) -> 1000 | AD10: =ROUND(AC10/1000,0) -> 1 | AF10: =VLOOKUP($B10,'Exp_private (YTD)'!$B$8:$AH$30,6,FALSE) -> 1000 | AG10: =ROUND(AF10/1000,0) -> 1 | AI10: =VLOOKUP($B10,'Exp_private (YTD)'!$B$8:$AH$30,5,FALSE) -> 1000 | AJ10: =ROUND(AI10/1000,0) -> 1 | AL10: =VLOOKUP($B10,'Exp_private (YTD)'!$B$8:$AH$30,4,FALSE) -> 1000 | AM10: =ROUND(AL10/1000,0) -> 1 | AO10: =VLOOKUP(B10,'Exp_private (YTD)'!$B$8:$AH$30,30,FALSE) -> 1000 | AP10: =ROUND(AO10/1000,0) -> 1 | AR10: =O10-R10 -> 0 | AS10: =IF(R10=0,IF(O10=0,"N/A","100%"),AR10/R10) -> 0
B11: Private income D | E11: =VLOOKUP($B11,'Exp_private (YTD)'!$B$11:$AH$30,15,FALSE) -> 0 | F11: =ROUND(E11/1000,0) -> 0 | H11: =VLOOKUP($B11,'Exp_private (YTD)'!$B$11:$AH$30,14,FALSE) -> 0 | I11: =ROUND(H11/1000,0) -> 0 | K11: =VLOOKUP($B11,'Exp_private (YTD)'!$B$11:$AH$30,13,FALSE) -> 0 | L11: =ROUND(K11/1000,0) -> 0 | N11: =VLOOKUP($B11,'Exp_private (YTD)'!$B$11:$AH$30,12,FALSE) -> 0 | O11: =ROUND(N11/1000,0) -> 0 | Q11: =VLOOKUP($B11,'Exp_private (YTD)'!$B$9:$AH$30,11,FALSE) -> 0 | R11: =ROUND(Q11/1000,0) -> 0 | T11: =VLOOKUP($B11,'Exp_private (YTD)'!$B$9:$AH$30,10,FALSE) -> 0 | U11: =ROUND(T11/1000,0) -> 0 | W11: =VLOOKUP($B11,'Exp_private (YTD)'!$B$9:$AH$30,9,FALSE) -> 0 | X11: =ROUND(W11/1000,0) -> 0 | Z11: =VLOOKUP($B11,'Exp_private (YTD)'!$B$9:$AH$30,8,FALSE) -> 0 | AA11: =ROUND(Z11/1000,0) -> 0 | AC11: =VLOOKUP($B11,'Exp_private (YTD)'!$B$9:$AH$30,7,FALSE) -> 0 | AD11: =ROUND(AC11/1000,0) -> 0 | AF11: =VLOOKUP($B11,'Exp_private (YTD)'!$B$9:$AH$30,6,FALSE) -> 0 | AG11: =ROUND(AF11/1000,0) -> 0 | AI11: =VLOOKUP($B11,'Exp_private (YTD)'!$B$9:$AH$30,5,FALSE) -> 0 | AJ11: =ROUND(AI11/1000,0) -> 0 | AL11: =VLOOKUP($B11,'Exp_private (YTD)'!$B$8:$AH$30,4,FALSE) -> 0 | AM11: =ROUND(AL11/1000,0) -> 0 | AO11: =VLOOKUP(B11,'Exp_private (YTD)'!$B$8:$AH$30,30,FALSE) -> 0 | AP11: =ROUND(AO11/1000,0) -> 0 | AR11: =O11-R11 -> 0 | AS11: =IF(R11=0,IF(O11=0,"N/A","100%"),AR11/R11) -> N/A
B12: Private income E | E12: =VLOOKUP($B12,'Exp_private (YTD)'!$B$11:$AH$30,15,FALSE) -> 0 | F12: =ROUND(E12/1000,0) -> 0 | H12: =VLOOKUP($B12,'Exp_private (YTD)'!$B$11:$AH$30,14,FALSE) -> 0 | I12: =ROUND(H12/1000,0) -> 0 | K12: =VLOOKUP($B12,'Exp_private (YTD)'!$B$11:$AH$30,13,FALSE) -> 0 | L12: =ROUND(K12/1000,0) -> 0 | N12: =VLOOKUP($B12,'Exp_private (YTD)'!$B$11:$AH$30,12,FALSE) -> 0 | O12: =ROUND(N12/1000,0) -> 0 | Q12: =VLOOKUP($B12,'Exp_private (YTD)'!$B$9:$AH$30,11,FALSE) -> 0 | R12: =ROUND(Q12/1000,0) -> 0 | T12: =VLOOKUP($B12,'Exp_private (YTD)'!$B$9:$AH$30,10,FALSE) -> 0 | U12: =ROUND(T12/1000,0) -> 0 | W12: =VLOOKUP($B12,'Exp_private (YTD)'!$B$9:$AH$30,9,FALSE) -> 0 | X12: =ROUND(W12/1000,0) -> 0 | Z12: =VLOOKUP($B12,'Exp_private (YTD)'!$B$9:$AH$30,8,FALSE) -> 0 | AA12: =ROUND(Z12/1000,0) -> 0 | AC12: =VLOOKUP($B12,'Exp_private (YTD)'!$B$9:$AH$30,7,FALSE) -> 0 | AD12: =ROUND(AC12/1000,0) -> 0 | AF12: =VLOOKUP($B12,'Exp_private (YTD)'!$B$9:$AH$30,6,FALSE) -> 0 | AG12: =ROUND(AF12/1000,0) -> 0 | AI12: =VLOOKUP($B12,'Exp_private (YTD)'!$B$9:$AH$30,5,FALSE) -> 0 | AJ12: =ROUND(AI12/1000,0) -> 0 | AL12: =VLOOKUP($B12,'Exp_private (YTD)'!$B$8:$AH$30,4,FALSE) -> 0 | AM12: =ROUND(AL12/1000,0) -> 0 | AO12: =VLOOKUP(B12,'Exp_private (YTD)'!$B$8:$AH$30,30,FALSE) -> 0 | AP12: =ROUND(AO12/1000,0) -> 0 | AR12: =O12-R12 -> 0 | AS12: =IF(R12=0,IF(O12=0,"N/A","100%"),AR12/R12) -> N/A
B13: Private income F | H13: =VLOOKUP($B13,'Exp_private (YTD)'!$B$11:$AH$30,14,FALSE) -> 0 | I13: =ROUND(H13/1000,0) -> 0 | K13: =VLOOKUP($B13,'Exp_private (YTD)'!$B$11:$AH$30,13,FALSE) -> 0 | L13: =ROUND(K13/1000,0) -> 0 | N13: =VLOOKUP($B13,'Exp_private (YTD)'!$B$11:$AH$30,12,FALSE) -> 0 | O13: =ROUND(N13/1000,0) -> 0 | Q13: =VLOOKUP($B13,'Exp_private (YTD)'!$B$9:$AH$30,11,FALSE) -> 0 | R13: =ROUND(Q13/1000,0) -> 0 | T13: =VLOOKUP($B13,'Exp_private (YTD)'!$B$9:$AH$30,10,FALSE) -> 0 | U13: =ROUND(T13/1000,0) -> 0 | W13: =VLOOKUP($B13,'Exp_private (YTD)'!$B$9:$AH$30,9,FALSE) -> 0 | X13: =ROUND(W13/1000,0) -> 0 | Z13: =VLOOKUP($B13,'Exp_private (YTD)'!$B$9:$AH$30,8,FALSE) -> 0 | AA13: =ROUND(Z13/1000,0) -> 0 | AC13: =VLOOKUP($B13,'Exp_private (YTD)'!$B$9:$AH$30,7,FALSE) -> 0 | AD13: =ROUND(AC13/1000,0) -> 0 | AF13: =VLOOKUP($B13,'Exp_private (YTD)'!$B$9:$AH$30,6,FALSE) -> 0 | AG13: =ROUND(AF13/1000,0) -> 0 | AI13: =VLOOKUP($B13,'Exp_private (YTD)'!$B$9:$AH$30,5,FALSE) -> 0 | AJ13: =ROUND(AI13/1000,0) -> 0 | AL13: =VLOOKUP($B13,'Exp_private (YTD)'!$B$8:$AH$30,4,FALSE) -> 0 | AM13: =ROUND(AL13/1000,0) -> 0 | AO13: =VLOOKUP(B13,'Exp_private (YTD)'!$B$8:$AH$30,30,FALSE) -> 0 | AP13: =ROUND(AO13/1000,0) -> 0 | AR13: =O13-R13 -> 0 | AS13: =IF(R13=0,IF(O13=0,"N/A","100%"),AR13/R13) -> N/A
B14: Private income | E14: =SUM(E8:E13) -> 0 | F14: =SUM(F8:F13) -> 0 | H14: =SUM(H8:H13) -> 0 | I14: =SUM(I8:I13) -> 0 | K14: =SUM(K8:K13) -> 0 | L14: =SUM(L8:L13) -> 0 | N14: =SUM(N8:N13) -> 3000 | O14: =SUM(O8:O13) -> 3 | Q14: =SUM(Q8:Q13) -> 3000 | R14: =SUM(R8:R13) -> 3 | T14: =SUM(T8:T13) -> 3000 | U14: =SUM(U8:U13) -> 3 | W14: =SUM(W8:W13) -> 3000 | X14: =SUM(X8:X13) -> 3 | Z14: =SUM(Z8:Z13) -> 3000 | AA14: =SUM(AA8:AA13) -> 3 | AC14: =SUM(AC8:AC13) -> 3000 | AD14: =SUM(AD8:AD13) -> 3 | AF14: =SUM(AF8:AF13) -> 3000 | AG14: =SUM(AG8:AG13) -> 3 | AI14: =SUM(AI8:AI13) -> 3000 | AJ14: =SUM(AJ8:AJ13) -> 3 | AL14: =SUM(AL9:AL13) -> 2000 | AM14: =SUM(AM8:AM13) -> 3 | AO14: =SUM(AO8:AO13) -> 3000 | AP14: =SUM(AP9:AP13) -> 2 | AR14: =O14-R14 -> 0 | AS14: =IF(R14=0,IF(O14=0,"N/A","100%"),AR14/R14) -> 0
B16: Private Exp A | E16: =VLOOKUP($B16,'Exp_private (YTD)'!$B$14:$AH$30,15,FALSE) -> 0 | F16: =ROUND(E16/1000,0) -> 0 | H16: =VLOOKUP($B16,'Exp_private (YTD)'!$B$14:$AH$30,14,FALSE) -> 0 | I16: =ROUND(H16/1000,0) -> 0 | K16: =VLOOKUP($B16,'Exp_private (YTD)'!$B$14:$AH$30,13,FALSE) -> 0 | L16: =ROUND(K16/1000,0) -> 0 | N16: =VLOOKUP($B16,'Exp_private (YTD)'!$B$14:$AH$30,12,FALSE) -> 1000 | O16: =ROUND(N16/1000,0) -> 1 | Q16: =VLOOKUP($B16,'Exp_private (YTD)'!$B$14:$AH$30,11,FALSE) -> 1000 | R16: =ROUND(Q16/1000,0) -> 1 | T16: =VLOOKUP($B16,'Exp_private (YTD)'!$B$14:$AH$30,10,FALSE) -> 1000 | U16: =ROUND(T16/1000,0) -> 1 | W16: =VLOOKUP($B16,'Exp_private (YTD)'!$B$14:$AH$30,9,FALSE) -> 1000 | X16: =ROUND(W16/1000,0) -> 1 | Z16: =VLOOKUP($B16,'Exp_private (YTD)'!$B$14:$AH$30,8,FALSE) -> 1000 | AA16: =ROUND(Z16/1000,0) -> 1 | AC16: =VLOOKUP($B16,'Exp_private (YTD)'!$B$11:$AH$30,7,FALSE) -> 1000 | AD16: =ROUND(AC16/1000,0) -> 1 | AF16: =VLOOKUP($B16,'Exp_private (YTD)'!$B$11:$AH$30,6,FALSE) -> 1000 | AG16: =ROUND(AF16/1000,0) -> 1 | AI16: =VLOOKUP($B16,'Exp_private (YTD)'!$B$8:$AH$30,5,FALSE) -> 1000 | AJ16: =ROUND(AI16/1000,0) -> 1 | AL16: =VLOOKUP($B16,'Exp_private (YTD)'!$B$8:$AH$30,4,FALSE) -> 1000 | AM16: =ROUND(AL16/1000,0) -> 1 | AO16: =VLOOKUP(B16,'Exp_private (YTD)'!$B$8:$AH$30,30,FALSE) -> 1000 | AP16: =ROUND(AO16/1000,0) -> 1 | AR16: =O16-R16 -> 0 | AS16: =IF(R16=0,IF(O16=0,"N/A","100%"),AR16/R16) -> 0
B17: Private Exp B | E17: =VLOOKUP($B17,'Exp_private (YTD)'!$B$14:$AH$30,15,FALSE) -> 0 | F17: =ROUND(E17/1000,0) -> 0 | H17: =VLOOKUP($B17,'Exp_private (YTD)'!$B$14:$AH$30,14,FALSE) -> 0 | I17: =ROUND(H17/1000,0) -> 0 | K17: =VLOOKUP($B17,'Exp_private (YTD)'!$B$14:$AH$30,13,FALSE) -> 0 | L17: =ROUND(K17/1000,0) -> 0 | N17: =VLOOKUP($B17,'Exp_private (YTD)'!$B$14:$AH$30,12,FALSE) -> 1000 | O17: =ROUND(N17/1000,0) -> 1 | Q17: =VLOOKUP($B17,'Exp_private (YTD)'!$B$14:$AH$30,11,FALSE) -> 1000 | R17: =ROUND(Q17/1000,0) -> 1 | T17: =VLOOKUP($B17,'Exp_private (YTD)'!$B$14:$AH$30,10,FALSE) -> 1000 | U17: =ROUND(T17/1000,0) -> 1 | W17: =VLOOKUP($B17,'Exp_private (YTD)'!$B$14:$AH$30,9,FALSE) -> 1000 | X17: =ROUND(W17/1000,0) -> 1 | Z17: =VLOOKUP($B17,'Exp_private (YTD)'!$B$14:$AH$30,8,FALSE) -> 1000 | AA17: =ROUND(Z17/1000,0) -> 1 | AC17: =VLOOKUP($B17,'Exp_private (YTD)'!$B$11:$AH$30,7,FALSE) -> 1000 | AD17: =ROUND(AC17/1000,0) -> 1 | AF17: =VLOOKUP($B17,'Exp_private (YTD)'!$B$11:$AH$30,6,FALSE) -> 1000 | AG17: =ROUND(AF17/1000,0) -> 1 | AI17: =VLOOKUP($B17,'Exp_private (YTD)'!$B$8:$AH$30,5,FALSE) -> 1000 | AJ17: =ROUND(AI17/1000,0) -> 1 | AL17: =VLOOKUP($B17,'Exp_private (YTD)'!$B$8:$AH$30,4,FALSE) -> 1000 | AM17: =ROUND(AL17/1000,0) -> 1 | AO17: =VLOOKUP(B17,'Exp_private (YTD)'!$B$8:$AH$30,30,FALSE) -> 1000 | AP17: =ROUND(AO17/1000,0) -> 1 | AR17: =O17-R17 -> 0 | AS17: =IF(R17=0,IF(O17=0,"N/A","100%"),AR17/R17) -> 0
B18: Private Exp C | C18: 1 | E18: =VLOOKUP($B18,'Exp_private (YTD)'!$B$14:$AH$30,15,FALSE) -> 0 | F18: =ROUND(E18/1000,0) -> 0 | H18: =VLOOKUP($B18,'Exp_private (YTD)'!$B$14:$AH$30,14,FALSE) -> 0 | I18: =ROUND(H18/1000,0) -> 0 | K18: =VLOOKUP($B18,'Exp_private (YTD)'!$B$14:$AH$30,13,FALSE) -> 0 | L18: =ROUND(K18/1000,0) -> 0 | N18: =VLOOKUP($B18,'Exp_private (YTD)'!$B$14:$AH$30,12,FALSE) -> 1000 | O18: =ROUND(N18/1000,0) -> 1 | Q18: =VLOOKUP($B18,'Exp_private (YTD)'!$B$14:$AH$30,11,FALSE) -> 990 | R18: =ROUND(Q18/1000,0) -> 1 | T18: =VLOOKUP($B18,'Exp_private (YTD)'!$B$14:$AH$30,10,FALSE) -> 1000 | U18: =ROUND(T18/1000,0) -> 1 | W18: =VLOOKUP($B18,'Exp_private (YTD)'!$B$14:$AH$30,9,FALSE) -> 1000 | X18: 0 | Z18: =VLOOKUP($B18,'Exp_private (YTD)'!$B$14:$AH$30,8,FALSE) -> 1000 | AA18: =ROUND(Z18/1000,0) -> 1 | AC18: =VLOOKUP($B18,'Exp_private (YTD)'!$B$11:$AH$30,7,FALSE) -> 1000 | AD18: =ROUND(AC18/1000,0) -> 1 | AF18: =VLOOKUP($B18,'Exp_private (YTD)'!$B$11:$AH$30,6,FALSE) -> 0 | AG18: =ROUND(AF18/1000,0) -> 0 | AI18: =VLOOKUP($B18,'Exp_private (YTD)'!$B$8:$AH$30,5,FALSE) -> 0 | AJ18: =ROUND(AI18/1000,0) -> 0 | AL18: =VLOOKUP($B18,'Exp_private (YTD)'!$B$8:$AH$30,4,FALSE) -> 1000 | AM18: =ROUND(AL18/1000,0) -> 1 | AO18: =VLOOKUP(B18,'Exp_private (YTD)'!$B$8:$AH$30,30,FALSE) -> 1000 | AP18: =ROUND(AO18/1000,0) -> 1 | AR18: =O18-R18 -> 0 | AS18: =IF(R18=0,IF(O18=0,"N/A","100%"),AR18/R18) -> 0
B19: Private Exp D | C19: 2 | E19: =VLOOKUP($B19,'Exp_private (YTD)'!$B$14:$AH$30,15,FALSE) -> 0 | F19: =ROUND(E19/1000,0) -> 0 | H19: =VLOOKUP($B19,'Exp_private (YTD)'!$B$14:$AH$30,14,FALSE) -> 0 | I19: =ROUND(H19/1000,0) -> 0 | K19: =VLOOKUP($B19,'Exp_private (YTD)'!$B$14:$AH$30,13,FALSE) -> 0 | L19: =ROUND(K19/1000,0) -> 0 | N19: =VLOOKUP($B19,'Exp_private (YTD)'!$B$14:$AH$30,12,FALSE) -> 990 | O19: =ROUND(N19/1000,0) -> 1 | Q19: =VLOOKUP($B19,'Exp_private (YTD)'!$B$14:$AH$30,11,FALSE) -> 1000 | R19: =ROUND(Q19/1000,0) -> 1 | T19: =VLOOKUP($B19,'Exp_private (YTD)'!$B$14:$AH$30,10,FALSE) -> 1000 | U19: =ROUND(T19/1000,0) -> 1 | W19: =VLOOKUP($B19,'Exp_private (YTD)'!$B$14:$AH$30,9,FALSE) -> 1000 | X19: =ROUND(W19/1000,0) -> 1 | Z19: =VLOOKUP($B19,'Exp_private (YTD)'!$B$14:$AH$30,8,FALSE) -> 1000 | AA19: =ROUND(Z19/1000,0) -> 1 | AC19: =VLOOKUP($B19,'Exp_private (YTD)'!$B$11:$AH$30,7,FALSE) -> 1000 | AD19: =ROUND(AC19/1000,0) -> 1 | AF19: =VLOOKUP($B19,'Exp_private (YTD)'!$B$11:$AH$30,6,FALSE) -> 1000 | AG19: =ROUND(AF19/1000,0) -> 1 | AI19: =VLOOKUP($B19,'Exp_private (YTD)'!$B$8:$AH$30,5,FALSE) -> 1000 | AJ19: =ROUND(AI19/1000,0) -> 1 | AL19: =VLOOKUP($B19,'Exp_private (YTD)'!$B$8:$AH$30,4,FALSE) -> 1000 | AM19: =ROUND(AL19/1000,0) -> 1 | AO19: =VLOOKUP(B19,'Exp_private (YTD)'!$B$8:$AH$30,30,FALSE) -> 1000 | AP19: =ROUND(AO19/1000,0) -> 1 | AR19: =O19-R19 -> 0 | AS19: =IF(R19=0,IF(O19=0,"N/A","100%"),AR19/R19) -> 0
B20: Private Exp E | E20: =VLOOKUP($B20,'Exp_private (YTD)'!$B$14:$AH$30,15,FALSE) -> 0 | F20: =ROUND(E20/1000,0) -> 0 | H20: =VLOOKUP($B20,'Exp_private (YTD)'!$B$14:$AH$30,14,FALSE) -> 0 | I20: =ROUND(H20/1000,0) -> 0 | K20: =VLOOKUP($B20,'Exp_private (YTD)'!$B$14:$AH$30,13,FALSE) -> 0 | L20: =ROUND(K20/1000,0) -> 0 | N20: =VLOOKUP($B20,'Exp_private (YTD)'!$B$14:$AH$30,12,FALSE) -> 0 | O20: =ROUND(N20/1000,0) -> 0 | Q20: =VLOOKUP($B20,'Exp_private (YTD)'!$B$14:$AH$30,11,FALSE) -> 1000 | R20: =ROUND(Q20/1000,0) -> 1 | T20: =VLOOKUP($B20,'Exp_private (YTD)'!$B$14:$AH$30,10,FALSE) -> 1000 | U20: =ROUND(T20/1000,0) -> 1 | W20: =VLOOKUP($B20,'Exp_private (YTD)'!$B$14:$AH$30,9,FALSE) -> 1000 | X20: =ROUND(W20/1000,0) -> 1 | Z20: =VLOOKUP($B20,'Exp_private (YTD)'!$B$14:$AH$30,8,FALSE) -> 1000 | AA20: =ROUND(Z20/1000,0) -> 1 | AC20: =VLOOKUP($B20,'Exp_private (YTD)'!$B$11:$AH$30,7,FALSE) -> 1000 | AD20: =ROUND(AC20/1000,0) -> 1 | AF20: =VLOOKUP($B20,'Exp_private (YTD)'!$B$11:$AH$30,6,FALSE) -> 1000 | AG20: =ROUND(AF20/1000,0) -> 1 | AI20: =VLOOKUP($B20,'Exp_private (YTD)'!$B$8:$AH$30,5,FALSE) -> 1000 | AJ20: =ROUND(AI20/1000,0) -> 1 | AL20: =VLOOKUP($B20,'Exp_private (YTD)'!$B$8:$AH$30,4,FALSE) -> 1000 | AM20: =ROUND(AL20/1000,0) -> 1 | AO20: =VLOOKUP(B20,'Exp_private (YTD)'!$B$8:$AH$30,30,FALSE) -> 1000 | AP20: =ROUND(AO20/1000,0) -> 1 | AR20: =O20-R20 -> -1 | AS20: =IF(R20=0,IF(O20=0,"N/A","100%"),AR20/R20) -> -1
B21: Private Exp F | C21: 3 | E21: =VLOOKUP($B21,'Exp_private (YTD)'!$B$14:$AH$30,15,FALSE) -> 0 | F21: =ROUND(E21/1000,0) -> 0 | H21: =VLOOKUP($B21,'Exp_private (YTD)'!$B$14:$AH$30,14,FALSE) -> 0 | I21: =ROUND(H21/1000,0) -> 0 | K21: =VLOOKUP($B21,'Exp_private (YTD)'!$B$14:$AH$30,13,FALSE) -> 0 | L21: =ROUND(K21/1000,0) -> 0 | N21: =VLOOKUP($B21,'Exp_private (YTD)'!$B$14:$AH$30,12,FALSE) -> 0 | O21: =ROUND(N21/1000,0) -> 0 | Q21: =VLOOKUP($B21,'Exp_private (YTD)'!$B$14:$AH$30,11,FALSE) -> 0 | R21: =ROUND(Q21/1000,0) -> 0 | T21: =VLOOKUP($B21,'Exp_private (YTD)'!$B$14:$AH$30,10,FALSE) -> 1000 | U21: =ROUND(T21/1000,0) -> 1 | W21: =VLOOKUP($B21,'Exp_private (YTD)'!$B$14:$AH$30,9,FALSE) -> 1000 | X21: =ROUND(W21/1000,0) -> 1 | Z21: =VLOOKUP($B21,'Exp_private (YTD)'!$B$14:$AH$30,8,FALSE) -> 1000 | AA21: =ROUND(Z21/1000,0) -> 1 | AC21: =VLOOKUP($B21,'Exp_private (YTD)'!$B$11:$AH$30,7,FALSE) -> 1000 | AD21: =ROUND(AC21/1000,0) -> 1 | AF21: =VLOOKUP($B21,'Exp_private (YTD)'!$B$11:$AH$30,6,FALSE) -> 1000 | AG21: =ROUND(AF21/1000,0) -> 1 | AI21: =VLOOKUP($B21,'Exp_private (YTD)'!$B$8:$AH$30,5,FALSE) -> 1000 | AJ21: =ROUND(AI21/1000,0) -> 1 | AL21: =VLOOKUP($B21,'Exp_private (YTD)'!$B$8:$AH$30,4,FALSE) -> 1000 | AM21: =ROUND(AL21/1000,0) -> 1 | AO21: =VLOOKUP(B21,'Exp_private (YTD)'!$B$8:$AH$30,30,FALSE) -> 1000 | AP21: =ROUND(AO21/1000,0) -> 1 | AR21: =O21-R21 -> 0 | AS21: =IF(R21=0,IF(O21=0,"N/A","100%"),AR21/R21) -> N/A
B22: Private Exp G | C22: 3 | E22: =VLOOKUP($B22,'Exp_private (YTD)'!$B$14:$AH$30,15,FALSE) -> 0 | F22: =ROUND(E22/1000,0) -> 0 | H22: =VLOOKUP($B22,'Exp_private (YTD)'!$B$14:$AH$30,14,FALSE) -> 0 | I22: =ROUND(H22/1000,0) -> 0 | K22: =VLOOKUP($B22,'Exp_private (YTD)'!$B$14:$AH$30,13,FALSE) -> 0 | L22: =ROUND(K22/1000,0) -> 0 | N22: =VLOOKUP($B22,'Exp_private (YTD)'!$B$14:$AH$30,12,FALSE) -> 1000 | O22: =ROUND(N22/1000,0) -> 1 | Q22: =VLOOKUP($B22,'Exp_private (YTD)'!$B$14:$AH$30,11,FALSE) -> 0 | R22: =ROUND(Q22/1000,0) -> 0 | T22: =VLOOKUP($B22,'Exp_private (YTD)'!$B$14:$AH$30,10,FALSE) -> 1000 | U22: =ROUND(T22/1000,0) -> 1 | W22: =VLOOKUP($B22,'Exp_private (YTD)'!$B$14:$AH$30,9,FALSE) -> 1000 | X22: =ROUND(W22/1000,0) -> 1 | Z22: =VLOOKUP($B22,'Exp_private (YTD)'!$B$14:$AH$30,8,FALSE) -> 1000 | AA22: =ROUND(Z22/1000,0) -> 1 | AC22: =VLOOKUP($B22,'Exp_private (YTD)'!$B$11:$AH$30,7,FALSE) -> 1000 | AD22: =ROUND(AC22/1000,0) -> 1 | AF22: =VLOOKUP($B22,'Exp_private (YTD)'!$B$11:$AH$30,6,FALSE) -> 1000 | AG22: =ROUND(AF22/1000,0) -> 1 | AI22: =VLOOKUP($B22,'Exp_private (YTD)'!$B$8:$AH$30,5,FALSE) -> 1000 | AJ22: =ROUND(AI22/1000,0) -> 1 | AL22: =VLOOKUP($B22,'Exp_private (YTD)'!$B$8:$AH$30,4,FALSE) -> 1000 | AM22: =ROUND(AL22/1000,0) -> 1 | AO22: =VLOOKUP(B22,'Exp_private (YTD)'!$B$8:$AH$30,30,FALSE) -> 1000 | AP22: =ROUND(AO22/1000,0) -> 1 | AR22: =O22-R22 -> 1 | AS22: =IF(R22=0,IF(O22=0,"N/A","100%"),AR22/R22) -> 100%
B23: Private Exp H | C23: 3 | E23: =VLOOKUP($B23,'Exp_private (YTD)'!$B$14:$AH$30,15,FALSE) -> 0 | F23: =ROUND(E23/1000,0) -> 0 | H23: =VLOOKUP($B23,'Exp_private (YTD)'!$B$14:$AH$30,14,FALSE) -> 0 | I23: =ROUND(H23/1000,0) -> 0 | K23: =VLOOKUP($B23,'Exp_private (YTD)'!$B$14:$AH$30,13,FALSE) -> 0 | L23: =ROUND(K23/1000,0) -> 0 | N23: =VLOOKUP($B23,'Exp_private (YTD)'!$B$14:$AH$30,12,FALSE) -> 1000 | O23: =ROUND(N23/1000,0) -> 1 | Q23: =VLOOKUP($B23,'Exp_private (YTD)'!$B$14:$AH$30,11,FALSE) -> 1000 | R23: =ROUND(Q23/1000,0) -> 1 | T23: =VLOOKUP($B23,'Exp_private (YTD)'!$B$14:$AH$30,10,FALSE) -> 1000 | U23: =ROUND(T23/1000,0) -> 1 | W23: =VLOOKUP($B23,'Exp_private (YTD)'!$B$14:$AH$30,9,FALSE) -> 1000 | X23: =ROUND(W23/1000,0) -> 1 | Z23: =VLOOKUP($B23,'Exp_private (YTD)'!$B$14:$AH$30,8,FALSE) -> 1000 | AA23: =ROUND(Z23/1000,0) -> 1 | AC23: =VLOOKUP($B23,'Exp_private (YTD)'!$B$11:$AH$30,7,FALSE) -> 1000 | AD23: =ROUND(AC23/1000,0) -> 1 | AF23: =VLOOKUP($B23,'Exp_private (YTD)'!$B$11:$AH$30,6,FALSE) -> 1000 | AG23: =ROUND(AF23/1000,0) -> 1 | AI23: =VLOOKUP($B23,'Exp_private (YTD)'!$B$8:$AH$30,5,FALSE) -> 1000 | AJ23: =ROUND(AI23/1000,0) -> 1 | AL23: =VLOOKUP($B23,'Exp_private (YTD)'!$B$8:$AH$30,4,FALSE) -> 1000 | AM23: =ROUND(AL23/1000,0) -> 1 | AO23: =VLOOKUP(B23,'Exp_private (YTD)'!$B$8:$AH$30,30,FALSE) -> 1000 | AP23: =ROUND(AO23/1000,0) -> 1 | AR23: =O23-R23 -> 0 | AS23: =IF(R23=0,IF(O23=0,"N/A","100%"),AR23/R23) -> 0
B24: Private Exp I | C24: 3 | E24: =VLOOKUP($B24,'Exp_private (YTD)'!$B$14:$AH$30,15,FALSE) -> 0 | F24: =ROUND(E24/1000,0) -> 0 | H24: =VLOOKUP($B24,'Exp_private (YTD)'!$B$14:$AH$30,14,FALSE) -> 0 | I24: =ROUND(H24/1000,0) -> 0 | K24: =VLOOKUP($B24,'Exp_private (YTD)'!$B$14:$AH$30,13,FALSE) -> 0 | L24: =ROUND(K24/1000,0) -> 0 | N24: =VLOOKUP($B24,'Exp_private (YTD)'!$B$14:$AH$30,12,FALSE) -> 1000 | O24: =ROUND(N24/1000,0) -> 1 | Q24: =VLOOKUP($B24,'Exp_private (YTD)'!$B$14:$AH$30,11,FALSE) -> 1000 | R24: =ROUND(Q24/1000,0) -> 1 | T24: =VLOOKUP($B24,'Exp_private (YTD)'!$B$14:$AH$30,10,FALSE) -> 1000 | U24: =ROUND(T24/1000,0) -> 1 | W24: =VLOOKUP($B24,'Exp_private (YTD)'!$B$14:$AH$30,9,FALSE) -> 1000 | X24: =ROUND(W24/1000,0) -> 1 | Z24: =VLOOKUP($B24,'Exp_private (YTD)'!$B$14:$AH$30,8,FALSE) -> 1000 | AA24: =ROUND(Z24/1000,0) -> 1 | AC24: =VLOOKUP($B24,'Exp_private (YTD)'!$B$11:$AH$30,7,FALSE) -> 1000 | AD24: =ROUND(AC24/1000,0) -> 1 | AF24: =VLOOKUP($B24,'Exp_private (YTD)'!$B$11:$AH$30,6,FALSE) -> 1000 | AG24: =ROUND(AF24/1000,0) -> 1 | AI24: =VLOOKUP($B24,'Exp_private (YTD)'!$B$8:$AH$30,5,FALSE) -> 1000 | AJ24: =ROUND(AI24/1000,0) -> 1 | AL24: =VLOOKUP($B24,'Exp_private (YTD)'!$B$8:$AH$30,4,FALSE) -> 1000 | AM24: =ROUND(AL24/1000,0) -> 1 | AO24: =VLOOKUP(B24,'Exp_private (YTD)'!$B$8:$AH$30,30,FALSE) -> 1000 | AP24: =ROUND(AO24/1000,0) -> 1 | AR24: =O24-R24 -> 0 | AS24: =IF(R24=0,IF(O24=0,"N/A","100%"),AR24/R24) -> 0
B25: Private Exp J | C25: 3 | E25: =VLOOKUP($B25,'Exp_private (YTD)'!$B$14:$AH$30,15,FALSE) -> 0 | F25: =ROUND(E25/1000,0) -> 0 | H25: =VLOOKUP($B25,'Exp_private (YTD)'!$B$14:$AH$30,14,FALSE) -> 0 | I25: =ROUND(H25/1000,0) -> 0 | K25: =VLOOKUP($B25,'Exp_private (YTD)'!$B$14:$AH$30,13,FALSE) -> 0 | L25: =ROUND(K25/1000,0) -> 0 | N25: =VLOOKUP($B25,'Exp_private (YTD)'!$B$14:$AH$30,12,FALSE) -> 1000 | O25: =ROUND(N25/1000,0) -> 1 | Q25: =VLOOKUP($B25,'Exp_private (YTD)'!$B$14:$AH$30,11,FALSE) -> 1000 | R25: =ROUND(Q25/1000,0) -> 1 | T25: =VLOOKUP($B25,'Exp_private (YTD)'!$B$14:$AH$30,10,FALSE) -> 1000 | U25: =ROUND(T25/1000,0) -> 1 | W25: =VLOOKUP($B25,'Exp_private (YTD)'!$B$14:$AH$30,9,FALSE) -> 1000 | X25: =ROUND(W25/1000,0) -> 1 | Z25: =VLOOKUP($B25,'Exp_private (YTD)'!$B$14:$AH$30,8,FALSE) -> 1000 | AA25: =ROUND(Z25/1000,0) -> 1 | AC25: =VLOOKUP($B25,'Exp_private (YTD)'!$B$11:$AH$30,7,FALSE) -> 1000 | AD25: =ROUND(AC25/1000,0) -> 1 | AF25: =VLOOKUP($B25,'Exp_private (YTD)'!$B$11:$AH$30,6,FALSE) -> 1000 | AG25: =ROUND(AF25/1000,0) -> 1 | AI25: =VLOOKUP($B25,'Exp_private (YTD)'!$B$8:$AH$30,5,FALSE) -> 1000 | AJ25: =ROUND(AI25/1000,0) -> 1 | AL25: =VLOOKUP($B25,'Exp_private (YTD)'!$B$8:$AH$30,4,FALSE) -> 1000 | AM25: =ROUND(AL25/1000,0) -> 1 | AO25: =VLOOKUP(B25,'Exp_private (YTD)'!$B$8:$AH$30,30,FALSE) -> 0 | AP25: =ROUND(AO25/1000,0) -> 0 | AR25: =O25-R25 -> 0 | AS25: =IF(R25=0,IF(O25=0,"N/A","100%"),AR25/R25) -> 0
B26: Private Exp K | C26: 3 | E26: =VLOOKUP($B26,'Exp_private (YTD)'!$B$14:$AH$30,15,FALSE) -> 0 | F26: =ROUND(E26/1000,0) -> 0 | H26: =VLOOKUP($B26,'Exp_private (YTD)'!$B$14:$AH$30,14,FALSE) -> 0 | I26: =ROUND(H26/1000,0) -> 0 | K26: =VLOOKUP($B26,'Exp_private (YTD)'!$B$14:$AH$30,13,FALSE) -> 0 | L26: =ROUND(K26/1000,0) -> 0 | N26: =VLOOKUP($B26,'Exp_private (YTD)'!$B$14:$AH$30,12,FALSE) -> 1000 | O26: =ROUND(N26/1000,0) -> 1 | Q26: =VLOOKUP($B26,'Exp_private (YTD)'!$B$14:$AH$30,11,FALSE) -> 1000 | R26: =ROUND(Q26/1000,0) -> 1 | T26: =VLOOKUP($B26,'Exp_private (YTD)'!$B$14:$AH$30,10,FALSE) -> 1000 | U26: =ROUND(T26/1000,0) -> 1 | W26: =VLOOKUP($B26,'Exp_private (YTD)'!$B$14:$AH$30,9,FALSE) -> 1000 | X26: =ROUND(W26/1000,0) -> 1 | Z26: =VLOOKUP($B26,'Exp_private (YTD)'!$B$14:$AH$30,8,FALSE) -> 1000 | AA26: =ROUND(Z26/1000,0) -> 1 | AC26: =VLOOKUP($B26,'Exp_private (YTD)'!$B$11:$AH$30,7,FALSE) -> 1000 | AD26: =ROUND(AC26/1000,0) -> 1 | AF26: =VLOOKUP($B26,'Exp_private (YTD)'!$B$11:$AH$30,6,FALSE) -> 1000 | AG26: =ROUND(AF26/1000,0) -> 1 | AI26: =VLOOKUP($B26,'Exp_private (YTD)'!$B$8:$AH$30,5,FALSE) -> 1000 | AJ26: =ROUND(AI26/1000,0) -> 1 | AL26: =VLOOKUP($B26,'Exp_private (YTD)'!$B$8:$AH$30,4,FALSE) -> 1000 | AM26: =ROUND(AL26/1000,0) -> 1 | AO26: =VLOOKUP(B26,'Exp_private (YTD)'!$B$8:$AH$30,30,FALSE) -> 1000 | AP26: =ROUND(AO26/1000,0) -> 1 | AR26: =O26-R26 -> 0 | AS26: =IF(R26=0,IF(O26=0,"N/A","100%"),AR26/R26) -> 0
B27: Private Exp L | C27: 3 | E27: =VLOOKUP($B27,'Exp_private (YTD)'!$B$14:$AH$30,15,FALSE) -> 0 | F27: =ROUND(E27/1000,0) -> 0 | H27: =VLOOKUP($B27,'Exp_private (YTD)'!$B$14:$AH$30,14,FALSE) -> 0 | I27: =ROUND(H27/1000,0) -> 0 | K27: =VLOOKUP($B27,'Exp_private (YTD)'!$B$14:$AH$30,13,FALSE) -> 0 | L27: =ROUND(K27/1000,0) -> 0 | N27: =VLOOKUP($B27,'Exp_private (YTD)'!$B$14:$AH$30,12,FALSE) -> 1000 | O27: =ROUND(N27/1000,0) -> 1 | Q27: =VLOOKUP($B27,'Exp_private (YTD)'!$B$14:$AH$30,11,FALSE) -> 1000 | R27: =ROUND(Q27/1000,0) -> 1 | T27: =VLOOKUP($B27,'Exp_private (YTD)'!$B$14:$AH$30,10,FALSE) -> 1000 | U27: =ROUND(T27/1000,0) -> 1 | W27: =VLOOKUP($B27,'Exp_private (YTD)'!$B$14:$AH$30,9,FALSE) -> 1000 | X27: =ROUND(W27/1000,0) -> 1 | Z27: =VLOOKUP($B27,'Exp_private (YTD)'!$B$14:$AH$30,8,FALSE) -> 1000 | AA27: =ROUND(Z27/1000,0) -> 1 | AC27: =VLOOKUP($B27,'Exp_private (YTD)'!$B$11:$AH$30,7,FALSE) -> 1000 | AD27: =ROUND(AC27/1000,0) -> 1 | AF27: =VLOOKUP($B27,'Exp_private (YTD)'!$B$11:$AH$30,6,FALSE) -> 1000 | AG27: =ROUND(AF27/1000,0) -> 1 | AI27: =VLOOKUP($B27,'Exp_private (YTD)'!$B$8:$AH$30,5,FALSE) -> 1000 | AJ27: =ROUND(AI27/1000,0) -> 1 | AL27: =VLOOKUP($B27,'Exp_private (YTD)'!$B$8:$AH$30,4,FALSE) -> 1000 | AM27: =ROUND(AL27/1000,0) -> 1 | AO27: =VLOOKUP(B27,'Exp_private (YTD)'!$B$8:$AH$30,30,FALSE) -> 1000 | AP27: =ROUND(AO27/1000,0) -> 1 | AR27: =O27-R27 -> 0 | AS27: =IF(R27=0,IF(O27=0,"N/A","100%"),AR27/R27) -> 0
B28: Private Exp M | C28: 3 | E28: =VLOOKUP($B28,'Exp_private (YTD)'!$B$14:$AH$30,15,FALSE) -> 0 | F28: =ROUND(E28/1000,0) -> 0 | H28: =VLOOKUP($B28,'Exp_private (YTD)'!$B$14:$AH$30,14,FALSE) -> 0 | I28: =ROUND(H28/1000,0) -> 0 | K28: =VLOOKUP($B28,'Exp_private (YTD)'!$B$14:$AH$30,13,FALSE) -> 0 | L28: =ROUND(K28/1000,0) -> 0 | N28: =VLOOKUP($B28,'Exp_private (YTD)'!$B$14:$AH$30,12,FALSE) -> 1000 | O28: =ROUND(N28/1000,0) -> 1 | Q28: =VLOOKUP($B28,'Exp_private (YTD)'!$B$14:$AH$30,11,FALSE) -> 1000 | R28: =ROUND(Q28/1000,0) -> 1 | T28: =VLOOKUP($B28,'Exp_private (YTD)'!$B$14:$AH$30,10,FALSE) -> 1000 | U28: =ROUND(T28/1000,0) -> 1 | W28: =VLOOKUP($B28,'Exp_private (YTD)'!$B$14:$AH$30,9,FALSE) -> 1000 | X28: =ROUND(W28/1000,0) -> 1 | Z28: =VLOOKUP($B28,'Exp_private (YTD)'!$B$14:$AH$30,8,FALSE) -> 1000 | AA28: =ROUND(Z28/1000,0) -> 1 | AC28: =VLOOKUP($B28,'Exp_private (YTD)'!$B$11:$AH$30,7,FALSE) -> 1000 | AD28: =ROUND(AC28/1000,0) -> 1 | AF28: =VLOOKUP($B28,'Exp_private (YTD)'!$B$11:$AH$30,6,FALSE) -> 1000 | AG28: =ROUND(AF28/1000,0) -> 1 | AI28: =VLOOKUP($B28,'Exp_private (YTD)'!$B$8:$AH$30,5,FALSE) -> 1000 | AJ28: =ROUND(AI28/1000,0) -> 1 | AL28: =VLOOKUP($B28,'Exp_private (YTD)'!$B$8:$AH$30,4,FALSE) -> 1000 | AM28: =ROUND(AL28/1000,0) -> 1 | AO28: =VLOOKUP(B28,'Exp_private (YTD)'!$B$8:$AH$30,30,FALSE) -> 1000 | AP28: =ROUND(AO28/1000,0) -> 1 | AR28: =O28-R28 -> 0 | AS28: =IF(R28=0,IF(O28=0,"N/A","100%"),AR28/R28) -> 0
B29: Private Exp N | C29: 3 | E29: =VLOOKUP($B29,'Exp_private (YTD)'!$B$14:$AH$30,15,FALSE) -> 0 | F29: =ROUND(E29/1000,0) -> 0 | H29: =VLOOKUP($B29,'Exp_private (YTD)'!$B$14:$AH$30,14,FALSE) -> 0 | I29: =ROUND(H29/1000,0) -> 0 | K29: =VLOOKUP($B29,'Exp_private (YTD)'!$B$14:$AH$30,13,FALSE) -> 0 | L29: =ROUND(K29/1000,0) -> 0 | N29: =VLOOKUP($B29,'Exp_private (YTD)'!$B$14:$AH$30,12,FALSE) -> 1000 | O29: =ROUND(N29/1000,0) -> 1 | Q29: =VLOOKUP($B29,'Exp_private (YTD)'!$B$14:$AH$30,11,FALSE) -> 1000 | R29: =ROUND(Q29/1000,0) -> 1 | T29: =VLOOKUP($B29,'Exp_private (YTD)'!$B$14:$AH$30,10,FALSE) -> 1000 | U29: =ROUND(T29/1000,0) -> 1 | W29: =VLOOKUP($B29,'Exp_private (YTD)'!$B$14:$AH$30,9,FALSE) -> 1000 | X29: =ROUND(W29/1000,0) -> 1 | Z29: =VLOOKUP($B29,'Exp_private (YTD)'!$B$14:$AH$30,8,FALSE) -> 1000 | AA29: =ROUND(Z29/1000,0) -> 1 | AC29: =VLOOKUP($B29,'Exp_private (YTD)'!$B$11:$AH$30,7,FALSE) -> 1000 | AD29: =ROUND(AC29/1000,0) -> 1 | AF29: =VLOOKUP($B29,'Exp_private (YTD)'!$B$11:$AH$30,6,FALSE) -> 1000 | AG29: =ROUND(AF29/1000,0) -> 1 | AI29: =VLOOKUP($B29,'Exp_private (YTD)'!$B$8:$AH$30,5,FALSE) -> 1000 | AJ29: =ROUND(AI29/1000,0) -> 1 | AL29: =VLOOKUP($B29,'Exp_private (YTD)'!$B$8:$AH$30,4,FALSE) -> 1000 | AM29: =ROUND(AL29/1000,0) -> 1 | AO29: =VLOOKUP(B29,'Exp_private (YTD)'!$B$8:$AH$30,30,FALSE) -> 1000 | AP29: =ROUND(AO29/1000,0) -> 1 | AR29: =O29-R29 -> 0 | AS29: =IF(R29=0,IF(O29=0,"N/A","100%"),AR29/R29) -> 0
B30: Others | C30: 3 | E30: =VLOOKUP($B30,'Exp_private (YTD)'!$B$14:$AH$30,15,FALSE) -> 0 | F30: =ROUND(E30/1000,0) -> 0 | H30: =VLOOKUP($B30,'Exp_private (YTD)'!$B$14:$AH$30,14,FALSE) -> 0 | I30: =ROUND(H30/1000,0) -> 0 | K30: =VLOOKUP($B30,'Exp_private (YTD)'!$B$14:$AH$30,13,FALSE) -> 0 | L30: =ROUND(K30/1000,0) -> 0 | N30: =VLOOKUP($B30,'Exp_private (YTD)'!$B$14:$AH$30,12,FALSE) -> 1000 | O30: =ROUND(N30/1000,0) -> 1 | Q30: =VLOOKUP($B30,'Exp_private (YTD)'!$B$14:$AH$30,11,FALSE) -> 1000 | R30: =ROUND(Q30/1000,0) -> 1 | T30: =VLOOKUP($B30,'Exp_private (YTD)'!$B$14:$AH$30,10,FALSE) -> 1000 | U30: =ROUND(T30/1000,0) -> 1 | W30: =VLOOKUP($B30,'Exp_private (YTD)'!$B$14:$AH$30,9,FALSE) -> 1000 | X30: =ROUND(W30/1000,0) -> 1 | Z30: =VLOOKUP($B30,'Exp_private (YTD)'!$B$14:$AH$30,8,FALSE) -> 1000 | AA30: =ROUND(Z30/1000,0) -> 1 | AC30: =VLOOKUP($B30,'Exp_private (YTD)'!$B$11:$AH$30,7,FALSE) -> 1000 | AD30: =ROUND(AC30/1000,0) -> 1 | AF30: =VLOOKUP($B30,'Exp_private (YTD)'!$B$11:$AH$30,6,FALSE) -> 1000 | AG30: =ROUND(AF30/1000,0) -> 1 | AI30: =VLOOKUP($B30,'Exp_private (YTD)'!$B$8:$AH$30,5,FALSE) -> 1000 | AJ30: =ROUND(AI30/1000,0) -> 1 | AL30: =VLOOKUP($B30,'Exp_private (YTD)'!$B$8:$AH$30,4,FALSE) -> 1000 | AM30: =ROUND(AL30/1000,0) -> 1 | AO30: =VLOOKUP(B30,'Exp_private (YTD)'!$B$8:$AH$30,30,FALSE) -> 1000 | AP30: =ROUND(AO30/1000,0) -> 1 | AR30: =O30-R30 -> 0 | AS30: =IF(R30=0,IF(O30=0,"N/A","100%"),AR30/R30) -> 0
B31: Private Exp | E31: =SUM(E16:E30) -> 0 | F31: =SUM(F16:F30) -> 0 | H31: =SUM(H16:H30) -> 0 | I31: =SUM(I16:I30) -> 0 | K31: =SUM(K16:K30) -> 0 | L31: =SUM(L16:L30) -> 0 | N31: =SUM(N16:N30) -> 12990 | O31: =SUM(O16:O30) -> 13 | Q31: =SUM(Q16:Q30) -> 12990 | R31: =SUM(R16:R30) -> 13 | T31: =SUM(T16:T30) -> 15000 | U31: =SUM(U16:U30) -> 15 | W31: =SUM(W16:W30) -> 15000 | X31: =SUM(X16:X30) -> 14 | Z31: =SUM(Z16:Z30) -> 15000 | AA31: =SUM(AA16:AA30) -> 15 | AC31: =SUM(AC16:AC30) -> 15000 | AD31: =SUM(AD16:AD30) -> 15 | AF31: =SUM(AF16:AF30) -> 14000 | AG31: =SUM(AG16:AG30) -> 14 | AI31: =SUM(AI16:AI30) -> 14000 | AJ31: =SUM(AJ16:AJ30) -> 14 | AL31: =SUM(AL16:AL30) -> 15000 | AM31: =SUM(AM16:AM30) -> 15 | AO31: =SUM(AO16:AO30) -> 14000 | AP31: =SUM(AP16:AP30) -> 14 | AR31: =O31-R31 -> 0 | AS31: =IF(R31=0,IF(O31=0,"N/A","100%"),AR31/R31) -> 0
Q32: =Q31-'Exp_private (YTD)'!L31 -> 0
